Workbook
Name Activity_status: ActivityStatus[Activity status]
Name Activity_status: ActivityStatus[Activity status]
Name Activity_status: ActivityStatus[Activity status]
Name AgreementNumber: OFFSET('INT-Pivots'!#REF!,0,0,COUNTA('INT-Pivots'!#REF!),1)
Name Indicators_detail: IndicatorsAll[]
Name Indicators_detail: IndicatorsAll[]
Name Indicators_detail: IndicatorsAll[]
Name Indicators_detail: IndicatorsAll[]
Name Indicators_detail: IndicatorsAll[]
Name IndicatorsDetail: IndicatorsAll[]
Name IndicatorsDetail: IndicatorsAll[]
Name IndicatorsDetail: IndicatorsAll[]
Name IndicatorsDetail: IndicatorsAll[]
Name IndicatorsDetail: IndicatorsAll[]
Name Objective_status: 'Form validation'!$F$3:$F$4
Name Outcome: #REF!
Name Outcome: #REF!
Name Outcome: #REF!
Name Outcome: #REF!
Name Output: #REF!
Name Output: #REF!
Name Output: #REF!
Name Output: #REF!
Name Output_status: ActivityStatus[Output status]
Name Output_status: ActivityStatus[Output status]
Name Output_status: ActivityStatus[Output status]
Name Slicer_Agreement_filter: #N/A
Name test: ActivityStatus[Activity status]
Name test1: IndicatorsAll[]
Name test2: IndicatorsAll[]

Sheet Please enable macros
B2: Please enable macros to use this document.
B4: If this message appears below the ribbon, click the "Enable Content" button.
B9: If a security warning window pops up, click the "Yes" or "Enable macros" button.
B32: If you don't see either option, go to "File" > "Options" > "Trust Center"
B51: Then go to "Trust Center Settings" > "Macro Settings." Select "Enable all macros" then close and reopen this document.

Sheet Dashboard
B1: Progress dashboard | G1: About the dashboard
B2: ='1.Signature page'!C3 -> Enabling Environment for Electric Buses for Public Transport and their Pilot Deployment in Colombo, Sri Lanka (HDV-23-003)
B3: ='1.Signature page'!C4 -> UNDP Sri Lanka
B5: ACTIVITIES COMPLETED | D5: OUTPUTS COMPLETED
B6: =CONCATENATE(COUNTIF($I$11:$I$31,"yes")," / ",COUNTIF('INT-Pivots'!CB6:CB245,"*")) -> 0 / 20 | D6: =CONCATENATE(COUNTIF($J$11:$J$31,"yes")," / ",COUNTIF('INT-Pivots'!U6:U65,"*")) -> 0 / 12
B9: PROJECT PROGRESS | M9: EXPENDITURE BY ACTIVITY (CCAC funding) | W9: SUMMARY BY COST CATEGORY
B10: Description | C10: Delivery date | D10: =CONCATENATE("Reporting period: ",'1.Signature page'!$C$20) -> Reporting period: 11/10/2024 - 30/06/2025 | E10: =CONCATENATE("Reporting period: ",'1.Signature page'!$C$35) -> Reporting period: 01/07/2025-31/12/2025 | F10: =CONCATENATE("Reporting period: ",'1.Signature page'!$C$50) -> Reporting period: 01/01/2026-30/06/2026 | G10: =CONCATENATE("Reporting period: ",'1.Signature page'!$C$65) -> Reporting period: 01/07/2026-30/11/2026 | H10: =CONCATENATE("Reporting period: ",'1.Signature page'!$C$80) -> Reporting period: | I10: Activity complete | J10: Output complete | K10: Outcome completed | M10: Related activity | N10: Category | O10: Total budget | P10: Total expenditure | Q10: =IF(ISBLANK('1.Signature page'!$C$20),"",CONCATENATE("Reporting period: ",'1.Signature page'!$C$20)) -> Reporting period: 11/10/2024 - 30/06/2025 | R10: =IF(ISBLANK('1.Signature page'!$C$35),"",CONCATENATE("Reporting period: ",'1.Signature page'!$C$35)) -> Reporting period: 01/07/2025-31/12/2025 | S10: =IF(ISBLANK('1.Signature page'!$C$50),"",CONCATENATE("Reporting period: ",'1.Signature page'!$C$50)) -> Reporting period: 01/01/2026-30/06/2026 | T10: =IF(ISBLANK('1.Signature page'!$C$65),"",CONCATENATE("Reporting period: ",'1.Signature page'!$C$65)) -> Reporting period: 01/07/2026-30/11/2026 | U10: =IF(ISBLANK('1.Signature page'!$C$80),"",CONCATENATE("Reporting period: ",'1.Signature page'!$C$80)) | W10: Category | X10: Total budget | Y10: Total expenditure | Z10: Variance
B11: =IF('INT-Pivots'!G6="","",'INT-Pivots'!G6) -> Output 1.2 Designing and developing a long-term comprehensive 'Sustainable Low-Carbon Transport Planning' document that provides a policy and regulatory framework for electric bus transport | C11: =IF('INT-Pivots'!K6="","",IF('INT-Pivots'!K6="(blank)","Project end",VALUE('INT-Pivots'!K6))) -> 45657 | D11: =IF(ISBLANK('2. Narrative'!R6),"",'2. Narrative'!R6) -> On track | E11: =IF(ISBLANK('2. Narrative'!X6),"",'2. Narrative'!X6) -> Delayed | F11: =IF(ISBLANK('2. Narrative'!AD6),"",'2. Narrative'!AD6) | G11: =IF(ISBLANK('2. Narrative'!AJ6),"",'2. Narrative'!AJ6) | H11: =IF(ISBLANK('2. Narrative'!AP6),"",'2. Narrative'!AP6) | I11: =IF(AND(ISNUMBER(SEARCH("Activity",$B11)),COUNTIF($D11:$H11,"Complete")>0),"yes","no") -> no | J11: =IF(AND(ISNUMBER(SEARCH("Output",$B11)),COUNTIF($D11:$H11,"Complete")>0),"yes","no") -> no | K11: =IF(AND(ISNUMBER(SEARCH("Outcome",$B11)),COUNTIF($D11:$H11,"Complete")>0),"yes","no") -> no | N11: Total | O11: =SUM(O12:O210) -> 697675 | P11: =SUM(P12:P150) -> 136779 | Q11: =SUM(Q12:Q150) -> 0 | R11: =SUM(R12:R150) -> 136779 | S11: =SUM(S12:S150) -> 0 | T11: =SUM(T12:T150) -> 0 | U11: =SUM(U12:U150) -> 0 | W11: Total | X11: =SUM(X12:X17) -> 639600 | Y11: =SUM(Y12:Y17) -> 136779 | Z11: =IF(X11="","",IF(ISERROR((Y11-X11)/X11),"",(Y11-X11)/X11)) -> -0.78614916
B12: =IF('INT-Pivots'!G7="","",'INT-Pivots'!G7) -> Activity 1.2.1 A long-term, integrated comprehensive, gender-sensitive and inclusive 'Sustainable Low-Carbon Transport Planning' document prepared for Sri Lanka | C12: =IF('INT-Pivots'!K7="","",IF('INT-Pivots'!K7="(blank)","Project end",VALUE('INT-Pivots'!K7))) -> Project end | D12: =IF(ISBLANK('2. Narrative'!R7),"",'2. Narrative'!R7) -> On track | E12: =IF(ISBLANK('2. Narrative'!X7),"",'2. Narrative'!X7) -> On track | F12: =IF(ISBLANK('2. Narrative'!AD7),"",'2. Narrative'!AD7) | G12: =IF(ISBLANK('2. Narrative'!AJ7),"",'2. Narrative'!AJ7) | H12: =IF(ISBLANK('2. Narrative'!AP7),"",'2. Narrative'!AP7) | I12: =IF(AND(ISNUMBER(SEARCH("Activity",$B12)),COUNTIF($D12:$H12,"Complete")>0),"yes","no") -> no | J12: =IF(AND(ISNUMBER(SEARCH("Output",$B12)),COUNTIF($D12:$H12,"Complete")>0),"yes","no") -> no | K12: =IF(AND(ISNUMBER(SEARCH("Outcome",$B12)),COUNTIF($D12:$H12,"Complete")>0),"yes","no") -> no | M12: =IF('INT-Pivots'!AT6="","",IF('INT-Pivots'!AT6="0","",'INT-Pivots'!AT6)) -> Activity 1.2.1 A long-term, integrated comprehensive, gender-sensitive and inclusive 'Sustainable Low-Carbon Transport Planning' document prepared for Sri Lanka | N12: =IF('INT-Pivots'!AU6="","",IF('INT-Pivots'!AU6="0","",'INT-Pivots'!AU6)) -> Staff and Other Personnel Costs | O12: =IF('INT-Pivots'!BA6="","",IF('INT-Pivots'!BA6="0","",'INT-Pivots'!BA6)) -> 25000 | P12: =SUM(Q12:U12) -> 38260 | Q12: =IF(ISBLANK('3. Expenditures'!L6),0,'3. Expenditures'!L6) -> 0 | R12: =IF(ISBLANK('3. Expenditures'!N6),0,'3. Expenditures'!N6) -> 38260 | S12: =IF(ISBLANK('3. Expenditures'!P6),0,'3. Expenditures'!P6) -> 0 | T12: =IF(ISBLANK('3. Expenditures'!R6),0,'3. Expenditures'!R6) -> 0 | U12: =IF(ISBLANK('3. Expenditures'!T6),0,'3. Expenditures'!T6) -> 0 | W12: Contractual Services | X12: =SUMIF($N$12:$N$210,$W12,$O$12:$O$236) -> 79000 | Y12: =SUMIF($N$12:$N$210,$W12,$P$12:$P$236) -> 6517 | Z12: =IF(X12="","",IF(ISERROR((Y12-X12)/X12),"",(Y12-X12)/X12)) -> -0.91750633
B13: =IF('INT-Pivots'!G8="","",'INT-Pivots'!G8) -> Activity 1.2.2 Training modules developed and training programs delivered on 'Long-term Sustainable Low-carbon Transport Planning' to government and private sector stakeholders | C13: =IF('INT-Pivots'!K8="","",IF('INT-Pivots'!K8="(blank)","Project end",VALUE('INT-Pivots'!K8))) -> Project end | D13: =IF(ISBLANK('2. Narrative'!R8),"",'2. Narrative'!R8) -> On track | E13: =IF(ISBLANK('2. Narrative'!X8),"",'2. Narrative'!X8) -> On track | F13: =IF(ISBLANK('2. Narrative'!AD8),"",'2. Narrative'!AD8) | G13: =IF(ISBLANK('2. Narrative'!AJ8),"",'2. Narrative'!AJ8) | H13: =IF(ISBLANK('2. Narrative'!AP8),"",'2. Narrative'!AP8) | I13: =IF(AND(ISNUMBER(SEARCH("Activity",$B13)),COUNTIF($D13:$H13,"Complete")>0),"yes","no") -> no | J13: =IF(AND(ISNUMBER(SEARCH("Output",$B13)),COUNTIF($D13:$H13,"Complete")>0),"yes","no") -> no | K13: =IF(AND(ISNUMBER(SEARCH("Outcome",$B13)),COUNTIF($D13:$H13,"Complete")>0),"yes","no") -> no | M13: =IF('INT-Pivots'!AT7="","",IF('INT-Pivots'!AT7="0","",'INT-Pivots'!AT7)) -> Activity 1.2.1 A long-term, integrated comprehensive, gender-sensitive and inclusive 'Sustainable Low-Carbon Transport Planning' document prepared for Sri Lanka | N13: =IF('INT-Pivots'!AU7="","",IF('INT-Pivots'!AU7="0","",'INT-Pivots'!AU7)) -> Staff and Other Personnel Costs | O13: =IF('INT-Pivots'!BA7="","",IF('INT-Pivots'!BA7="0","",'INT-Pivots'!BA7)) -> 12000 | P13: =SUM(Q13:U13) -> 13033 | Q13: =IF(ISBLANK('3. Expenditures'!L7),0,'3. Expenditures'!L7) -> 0 | R13: =IF(ISBLANK('3. Expenditures'!N7),0,'3. Expenditures'!N7) -> 13033 | S13: =IF(ISBLANK('3. Expenditures'!P7),0,'3. Expenditures'!P7) -> 0 | T13: =IF(ISBLANK('3. Expenditures'!R7),0,'3. Expenditures'!R7) -> 0 | U13: =IF(ISBLANK('3. Expenditures'!T7),0,'3. Expenditures'!T7) -> 0 | W13: Equipment Vehicles and Furniture | X13: =SUMIF($N$12:$N$210,$W13,$O$12:$O$236) -> 225000 | Y13: =SUMIF($N$12:$N$210,$W13,$P$12:$P$236) -> 0 | Z13: =IF(X13="","",IF(ISERROR((Y13-X13)/X13),"",(Y13-X13)/X13)) -> -1
B14: =IF('INT-Pivots'!G9="","",'INT-Pivots'!G9) -> Output 1.3 Developing a comprehensive policy, regulatory and guidelines framework to enable e-bus deployment in Sri Lanka for public transport for the Ministry of Transport and Highways | C14: =IF('INT-Pivots'!K9="","",IF('INT-Pivots'!K9="(blank)","Project end",VALUE('INT-Pivots'!K9))) -> 45838 | D14: =IF(ISBLANK('2. Narrative'!R9),"",'2. Narrative'!R9) -> On track | E14: =IF(ISBLANK('2. Narrative'!X9),"",'2. Narrative'!X9) -> Delayed | F14: =IF(ISBLANK('2. Narrative'!AD9),"",'2. Narrative'!AD9) | G14: =IF(ISBLANK('2. Narrative'!AJ9),"",'2. Narrative'!AJ9) | H14: =IF(ISBLANK('2. Narrative'!AP9),"",'2. Narrative'!AP9) | I14: =IF(AND(ISNUMBER(SEARCH("Activity",$B14)),COUNTIF($D14:$H14,"Complete")>0),"yes","no") -> no | J14: =IF(AND(ISNUMBER(SEARCH("Output",$B14)),COUNTIF($D14:$H14,"Complete")>0),"yes","no") -> no | K14: =IF(AND(ISNUMBER(SEARCH("Outcome",$B14)),COUNTIF($D14:$H14,"Complete")>0),"yes","no") -> no | M14: =IF('INT-Pivots'!AT8="","",IF('INT-Pivots'!AT8="0","",'INT-Pivots'!AT8)) -> Activity 1.2.1 A long-term, integrated comprehensive, gender-sensitive and inclusive 'Sustainable Low-Carbon Transport Planning' document prepared for Sri Lanka | N14: =IF('INT-Pivots'!AU8="","",IF('INT-Pivots'!AU8="0","",'INT-Pivots'!AU8)) -> Travel | O14: =IF('INT-Pivots'!BA8="","",IF('INT-Pivots'!BA8="0","",'INT-Pivots'!BA8)) -> 500 | P14: =SUM(Q14:U14) -> 0 | Q14: =IF(ISBLANK('3. Expenditures'!L8),0,'3. Expenditures'!L8) -> 0 | R14: =IF(ISBLANK('3. Expenditures'!N8),0,'3. Expenditures'!N8) -> 0 | S14: =IF(ISBLANK('3. Expenditures'!P8),0,'3. Expenditures'!P8) -> 0 | T14: =IF(ISBLANK('3. Expenditures'!R8),0,'3. Expenditures'!R8) -> 0 | U14: =IF(ISBLANK('3. Expenditures'!T8),0,'3. Expenditures'!T8) -> 0 | W14: Operating and Other Direct Costs | X14: =SUMIF($N$12:$N$210,$W14,$O$12:$O$236) -> 0 | Y14: =SUMIF($N$12:$N$210,$W14,$P$12:$P$236) -> 0 | Z14: =IF(X14="","",IF(ISERROR((Y14-X14)/X14),"",(Y14-X14)/X14))
B15: =IF('INT-Pivots'!G10="","",'INT-Pivots'!G10) -> Activity 1.3.1 A comprehensive, gender-sensitive and inclusive 'Electric Bus Mobility Policy and Regulatory Framework' is developed | C15: =IF('INT-Pivots'!K10="","",IF('INT-Pivots'!K10="(blank)","Project end",VALUE('INT-Pivots'!K10))) -> Project end | D15: =IF(ISBLANK('2. Narrative'!R10),"",'2. Narrative'!R10) -> On track | E15: =IF(ISBLANK('2. Narrative'!X10),"",'2. Narrative'!X10) -> On track | F15: =IF(ISBLANK('2. Narrative'!AD10),"",'2. Narrative'!AD10) | G15: =IF(ISBLANK('2. Narrative'!AJ10),"",'2. Narrative'!AJ10) | H15: =IF(ISBLANK('2. Narrative'!AP10),"",'2. Narrative'!AP10) | I15: =IF(AND(ISNUMBER(SEARCH("Activity",$B15)),COUNTIF($D15:$H15,"Complete")>0),"yes","no") -> no | J15: =IF(AND(ISNUMBER(SEARCH("Output",$B15)),COUNTIF($D15:$H15,"Complete")>0),"yes","no") -> no | K15: =IF(AND(ISNUMBER(SEARCH("Outcome",$B15)),COUNTIF($D15:$H15,"Complete")>0),"yes","no") -> no | M15: =IF('INT-Pivots'!AT9="","",IF('INT-Pivots'!AT9="0","",'INT-Pivots'!AT9)) -> Activity 1.2.1 A long-term, integrated comprehensive, gender-sensitive and inclusive 'Sustainable Low-Carbon Transport Planning' document prepared for Sri Lanka | N15: =IF('INT-Pivots'!AU9="","",IF('INT-Pivots'!AU9="0","",'INT-Pivots'!AU9)) -> Travel | O15: =IF('INT-Pivots'!BA9="","",IF('INT-Pivots'!BA9="0","",'INT-Pivots'!BA9)) -> 3840 | P15: =SUM(Q15:U15) -> 0 | Q15: =IF(ISBLANK('3. Expenditures'!L9),0,'3. Expenditures'!L9) -> 0 | R15: =IF(ISBLANK('3. Expenditures'!N9),0,'3. Expenditures'!N9) -> 0 | S15: =IF(ISBLANK('3. Expenditures'!P9),0,'3. Expenditures'!P9) -> 0 | T15: =IF(ISBLANK('3. Expenditures'!R9),0,'3. Expenditures'!R9) -> 0 | U15: =IF(ISBLANK('3. Expenditures'!T9),0,'3. Expenditures'!T9) -> 0 | W15: Staff and Other Personnel Costs | X15: =SUMIF($N$12:$N$210,$W15,$O$12:$O$236) -> 275600 | Y15: =SUMIF($N$12:$N$210,$W15,$P$12:$P$236) -> 130262 | Z15: =IF(X15="","",IF(ISERROR((Y15-X15)/X15),"",(Y15-X15)/X15)) -> -0.52735123
B16: =IF('INT-Pivots'!G11="","",'INT-Pivots'!G11) -> Output 1.4 Feasibility studies and analysis that lead to scaling up of low-carbon transport in Sri Lanka, and recommendations for disposal of old vehicles for the Ministry of Transport and Highways and Ministry of Environment | C16: =IF('INT-Pivots'!K11="","",IF('INT-Pivots'!K11="(blank)","Project end",VALUE('INT-Pivots'!K11))) -> 45626 | D16: =IF(ISBLANK('2. Narrative'!R11),"",'2. Narrative'!R11) -> On track | E16: =IF(ISBLANK('2. Narrative'!X11),"",'2. Narrative'!X11) -> On track | F16: =IF(ISBLANK('2. Narrative'!AD11),"",'2. Narrative'!AD11) | G16: =IF(ISBLANK('2. Narrative'!AJ11),"",'2. Narrative'!AJ11) | H16: =IF(ISBLANK('2. Narrative'!AP11),"",'2. Narrative'!AP11) | I16: =IF(AND(ISNUMBER(SEARCH("Activity",$B16)),COUNTIF($D16:$H16,"Complete")>0),"yes","no") -> no | J16: =IF(AND(ISNUMBER(SEARCH("Output",$B16)),COUNTIF($D16:$H16,"Complete")>0),"yes","no") -> no | K16: =IF(AND(ISNUMBER(SEARCH("Outcome",$B16)),COUNTIF($D16:$H16,"Complete")>0),"yes","no") -> no | M16: =IF('INT-Pivots'!AT10="","",IF('INT-Pivots'!AT10="0","",'INT-Pivots'!AT10)) -> Activity 1.2.1 A long-term, integrated comprehensive, gender-sensitive and inclusive 'Sustainable Low-Carbon Transport Planning' document prepared for Sri Lanka | N16: =IF('INT-Pivots'!AU10="","",IF('INT-Pivots'!AU10="0","",'INT-Pivots'!AU10)) -> Travel | O16: =IF('INT-Pivots'!BA10="","",IF('INT-Pivots'!BA10="0","",'INT-Pivots'!BA10)) -> 1220 | P16: =SUM(Q16:U16) -> 0 | Q16: =IF(ISBLANK('3. Expenditures'!L10),0,'3. Expenditures'!L10) -> 0 | R16: =IF(ISBLANK('3. Expenditures'!N10),0,'3. Expenditures'!N10) -> 0 | S16: =IF(ISBLANK('3. Expenditures'!P10),0,'3. Expenditures'!P10) -> 0 | T16: =IF(ISBLANK('3. Expenditures'!R10),0,'3. Expenditures'!R10) -> 0 | U16: =IF(ISBLANK('3. Expenditures'!T10),0,'3. Expenditures'!T10) -> 0 | W16: Supplies Commodities and Materials | X16: =SUMIF($N$12:$N$210,$W16,$O$12:$O$236) -> 12740 | Y16: =SUMIF($N$12:$N$210,$W16,$P$12:$P$236) -> 0 | Z16: =IF(X16="","",IF(ISERROR((Y16-X16)/X16),"",(Y16-X16)/X16)) -> -1
B17: =IF('INT-Pivots'!G12="","",'INT-Pivots'!G12) -> Activity 1.4.1 An 'Electricity Grid Impact Study due to Electric Vehicle Integration' is completed and approved | C17: =IF('INT-Pivots'!K12="","",IF('INT-Pivots'!K12="(blank)","Project end",VALUE('INT-Pivots'!K12))) -> Project end | D17: =IF(ISBLANK('2. Narrative'!R12),"",'2. Narrative'!R12) -> On track | E17: =IF(ISBLANK('2. Narrative'!X12),"",'2. Narrative'!X12) -> On track | F17: =IF(ISBLANK('2. Narrative'!AD12),"",'2. Narrative'!AD12) | G17: =IF(ISBLANK('2. Narrative'!AJ12),"",'2. Narrative'!AJ12) | H17: =IF(ISBLANK('2. Narrative'!AP12),"",'2. Narrative'!AP12) | I17: =IF(AND(ISNUMBER(SEARCH("Activity",$B17)),COUNTIF($D17:$H17,"Complete")>0),"yes","no") -> no | J17: =IF(AND(ISNUMBER(SEARCH("Output",$B17)),COUNTIF($D17:$H17,"Complete")>0),"yes","no") -> no | K17: =IF(AND(ISNUMBER(SEARCH("Outcome",$B17)),COUNTIF($D17:$H17,"Complete")>0),"yes","no") -> no | M17: =IF('INT-Pivots'!AT11="","",IF('INT-Pivots'!AT11="0","",'INT-Pivots'!AT11)) -> Activity 1.2.2 Training modules developed and training programs delivered on 'Long-term Sustainable Low-carbon Transport Planning' to government and private sector stakeholders | N17: =IF('INT-Pivots'!AU11="","",IF('INT-Pivots'!AU11="0","",'INT-Pivots'!AU11)) -> Staff and Other Personnel Costs | O17: =IF('INT-Pivots'!BA11="","",IF('INT-Pivots'!BA11="0","",'INT-Pivots'!BA11)) -> 5000 | P17: =SUM(Q17:U17) -> 0 | Q17: =IF(ISBLANK('3. Expenditures'!L11),0,'3. Expenditures'!L11) -> 0 | R17: =IF(ISBLANK('3. Expenditures'!N11),0,'3. Expenditures'!N11) -> 0 | S17: =IF(ISBLANK('3. Expenditures'!P11),0,'3. Expenditures'!P11) -> 0 | T17: =IF(ISBLANK('3. Expenditures'!R11),0,'3. Expenditures'!R11) -> 0 | U17: =IF(ISBLANK('3. Expenditures'!T11),0,'3. Expenditures'!T11) -> 0 | W17: Travel | X17: =SUMIF($N$12:$N$210,$W17,$O$12:$O$236) -> 47260 | Y17: =SUMIF($N$12:$N$210,$W17,$P$12:$P$236) -> 0 | Z17: =IF(X17="","",IF(ISERROR((Y17-X17)/X17),"",(Y17-X17)/X17)) -> -1
B18: =IF('INT-Pivots'!G13="","",'INT-Pivots'!G13) -> Activity 1.4.2 An analytical report on gaps for implementing low-carbon transport in Sri Lanka | C18: =IF('INT-Pivots'!K13="","",IF('INT-Pivots'!K13="(blank)","Project end",VALUE('INT-Pivots'!K13))) -> Project end | D18: =IF(ISBLANK('2. Narrative'!R13),"",'2. Narrative'!R13) -> On track | E18: =IF(ISBLANK('2. Narrative'!X13),"",'2. Narrative'!X13) -> Not started | F18: =IF(ISBLANK('2. Narrative'!AD13),"",'2. Narrative'!AD13) | G18: =IF(ISBLANK('2. Narrative'!AJ13),"",'2. Narrative'!AJ13) | H18: =IF(ISBLANK('2. Narrative'!AP13),"",'2. Narrative'!AP13) | I18: =IF(AND(ISNUMBER(SEARCH("Activity",$B18)),COUNTIF($D18:$H18,"Complete")>0),"yes","no") -> no | J18: =IF(AND(ISNUMBER(SEARCH("Output",$B18)),COUNTIF($D18:$H18,"Complete")>0),"yes","no") -> no | K18: =IF(AND(ISNUMBER(SEARCH("Outcome",$B18)),COUNTIF($D18:$H18,"Complete")>0),"yes","no") -> no | M18: =IF('INT-Pivots'!AT12="","",IF('INT-Pivots'!AT12="0","",'INT-Pivots'!AT12)) -> Activity 1.2.2 Training modules developed and training programs delivered on 'Long-term Sustainable Low-carbon Transport Planning' to government and private sector stakeholders | N18: =IF('INT-Pivots'!AU12="","",IF('INT-Pivots'!AU12="0","",'INT-Pivots'!AU12)) -> Staff and Other Personnel Costs | O18: =IF('INT-Pivots'!BA12="","",IF('INT-Pivots'!BA12="0","",'INT-Pivots'!BA12)) -> 4000 | P18: =SUM(Q18:U18) -> 0 | Q18: =IF(ISBLANK('3. Expenditures'!L12),0,'3. Expenditures'!L12) -> 0 | R18: =IF(ISBLANK('3. Expenditures'!N12),0,'3. Expenditures'!N12) -> 0 | S18: =IF(ISBLANK('3. Expenditures'!P12),0,'3. Expenditures'!P12) -> 0 | T18: =IF(ISBLANK('3. Expenditures'!R12),0,'3. Expenditures'!R12) -> 0 | U18: =IF(ISBLANK('3. Expenditures'!T12),0,'3. Expenditures'!T12) -> 0
B19: =IF('INT-Pivots'!G14="","",'INT-Pivots'!G14) -> Activity 1.4.3 A report on planning replacement of ICE buses for public transport in Sri Lanka | C19: =IF('INT-Pivots'!K14="","",IF('INT-Pivots'!K14="(blank)","Project end",VALUE('INT-Pivots'!K14))) -> Project end | D19: =IF(ISBLANK('2. Narrative'!R14),"",'2. Narrative'!R14) -> On track | E19: =IF(ISBLANK('2. Narrative'!X14),"",'2. Narrative'!X14) -> Not started | F19: =IF(ISBLANK('2. Narrative'!AD14),"",'2. Narrative'!AD14) | G19: =IF(ISBLANK('2. Narrative'!AJ14),"",'2. Narrative'!AJ14) | H19: =IF(ISBLANK('2. Narrative'!AP14),"",'2. Narrative'!AP14) | I19: =IF(AND(ISNUMBER(SEARCH("Activity",$B19)),COUNTIF($D19:$H19,"Complete")>0),"yes","no") -> no | J19: =IF(AND(ISNUMBER(SEARCH("Output",$B19)),COUNTIF($D19:$H19,"Complete")>0),"yes","no") -> no | K19: =IF(AND(ISNUMBER(SEARCH("Outcome",$B19)),COUNTIF($D19:$H19,"Complete")>0),"yes","no") -> no | M19: =IF('INT-Pivots'!AT13="","",IF('INT-Pivots'!AT13="0","",'INT-Pivots'!AT13)) -> Activity 1.2.2 Training modules developed and training programs delivered on 'Long-term Sustainable Low-carbon Transport Planning' to government and private sector stakeholders | N19: =IF('INT-Pivots'!AU13="","",IF('INT-Pivots'!AU13="0","",'INT-Pivots'!AU13)) -> Supplies Commodities and Materials | O19: =IF('INT-Pivots'!BA13="","",IF('INT-Pivots'!BA13="0","",'INT-Pivots'!BA13)) -> 500 | P19: =SUM(Q19:U19) -> 0 | Q19: =IF(ISBLANK('3. Expenditures'!L13),0,'3. Expenditures'!L13) -> 0 | R19: =IF(ISBLANK('3. Expenditures'!N13),0,'3. Expenditures'!N13) -> 0 | S19: =IF(ISBLANK('3. Expenditures'!P13),0,'3. Expenditures'!P13) -> 0 | T19: =IF(ISBLANK('3. Expenditures'!R13),0,'3. Expenditures'!R13) -> 0 | U19: =IF(ISBLANK('3. Expenditures'!T13),0,'3. Expenditures'!T13) -> 0
B20: =IF('INT-Pivots'!G15="","",'INT-Pivots'!G15) -> Output 1.6 Programme Support | C20: =IF('INT-Pivots'!K15="","",IF('INT-Pivots'!K15="(blank)","Project end",VALUE('INT-Pivots'!K15))) -> 45716 | D20: =IF(ISBLANK('2. Narrative'!R15),"",'2. Narrative'!R15) -> Not started | E20: =IF(ISBLANK('2. Narrative'!X15),"",'2. Narrative'!X15) -> Not started | F20: =IF(ISBLANK('2. Narrative'!AD15),"",'2. Narrative'!AD15) | G20: =IF(ISBLANK('2. Narrative'!AJ15),"",'2. Narrative'!AJ15) | H20: =IF(ISBLANK('2. Narrative'!AP15),"",'2. Narrative'!AP15) | I20: =IF(AND(ISNUMBER(SEARCH("Activity",$B20)),COUNTIF($D20:$H20,"Complete")>0),"yes","no") -> no | J20: =IF(AND(ISNUMBER(SEARCH("Output",$B20)),COUNTIF($D20:$H20,"Complete")>0),"yes","no") -> no | K20: =IF(AND(ISNUMBER(SEARCH("Outcome",$B20)),COUNTIF($D20:$H20,"Complete")>0),"yes","no") -> no | M20: =IF('INT-Pivots'!AT14="","",IF('INT-Pivots'!AT14="0","",'INT-Pivots'!AT14)) -> Activity 1.2.2 Training modules developed and training programs delivered on 'Long-term Sustainable Low-carbon Transport Planning' to government and private sector stakeholders | N20: =IF('INT-Pivots'!AU14="","",IF('INT-Pivots'!AU14="0","",'INT-Pivots'!AU14)) -> Travel | O20: =IF('INT-Pivots'!BA14="","",IF('INT-Pivots'!BA14="0","",'INT-Pivots'!BA14)) -> 500 | P20: =SUM(Q20:U20) -> 0 | Q20: =IF(ISBLANK('3. Expenditures'!L14),0,'3. Expenditures'!L14) -> 0 | R20: =IF(ISBLANK('3. Expenditures'!N14),0,'3. Expenditures'!N14) -> 0 | S20: =IF(ISBLANK('3. Expenditures'!P14),0,'3. Expenditures'!P14) -> 0 | T20: =IF(ISBLANK('3. Expenditures'!R14),0,'3. Expenditures'!R14) -> 0 | U20: =IF(ISBLANK('3. Expenditures'!T14),0,'3. Expenditures'!T14) -> 0
B21: =IF('INT-Pivots'!G16="","",'INT-Pivots'!G16) -> Activity 1.6.1 Project Support | C21: =IF('INT-Pivots'!K16="","",IF('INT-Pivots'!K16="(blank)","Project end",VALUE('INT-Pivots'!K16))) -> Project end | D21: =IF(ISBLANK('2. Narrative'!R16),"",'2. Narrative'!R16) -> Not started | E21: =IF(ISBLANK('2. Narrative'!X16),"",'2. Narrative'!X16) -> Not started | F21: =IF(ISBLANK('2. Narrative'!AD16),"",'2. Narrative'!AD16) | G21: =IF(ISBLANK('2. Narrative'!AJ16),"",'2. Narrative'!AJ16) | H21: =IF(ISBLANK('2. Narrative'!AP16),"",'2. Narrative'!AP16) | I21: =IF(AND(ISNUMBER(SEARCH("Activity",$B21)),COUNTIF($D21:$H21,"Complete")>0),"yes","no") -> no | J21: =IF(AND(ISNUMBER(SEARCH("Output",$B21)),COUNTIF($D21:$H21,"Complete")>0),"yes","no") -> no | K21: =IF(AND(ISNUMBER(SEARCH("Outcome",$B21)),COUNTIF($D21:$H21,"Complete")>0),"yes","no") -> no | M21: =IF('INT-Pivots'!AT15="","",IF('INT-Pivots'!AT15="0","",'INT-Pivots'!AT15)) -> Activity 1.2.2 Training modules developed and training programs delivered on 'Long-term Sustainable Low-carbon Transport Planning' to government and private sector stakeholders | N21: =IF('INT-Pivots'!AU15="","",IF('INT-Pivots'!AU15="0","",'INT-Pivots'!AU15)) -> Travel | O21: =IF('INT-Pivots'!BA15="","",IF('INT-Pivots'!BA15="0","",'INT-Pivots'!BA15)) -> 1344 | P21: =SUM(Q21:U21) -> 0 | Q21: =IF(ISBLANK('3. Expenditures'!L15),0,'3. Expenditures'!L15) -> 0 | R21: =IF(ISBLANK('3. Expenditures'!N15),0,'3. Expenditures'!N15) -> 0 | S21: =IF(ISBLANK('3. Expenditures'!P15),0,'3. Expenditures'!P15) -> 0 | T21: =IF(ISBLANK('3. Expenditures'!R15),0,'3. Expenditures'!R15) -> 0 | U21: =IF(ISBLANK('3. Expenditures'!T15),0,'3. Expenditures'!T15) -> 0
B22: =IF('INT-Pivots'!G17="","",'INT-Pivots'!G17) -> Output 2.1 Technical, operational, financial, economic and regulatory analysis of electric bus mobility opportunity in Sri Lanka is completed | C22: =IF('INT-Pivots'!K17="","",IF('INT-Pivots'!K17="(blank)","Project end",VALUE('INT-Pivots'!K17))) -> 45899 | D22: =IF(ISBLANK('2. Narrative'!R17),"",'2. Narrative'!R17) -> Not started | E22: =IF(ISBLANK('2. Narrative'!X17),"",'2. Narrative'!X17) -> Delayed | F22: =IF(ISBLANK('2. Narrative'!AD17),"",'2. Narrative'!AD17) | G22: =IF(ISBLANK('2. Narrative'!AJ17),"",'2. Narrative'!AJ17) | H22: =IF(ISBLANK('2. Narrative'!AP17),"",'2. Narrative'!AP17) | I22: =IF(AND(ISNUMBER(SEARCH("Activity",$B22)),COUNTIF($D22:$H22,"Complete")>0),"yes","no") -> no | J22: =IF(AND(ISNUMBER(SEARCH("Output",$B22)),COUNTIF($D22:$H22,"Complete")>0),"yes","no") -> no | K22: =IF(AND(ISNUMBER(SEARCH("Outcome",$B22)),COUNTIF($D22:$H22,"Complete")>0),"yes","no") -> no | M22: =IF('INT-Pivots'!AT16="","",IF('INT-Pivots'!AT16="0","",'INT-Pivots'!AT16)) -> Activity 1.2.2 Training modules developed and training programs delivered on 'Long-term Sustainable Low-carbon Transport Planning' to government and private sector stakeholders | N22: =IF('INT-Pivots'!AU16="","",IF('INT-Pivots'!AU16="0","",'INT-Pivots'!AU16)) -> Travel | O22: =IF('INT-Pivots'!BA16="","",IF('INT-Pivots'!BA16="0","",'INT-Pivots'!BA16)) -> 610 | P22: =SUM(Q22:U22) -> 0 | Q22: =IF(ISBLANK('3. Expenditures'!L16),0,'3. Expenditures'!L16) -> 0 | R22: =IF(ISBLANK('3. Expenditures'!N16),0,'3. Expenditures'!N16) -> 0 | S22: =IF(ISBLANK('3. Expenditures'!P16),0,'3. Expenditures'!P16) -> 0 | T22: =IF(ISBLANK('3. Expenditures'!R16),0,'3. Expenditures'!R16) -> 0 | U22: =IF(ISBLANK('3. Expenditures'!T16),0,'3. Expenditures'!T16) -> 0
B23: =IF('INT-Pivots'!G18="","",'INT-Pivots'!G18) -> Activity 2.1.1Viability assessment of EV charging stations is completed and approved | C23: =IF('INT-Pivots'!K18="","",IF('INT-Pivots'!K18="(blank)","Project end",VALUE('INT-Pivots'!K18))) -> Project end | D23: =IF(ISBLANK('2. Narrative'!R18),"",'2. Narrative'!R18) -> Not started | E23: =IF(ISBLANK('2. Narrative'!X18),"",'2. Narrative'!X18) -> On track | F23: =IF(ISBLANK('2. Narrative'!AD18),"",'2. Narrative'!AD18) | G23: =IF(ISBLANK('2. Narrative'!AJ18),"",'2. Narrative'!AJ18) | H23: =IF(ISBLANK('2. Narrative'!AP18),"",'2. Narrative'!AP18) | I23: =IF(AND(ISNUMBER(SEARCH("Activity",$B23)),COUNTIF($D23:$H23,"Complete")>0),"yes","no") -> no | J23: =IF(AND(ISNUMBER(SEARCH("Output",$B23)),COUNTIF($D23:$H23,"Complete")>0),"yes","no") -> no | K23: =IF(AND(ISNUMBER(SEARCH("Outcome",$B23)),COUNTIF($D23:$H23,"Complete")>0),"yes","no") -> no | M23: =IF('INT-Pivots'!AT17="","",IF('INT-Pivots'!AT17="0","",'INT-Pivots'!AT17)) -> Activity 1.3.1 A comprehensive, gender-sensitive and inclusive 'Electric Bus Mobility Policy and Regulatory Framework' is developed | N23: =IF('INT-Pivots'!AU17="","",IF('INT-Pivots'!AU17="0","",'INT-Pivots'!AU17)) -> Staff and Other Personnel Costs | O23: =IF('INT-Pivots'!BA17="","",IF('INT-Pivots'!BA17="0","",'INT-Pivots'!BA17)) -> 25000 | P23: =SUM(Q23:U23) -> 16291 | Q23: =IF(ISBLANK('3. Expenditures'!L17),0,'3. Expenditures'!L17) -> 0 | R23: =IF(ISBLANK('3. Expenditures'!N17),0,'3. Expenditures'!N17) -> 16291 | S23: =IF(ISBLANK('3. Expenditures'!P17),0,'3. Expenditures'!P17) -> 0 | T23: =IF(ISBLANK('3. Expenditures'!R17),0,'3. Expenditures'!R17) -> 0 | U23: =IF(ISBLANK('3. Expenditures'!T17),0,'3. Expenditures'!T17) -> 0
B24: =IF('INT-Pivots'!G19="","",'INT-Pivots'!G19) -> Activity 2.1.2An Analytical gender (including elderly, children, specific needs commuter) specific report on safety, security, accessibility aspects of public transport buses in Sri Lanka | C24: =IF('INT-Pivots'!K19="","",IF('INT-Pivots'!K19="(blank)","Project end",VALUE('INT-Pivots'!K19))) -> Project end | D24: =IF(ISBLANK('2. Narrative'!R19),"",'2. Narrative'!R19) -> Not started | E24: =IF(ISBLANK('2. Narrative'!X19),"",'2. Narrative'!X19) -> On track | F24: =IF(ISBLANK('2. Narrative'!AD19),"",'2. Narrative'!AD19) | G24: =IF(ISBLANK('2. Narrative'!AJ19),"",'2. Narrative'!AJ19) | H24: =IF(ISBLANK('2. Narrative'!AP19),"",'2. Narrative'!AP19) | I24: =IF(AND(ISNUMBER(SEARCH("Activity",$B24)),COUNTIF($D24:$H24,"Complete")>0),"yes","no") -> no | J24: =IF(AND(ISNUMBER(SEARCH("Output",$B24)),COUNTIF($D24:$H24,"Complete")>0),"yes","no") -> no | K24: =IF(AND(ISNUMBER(SEARCH("Outcome",$B24)),COUNTIF($D24:$H24,"Complete")>0),"yes","no") -> no | M24: =IF('INT-Pivots'!AT18="","",IF('INT-Pivots'!AT18="0","",'INT-Pivots'!AT18)) -> Activity 1.3.1 A comprehensive, gender-sensitive and inclusive 'Electric Bus Mobility Policy and Regulatory Framework' is developed | N24: =IF('INT-Pivots'!AU18="","",IF('INT-Pivots'!AU18="0","",'INT-Pivots'!AU18)) -> Staff and Other Personnel Costs | O24: =IF('INT-Pivots'!BA18="","",IF('INT-Pivots'!BA18="0","",'INT-Pivots'!BA18)) -> 15000 | P24: =SUM(Q24:U24) -> 0 | Q24: =IF(ISBLANK('3. Expenditures'!L18),0,'3. Expenditures'!L18) -> 0 | R24: =IF(ISBLANK('3. Expenditures'!N18),0,'3. Expenditures'!N18) -> 0 | S24: =IF(ISBLANK('3. Expenditures'!P18),0,'3. Expenditures'!P18) -> 0 | T24: =IF(ISBLANK('3. Expenditures'!R18),0,'3. Expenditures'!R18) -> 0 | U24: =IF(ISBLANK('3. Expenditures'!T18),0,'3. Expenditures'!T18) -> 0
B25: =IF('INT-Pivots'!G20="","",'INT-Pivots'!G20) -> Output 2.2 Knowledge and capacity improved amongst local stakeholders (MoTH, MoP&E, NTC, WPRPTA, CMC, and public bus operators) on risks, technical standards, and operational issues of deployment of electric buses. All capacity building measures will include a certain minimum percentage of women trainees. | C25: =IF('INT-Pivots'!K20="","",IF('INT-Pivots'!K20="(blank)","Project end",VALUE('INT-Pivots'!K20))) -> 45991 | D25: =IF(ISBLANK('2. Narrative'!R20),"",'2. Narrative'!R20) -> Not started | E25: =IF(ISBLANK('2. Narrative'!X20),"",'2. Narrative'!X20) -> Delayed | F25: =IF(ISBLANK('2. Narrative'!AD20),"",'2. Narrative'!AD20) | G25: =IF(ISBLANK('2. Narrative'!AJ20),"",'2. Narrative'!AJ20) | H25: =IF(ISBLANK('2. Narrative'!AP20),"",'2. Narrative'!AP20) | I25: =IF(AND(ISNUMBER(SEARCH("Activity",$B25)),COUNTIF($D25:$H25,"Complete")>0),"yes","no") -> no | J25: =IF(AND(ISNUMBER(SEARCH("Output",$B25)),COUNTIF($D25:$H25,"Complete")>0),"yes","no") -> no | K25: =IF(AND(ISNUMBER(SEARCH("Outcome",$B25)),COUNTIF($D25:$H25,"Complete")>0),"yes","no") -> no | M25: =IF('INT-Pivots'!AT19="","",IF('INT-Pivots'!AT19="0","",'INT-Pivots'!AT19)) -> Activity 1.3.1 A comprehensive, gender-sensitive and inclusive 'Electric Bus Mobility Policy and Regulatory Framework' is developed | N25: =IF('INT-Pivots'!AU19="","",IF('INT-Pivots'!AU19="0","",'INT-Pivots'!AU19)) -> Travel | O25: =IF('INT-Pivots'!BA19="","",IF('INT-Pivots'!BA19="0","",'INT-Pivots'!BA19)) -> 1000 | P25: =SUM(Q25:U25) -> 0 | Q25: =IF(ISBLANK('3. Expenditures'!L19),0,'3. Expenditures'!L19) -> 0 | R25: =IF(ISBLANK('3. Expenditures'!N19),0,'3. Expenditures'!N19) -> 0 | S25: =IF(ISBLANK('3. Expenditures'!P19),0,'3. Expenditures'!P19) -> 0 | T25: =IF(ISBLANK('3. Expenditures'!R19),0,'3. Expenditures'!R19) -> 0 | U25: =IF(ISBLANK('3. Expenditures'!T19),0,'3. Expenditures'!T19) -> 0
B26: =IF('INT-Pivots'!G21="","",'INT-Pivots'!G21) -> Activity 2.2.1Training programs designed and delivered for government institutional stakeholders | C26: =IF('INT-Pivots'!K21="","",IF('INT-Pivots'!K21="(blank)","Project end",VALUE('INT-Pivots'!K21))) -> Project end | D26: =IF(ISBLANK('2. Narrative'!R21),"",'2. Narrative'!R21) -> On track | E26: =IF(ISBLANK('2. Narrative'!X21),"",'2. Narrative'!X21) -> On track | F26: =IF(ISBLANK('2. Narrative'!AD21),"",'2. Narrative'!AD21) | G26: =IF(ISBLANK('2. Narrative'!AJ21),"",'2. Narrative'!AJ21) | H26: =IF(ISBLANK('2. Narrative'!AP21),"",'2. Narrative'!AP21) | I26: =IF(AND(ISNUMBER(SEARCH("Activity",$B26)),COUNTIF($D26:$H26,"Complete")>0),"yes","no") -> no | J26: =IF(AND(ISNUMBER(SEARCH("Output",$B26)),COUNTIF($D26:$H26,"Complete")>0),"yes","no") -> no | K26: =IF(AND(ISNUMBER(SEARCH("Outcome",$B26)),COUNTIF($D26:$H26,"Complete")>0),"yes","no") -> no | M26: =IF('INT-Pivots'!AT20="","",IF('INT-Pivots'!AT20="0","",'INT-Pivots'!AT20)) -> Activity 1.3.1 A comprehensive, gender-sensitive and inclusive 'Electric Bus Mobility Policy and Regulatory Framework' is developed | N26: =IF('INT-Pivots'!AU20="","",IF('INT-Pivots'!AU20="0","",'INT-Pivots'!AU20)) -> Travel | O26: =IF('INT-Pivots'!BA20="","",IF('INT-Pivots'!BA20="0","",'INT-Pivots'!BA20)) -> 3840 | P26: =SUM(Q26:U26) -> 0 | Q26: =IF(ISBLANK('3. Expenditures'!L20),0,'3. Expenditures'!L20) -> 0 | R26: =IF(ISBLANK('3. Expenditures'!N20),0,'3. Expenditures'!N20) -> 0 | S26: =IF(ISBLANK('3. Expenditures'!P20),0,'3. Expenditures'!P20) -> 0 | T26: =IF(ISBLANK('3. Expenditures'!R20),0,'3. Expenditures'!R20) -> 0 | U26: =IF(ISBLANK('3. Expenditures'!T20),0,'3. Expenditures'!T20) -> 0
B27: =IF('INT-Pivots'!G22="","",'INT-Pivots'!G22) -> Output 3.1 Improved knowledge and capacity among local private stakeholders (private bus operator association, bus drivers’ and workshop technicians’ associations, and commercial banks/financial institutions/finance and insurance associations) on risks, technical standards, and operational issues of deployment of electric buses. All capacity building measures will include a certain minimum percentage of women trainees. | C27: =IF('INT-Pivots'!K22="","",IF('INT-Pivots'!K22="(blank)","Project end",VALUE('INT-Pivots'!K22))) -> 45961 | D27: =IF(ISBLANK('2. Narrative'!R22),"",'2. Narrative'!R22) -> Not started | E27: =IF(ISBLANK('2. Narrative'!X22),"",'2. Narrative'!X22) -> Delayed | F27: =IF(ISBLANK('2. Narrative'!AD22),"",'2. Narrative'!AD22) | G27: =IF(ISBLANK('2. Narrative'!AJ22),"",'2. Narrative'!AJ22) | H27: =IF(ISBLANK('2. Narrative'!AP22),"",'2. Narrative'!AP22) | I27: =IF(AND(ISNUMBER(SEARCH("Activity",$B27)),COUNTIF($D27:$H27,"Complete")>0),"yes","no") -> no | J27: =IF(AND(ISNUMBER(SEARCH("Output",$B27)),COUNTIF($D27:$H27,"Complete")>0),"yes","no") -> no | K27: =IF(AND(ISNUMBER(SEARCH("Outcome",$B27)),COUNTIF($D27:$H27,"Complete")>0),"yes","no") -> no | M27: =IF('INT-Pivots'!AT21="","",IF('INT-Pivots'!AT21="0","",'INT-Pivots'!AT21)) -> Activity 1.3.1 A comprehensive, gender-sensitive and inclusive 'Electric Bus Mobility Policy and Regulatory Framework' is developed | N27: =IF('INT-Pivots'!AU21="","",IF('INT-Pivots'!AU21="0","",'INT-Pivots'!AU21)) -> Travel | O27: =IF('INT-Pivots'!BA21="","",IF('INT-Pivots'!BA21="0","",'INT-Pivots'!BA21)) -> 1464 | P27: =SUM(Q27:U27) -> 0 | Q27: =IF(ISBLANK('3. Expenditures'!L21),0,'3. Expenditures'!L21) -> 0 | R27: =IF(ISBLANK('3. Expenditures'!N21),0,'3. Expenditures'!N21) -> 0 | S27: =IF(ISBLANK('3. Expenditures'!P21),0,'3. Expenditures'!P21) -> 0 | T27: =IF(ISBLANK('3. Expenditures'!R21),0,'3. Expenditures'!R21) -> 0 | U27: =IF(ISBLANK('3. Expenditures'!T21),0,'3. Expenditures'!T21) -> 0
B28: =IF('INT-Pivots'!G23="","",'INT-Pivots'!G23) -> Activity 3.1.1Training programs designed and delivered for commercial banks/financial institutions | C28: =IF('INT-Pivots'!K23="","",IF('INT-Pivots'!K23="(blank)","Project end",VALUE('INT-Pivots'!K23))) -> Project end | D28: =IF(ISBLANK('2. Narrative'!R23),"",'2. Narrative'!R23) -> Not started | E28: =IF(ISBLANK('2. Narrative'!X23),"",'2. Narrative'!X23) -> Not started | F28: =IF(ISBLANK('2. Narrative'!AD23),"",'2. Narrative'!AD23) | G28: =IF(ISBLANK('2. Narrative'!AJ23),"",'2. Narrative'!AJ23) | H28: =IF(ISBLANK('2. Narrative'!AP23),"",'2. Narrative'!AP23) | I28: =IF(AND(ISNUMBER(SEARCH("Activity",$B28)),COUNTIF($D28:$H28,"Complete")>0),"yes","no") -> no | J28: =IF(AND(ISNUMBER(SEARCH("Output",$B28)),COUNTIF($D28:$H28,"Complete")>0),"yes","no") -> no | K28: =IF(AND(ISNUMBER(SEARCH("Outcome",$B28)),COUNTIF($D28:$H28,"Complete")>0),"yes","no") -> no | M28: =IF('INT-Pivots'!AT22="","",IF('INT-Pivots'!AT22="0","",'INT-Pivots'!AT22)) -> Activity 1.4.1 An 'Electricity Grid Impact Study due to Electric Vehicle Integration' is completed and approved | N28: =IF('INT-Pivots'!AU22="","",IF('INT-Pivots'!AU22="0","",'INT-Pivots'!AU22)) -> Staff and Other Personnel Costs | O28: =IF('INT-Pivots'!BA22="","",IF('INT-Pivots'!BA22="0","",'INT-Pivots'!BA22)) -> 10000 | P28: =SUM(Q28:U28) -> 19884 | Q28: =IF(ISBLANK('3. Expenditures'!L22),0,'3. Expenditures'!L22) -> 0 | R28: =IF(ISBLANK('3. Expenditures'!N22),0,'3. Expenditures'!N22) -> 19884 | S28: =IF(ISBLANK('3. Expenditures'!P22),0,'3. Expenditures'!P22) -> 0 | T28: =IF(ISBLANK('3. Expenditures'!R22),0,'3. Expenditures'!R22) -> 0 | U28: =IF(ISBLANK('3. Expenditures'!T22),0,'3. Expenditures'!T22) -> 0
B29: =IF('INT-Pivots'!G24="","",'INT-Pivots'!G24) -> Activity 3.1.2Training programs designed and delivered to private bus operators and their bus drivers and workshop technicians | C29: =IF('INT-Pivots'!K24="","",IF('INT-Pivots'!K24="(blank)","Project end",VALUE('INT-Pivots'!K24))) -> Project end | D29: =IF(ISBLANK('2. Narrative'!R24),"",'2. Narrative'!R24) -> Not started | E29: =IF(ISBLANK('2. Narrative'!X24),"",'2. Narrative'!X24) -> Not started | F29: =IF(ISBLANK('2. Narrative'!AD24),"",'2. Narrative'!AD24) | G29: =IF(ISBLANK('2. Narrative'!AJ24),"",'2. Narrative'!AJ24) | H29: =IF(ISBLANK('2. Narrative'!AP24),"",'2. Narrative'!AP24) | I29: =IF(AND(ISNUMBER(SEARCH("Activity",$B29)),COUNTIF($D29:$H29,"Complete")>0),"yes","no") -> no | J29: =IF(AND(ISNUMBER(SEARCH("Output",$B29)),COUNTIF($D29:$H29,"Complete")>0),"yes","no") -> no | K29: =IF(AND(ISNUMBER(SEARCH("Outcome",$B29)),COUNTIF($D29:$H29,"Complete")>0),"yes","no") -> no | M29: =IF('INT-Pivots'!AT23="","",IF('INT-Pivots'!AT23="0","",'INT-Pivots'!AT23)) -> Activity 1.4.1 An 'Electricity Grid Impact Study due to Electric Vehicle Integration' is completed and approved | N29: =IF('INT-Pivots'!AU23="","",IF('INT-Pivots'!AU23="0","",'INT-Pivots'!AU23)) -> Staff and Other Personnel Costs | O29: =IF('INT-Pivots'!BA23="","",IF('INT-Pivots'!BA23="0","",'INT-Pivots'!BA23)) -> 8000 | P29: =SUM(Q29:U29) -> 0 | Q29: =IF(ISBLANK('3. Expenditures'!L23),0,'3. Expenditures'!L23) -> 0 | R29: =IF(ISBLANK('3. Expenditures'!N23),0,'3. Expenditures'!N23) -> 0 | S29: =IF(ISBLANK('3. Expenditures'!P23),0,'3. Expenditures'!P23) -> 0 | T29: =IF(ISBLANK('3. Expenditures'!R23),0,'3. Expenditures'!R23) -> 0 | U29: =IF(ISBLANK('3. Expenditures'!T23),0,'3. Expenditures'!T23) -> 0
... B54: =IF('INT-Pivots'!G49="","",'INT-Pivots'!G49) | C54: =IF('INT-Pivots'!K49="","",IF('INT-Pivots'!K49="(blank)","Project end",VALUE('INT-Pivots'!K49))) | D54: =IF(ISBLANK('2. Narrative'!R49),"",'2. Narrative'!R49) | E54: =IF(ISBLANK('2. Narrative'!X49),"",'2. Narrative'!X49) | F54: =IF(ISBLANK('2. Narrative'!AD49),"",'2. Narrative'!AD49) | G54: =IF(ISBLANK('2. Narrative'!AJ49),"",'2. Narrative'!AJ49) | H54: =IF(ISBLANK('2. Narrative'!AP49),"",'2. Narrative'!AP49) | I54: =IF(AND(ISNUMBER(SEARCH("Activity",$B54)),COUNTIF($D54:$H54,"Complete")>0),"yes","no") -> no | J54: =IF(AND(ISNUMBER(SEARCH("Output",$B54)),COUNTIF($D54:$H54,"Complete")>0),"yes","no") -> no | K54: =IF(AND(ISNUMBER(SEARCH("Outcome",$B54)),COUNTIF($D54:$H54,"Complete")>0),"yes","no") -> no | M54: =IF('INT-Pivots'!AT48="","",IF('INT-Pivots'!AT48="0","",'INT-Pivots'!AT48)) -> Activity 2.2.1Training programs designed and delivered for government institutional stakeholders | N54: =IF('INT-Pivots'!AU48="","",IF('INT-Pivots'!AU48="0","",'INT-Pivots'!AU48)) -> Travel | O54: =IF('INT-Pivots'!BA48="","",IF('INT-Pivots'!BA48="0","",'INT-Pivots'!BA48)) -> 1708 | P54: =SUM(Q54:U54) -> 0 | Q54: =IF(ISBLANK('3. Expenditures'!L48),0,'3. Expenditures'!L48) -> 0 | R54: =IF(ISBLANK('3. Expenditures'!N48),0,'3. Expenditures'!N48) -> 0 | S54: =IF(ISBLANK('3. Expenditures'!P48),0,'3. Expenditures'!P48) -> 0 | T54: =IF(ISBLANK('3. Expenditures'!R48),0,'3. Expenditures'!R48) -> 0 | U54: =IF(ISBLANK('3. Expenditures'!T48),0,'3. Expenditures'!T48) -> 0
B55: =IF('INT-Pivots'!G50="","",'INT-Pivots'!G50) | C55: =IF('INT-Pivots'!H50="","",'INT-Pivots'!H50) | D55: =IF('INT-Pivots'!I50="","",'INT-Pivots'!I50) | E55: =IF('INT-Pivots'!J50="","",'INT-Pivots'!J50) | F55: =IF('INT-Pivots'!K50="","",'INT-Pivots'!K50) | G55: =IF('INT-Pivots'!L50="","",'INT-Pivots'!L50) | H55: =IF('INT-Pivots'!M50="","",'INT-Pivots'!M50) | I55: =IF(AND(ISNUMBER(SEARCH("Activity",$B55)),COUNTIF($D55:$H55,"Complete")>0),"yes","no") -> no | J55: =IF(AND(ISNUMBER(SEARCH("Output",$B55)),COUNTIF($D55:$H55,"Complete")>0),"yes","no") -> no | K55: =IF(AND(ISNUMBER(SEARCH("Outcome",$B55)),COUNTIF($D55:$H55,"Complete")>0),"yes","no") -> no | M55: =IF('INT-Pivots'!AT49="","",IF('INT-Pivots'!AT49="0","",'INT-Pivots'!AT49)) -> Activity 3.1.1Training programs designed and delivered for commercial banks/financial institutions | N55: =IF('INT-Pivots'!AU49="","",IF('INT-Pivots'!AU49="0","",'INT-Pivots'!AU49)) -> Contractual Services | O55: =IF('INT-Pivots'!BA49="","",IF('INT-Pivots'!BA49="0","",'INT-Pivots'!BA49)) -> 2000 | P55: =SUM(Q55:U55) -> 6517 | Q55: =IF(ISBLANK('3. Expenditures'!L49),0,'3. Expenditures'!L49) -> 0 | R55: =IF(ISBLANK('3. Expenditures'!N49),0,'3. Expenditures'!N49) -> 6517 | S55: =IF(ISBLANK('3. Expenditures'!P49),0,'3. Expenditures'!P49) -> 0 | T55: =IF(ISBLANK('3. Expenditures'!R49),0,'3. Expenditures'!R49) -> 0 | U55: =IF(ISBLANK('3. Expenditures'!T49),0,'3. Expenditures'!T49) -> 0
B56: =IF('INT-Pivots'!G51="","",'INT-Pivots'!G51) | C56: =IF('INT-Pivots'!H51="","",'INT-Pivots'!H51) | D56: =IF('INT-Pivots'!I51="","",'INT-Pivots'!I51) | E56: =IF('INT-Pivots'!J51="","",'INT-Pivots'!J51) | F56: =IF('INT-Pivots'!K51="","",'INT-Pivots'!K51) | G56: =IF('INT-Pivots'!L51="","",'INT-Pivots'!L51) | H56: =IF('INT-Pivots'!M51="","",'INT-Pivots'!M51) | I56: =IF(AND(ISNUMBER(SEARCH("Activity",$B56)),COUNTIF($D56:$H56,"Complete")>0),"yes","no") -> no | J56: =IF(AND(ISNUMBER(SEARCH("Output",$B56)),COUNTIF($D56:$H56,"Complete")>0),"yes","no") -> no | K56: =IF(AND(ISNUMBER(SEARCH("Outcome",$B56)),COUNTIF($D56:$H56,"Complete")>0),"yes","no") -> no | M56: =IF('INT-Pivots'!AT50="","",IF('INT-Pivots'!AT50="0","",'INT-Pivots'!AT50)) -> Activity 3.1.1Training programs designed and delivered for commercial banks/financial institutions | N56: =IF('INT-Pivots'!AU50="","",IF('INT-Pivots'!AU50="0","",'INT-Pivots'!AU50)) -> Staff and Other Personnel Costs | O56: =IF('INT-Pivots'!BA50="","",IF('INT-Pivots'!BA50="0","",'INT-Pivots'!BA50)) -> 7500 | P56: =SUM(Q56:U56) -> 0 | Q56: =IF(ISBLANK('3. Expenditures'!L50),0,'3. Expenditures'!L50) -> 0 | R56: =IF(ISBLANK('3. Expenditures'!N50),0,'3. Expenditures'!N50) -> 0 | S56: =IF(ISBLANK('3. Expenditures'!P50),0,'3. Expenditures'!P50) -> 0 | T56: =IF(ISBLANK('3. Expenditures'!R50),0,'3. Expenditures'!R50) -> 0 | U56: =IF(ISBLANK('3. Expenditures'!T50),0,'3. Expenditures'!T50) -> 0
B57: =IF('INT-Pivots'!G52="","",'INT-Pivots'!G52) | C57: =IF('INT-Pivots'!H52="","",'INT-Pivots'!H52) | D57: =IF('INT-Pivots'!I52="","",'INT-Pivots'!I52) | E57: =IF('INT-Pivots'!J52="","",'INT-Pivots'!J52) | F57: =IF('INT-Pivots'!K52="","",'INT-Pivots'!K52) | G57: =IF('INT-Pivots'!L52="","",'INT-Pivots'!L52) | H57: =IF('INT-Pivots'!M52="","",'INT-Pivots'!M52) | I57: =IF(AND(ISNUMBER(SEARCH("Activity",$B57)),COUNTIF($D57:$H57,"Complete")>0),"yes","no") -> no | J57: =IF(AND(ISNUMBER(SEARCH("Output",$B57)),COUNTIF($D57:$H57,"Complete")>0),"yes","no") -> no | K57: =IF(AND(ISNUMBER(SEARCH("Outcome",$B57)),COUNTIF($D57:$H57,"Complete")>0),"yes","no") -> no | M57: =IF('INT-Pivots'!AT51="","",IF('INT-Pivots'!AT51="0","",'INT-Pivots'!AT51)) -> Activity 3.1.1Training programs designed and delivered for commercial banks/financial institutions | N57: =IF('INT-Pivots'!AU51="","",IF('INT-Pivots'!AU51="0","",'INT-Pivots'!AU51)) -> Staff and Other Personnel Costs | O57: =IF('INT-Pivots'!BA51="","",IF('INT-Pivots'!BA51="0","",'INT-Pivots'!BA51)) -> 6000 | P57: =SUM(Q57:U57) -> 0 | Q57: =IF(ISBLANK('3. Expenditures'!L51),0,'3. Expenditures'!L51) -> 0 | R57: =IF(ISBLANK('3. Expenditures'!N51),0,'3. Expenditures'!N51) -> 0 | S57: =IF(ISBLANK('3. Expenditures'!P51),0,'3. Expenditures'!P51) -> 0 | T57: =IF(ISBLANK('3. Expenditures'!R51),0,'3. Expenditures'!R51) -> 0 | U57: =IF(ISBLANK('3. Expenditures'!T51),0,'3. Expenditures'!T51) -> 0
B58: =IF('INT-Pivots'!G53="","",'INT-Pivots'!G53) | C58: =IF('INT-Pivots'!H53="","",'INT-Pivots'!H53) | D58: =IF('INT-Pivots'!I53="","",'INT-Pivots'!I53) | E58: =IF('INT-Pivots'!J53="","",'INT-Pivots'!J53) | F58: =IF('INT-Pivots'!K53="","",'INT-Pivots'!K53) | G58: =IF('INT-Pivots'!L53="","",'INT-Pivots'!L53) | H58: =IF('INT-Pivots'!M53="","",'INT-Pivots'!M53) | I58: =IF(AND(ISNUMBER(SEARCH("Activity",$B58)),COUNTIF($D58:$H58,"Complete")>0),"yes","no") -> no | J58: =IF(AND(ISNUMBER(SEARCH("Output",$B58)),COUNTIF($D58:$H58,"Complete")>0),"yes","no") -> no | K58: =IF(AND(ISNUMBER(SEARCH("Outcome",$B58)),COUNTIF($D58:$H58,"Complete")>0),"yes","no") -> no | M58: =IF('INT-Pivots'!AT52="","",IF('INT-Pivots'!AT52="0","",'INT-Pivots'!AT52)) -> Activity 3.1.1Training programs designed and delivered for commercial banks/financial institutions | N58: =IF('INT-Pivots'!AU52="","",IF('INT-Pivots'!AU52="0","",'INT-Pivots'!AU52)) -> Supplies Commodities and Materials | O58: =IF('INT-Pivots'!BA52="","",IF('INT-Pivots'!BA52="0","",'INT-Pivots'!BA52)) -> 1740 | P58: =SUM(Q58:U58) -> 0 | Q58: =IF(ISBLANK('3. Expenditures'!L52),0,'3. Expenditures'!L52) -> 0 | R58: =IF(ISBLANK('3. Expenditures'!N52),0,'3. Expenditures'!N52) -> 0 | S58: =IF(ISBLANK('3. Expenditures'!P52),0,'3. Expenditures'!P52) -> 0 | T58: =IF(ISBLANK('3. Expenditures'!R52),0,'3. Expenditures'!R52) -> 0 | U58: =IF(ISBLANK('3. Expenditures'!T52),0,'3. Expenditures'!T52) -> 0
B59: =IF('INT-Pivots'!G54="","",'INT-Pivots'!G54) | C59: =IF('INT-Pivots'!H54="","",'INT-Pivots'!H54) | D59: =IF('INT-Pivots'!I54="","",'INT-Pivots'!I54) | E59: =IF('INT-Pivots'!J54="","",'INT-Pivots'!J54) | F59: =IF('INT-Pivots'!K54="","",'INT-Pivots'!K54) | G59: =IF('INT-Pivots'!L54="","",'INT-Pivots'!L54) | H59: =IF('INT-Pivots'!M54="","",'INT-Pivots'!M54) | I59: =IF(AND(ISNUMBER(SEARCH("Activity",$B59)),COUNTIF($D59:$H59,"Complete")>0),"yes","no") -> no | J59: =IF(AND(ISNUMBER(SEARCH("Output",$B59)),COUNTIF($D59:$H59,"Complete")>0),"yes","no") -> no | K59: =IF(AND(ISNUMBER(SEARCH("Outcome",$B59)),COUNTIF($D59:$H59,"Complete")>0),"yes","no") -> no | M59: =IF('INT-Pivots'!AT53="","",IF('INT-Pivots'!AT53="0","",'INT-Pivots'!AT53)) -> Activity 3.1.1Training programs designed and delivered for commercial banks/financial institutions | N59: =IF('INT-Pivots'!AU53="","",IF('INT-Pivots'!AU53="0","",'INT-Pivots'!AU53)) -> Travel | O59: =IF('INT-Pivots'!BA53="","",IF('INT-Pivots'!BA53="0","",'INT-Pivots'!BA53)) -> 500 | P59: =SUM(Q59:U59) -> 0 | Q59: =IF(ISBLANK('3. Expenditures'!L53),0,'3. Expenditures'!L53) -> 0 | R59: =IF(ISBLANK('3. Expenditures'!N53),0,'3. Expenditures'!N53) -> 0 | S59: =IF(ISBLANK('3. Expenditures'!P53),0,'3. Expenditures'!P53) -> 0 | T59: =IF(ISBLANK('3. Expenditures'!R53),0,'3. Expenditures'!R53) -> 0 | U59: =IF(ISBLANK('3. Expenditures'!T53),0,'3. Expenditures'!T53) -> 0
B60: =IF('INT-Pivots'!G55="","",'INT-Pivots'!G55) | C60: =IF('INT-Pivots'!H55="","",'INT-Pivots'!H55) | D60: =IF('INT-Pivots'!I55="","",'INT-Pivots'!I55) | E60: =IF('INT-Pivots'!J55="","",'INT-Pivots'!J55) | F60: =IF('INT-Pivots'!K55="","",'INT-Pivots'!K55) | G60: =IF('INT-Pivots'!L55="","",'INT-Pivots'!L55) | H60: =IF('INT-Pivots'!M55="","",'INT-Pivots'!M55) | I60: =IF(AND(ISNUMBER(SEARCH("Activity",$B60)),COUNTIF($D60:$H60,"Complete")>0),"yes","no") -> no | J60: =IF(AND(ISNUMBER(SEARCH("Output",$B60)),COUNTIF($D60:$H60,"Complete")>0),"yes","no") -> no | K60: =IF(AND(ISNUMBER(SEARCH("Outcome",$B60)),COUNTIF($D60:$H60,"Complete")>0),"yes","no") -> no | M60: =IF('INT-Pivots'!AT54="","",IF('INT-Pivots'!AT54="0","",'INT-Pivots'!AT54)) -> Activity 3.1.1Training programs designed and delivered for commercial banks/financial institutions | N60: =IF('INT-Pivots'!AU54="","",IF('INT-Pivots'!AU54="0","",'INT-Pivots'!AU54)) -> Travel | O60: =IF('INT-Pivots'!BA54="","",IF('INT-Pivots'!BA54="0","",'INT-Pivots'!BA54)) -> 2880 | P60: =SUM(Q60:U60) -> 0 | Q60: =IF(ISBLANK('3. Expenditures'!L54),0,'3. Expenditures'!L54) -> 0 | R60: =IF(ISBLANK('3. Expenditures'!N54),0,'3. Expenditures'!N54) -> 0 | S60: =IF(ISBLANK('3. Expenditures'!P54),0,'3. Expenditures'!P54) -> 0 | T60: =IF(ISBLANK('3. Expenditures'!R54),0,'3. Expenditures'!R54) -> 0 | U60: =IF(ISBLANK('3. Expenditures'!T54),0,'3. Expenditures'!T54) -> 0
B61: =IF('INT-Pivots'!G56="","",'INT-Pivots'!G56) | C61: =IF('INT-Pivots'!H56="","",'INT-Pivots'!H56) | D61: =IF('INT-Pivots'!I56="","",'INT-Pivots'!I56) | E61: =IF('INT-Pivots'!J56="","",'INT-Pivots'!J56) | F61: =IF('INT-Pivots'!K56="","",'INT-Pivots'!K56) | G61: =IF('INT-Pivots'!L56="","",'INT-Pivots'!L56) | H61: =IF('INT-Pivots'!M56="","",'INT-Pivots'!M56) | I61: =IF(AND(ISNUMBER(SEARCH("Activity",$B61)),COUNTIF($D61:$H61,"Complete")>0),"yes","no") -> no | J61: =IF(AND(ISNUMBER(SEARCH("Output",$B61)),COUNTIF($D61:$H61,"Complete")>0),"yes","no") -> no | K61: =IF(AND(ISNUMBER(SEARCH("Outcome",$B61)),COUNTIF($D61:$H61,"Complete")>0),"yes","no") -> no | M61: =IF('INT-Pivots'!AT55="","",IF('INT-Pivots'!AT55="0","",'INT-Pivots'!AT55)) -> Activity 3.1.1Training programs designed and delivered for commercial banks/financial institutions | N61: =IF('INT-Pivots'!AU55="","",IF('INT-Pivots'!AU55="0","",'INT-Pivots'!AU55)) -> Travel | O61: =IF('INT-Pivots'!BA55="","",IF('INT-Pivots'!BA55="0","",'INT-Pivots'!BA55)) -> 1708 | P61: =SUM(Q61:U61) -> 0 | Q61: =IF(ISBLANK('3. Expenditures'!L55),0,'3. Expenditures'!L55) -> 0 | R61: =IF(ISBLANK('3. Expenditures'!N55),0,'3. Expenditures'!N55) -> 0 | S61: =IF(ISBLANK('3. Expenditures'!P55),0,'3. Expenditures'!P55) -> 0 | T61: =IF(ISBLANK('3. Expenditures'!R55),0,'3. Expenditures'!R55) -> 0 | U61: =IF(ISBLANK('3. Expenditures'!T55),0,'3. Expenditures'!T55) -> 0
B62: =IF('INT-Pivots'!G57="","",'INT-Pivots'!G57) | C62: =IF('INT-Pivots'!H57="","",'INT-Pivots'!H57) | D62: =IF('INT-Pivots'!I57="","",'INT-Pivots'!I57) | E62: =IF('INT-Pivots'!J57="","",'INT-Pivots'!J57) | F62: =IF('INT-Pivots'!K57="","",'INT-Pivots'!K57) | G62: =IF('INT-Pivots'!L57="","",'INT-Pivots'!L57) | H62: =IF('INT-Pivots'!M57="","",'INT-Pivots'!M57) | I62: =IF(AND(ISNUMBER(SEARCH("Activity",$B62)),COUNTIF($D62:$H62,"Complete")>0),"yes","no") -> no | J62: =IF(AND(ISNUMBER(SEARCH("Output",$B62)),COUNTIF($D62:$H62,"Complete")>0),"yes","no") -> no | K62: =IF(AND(ISNUMBER(SEARCH("Outcome",$B62)),COUNTIF($D62:$H62,"Complete")>0),"yes","no") -> no | M62: =IF('INT-Pivots'!AT56="","",IF('INT-Pivots'!AT56="0","",'INT-Pivots'!AT56)) -> Activity 3.1.2Training programs designed and delivered to private bus operators and their bus drivers and workshop technicians | N62: =IF('INT-Pivots'!AU56="","",IF('INT-Pivots'!AU56="0","",'INT-Pivots'!AU56)) -> Contractual Services | O62: =IF('INT-Pivots'!BA56="","",IF('INT-Pivots'!BA56="0","",'INT-Pivots'!BA56)) -> 2000 | P62: =SUM(Q62:U62) -> 0 | Q62: =IF(ISBLANK('3. Expenditures'!L56),0,'3. Expenditures'!L56) -> 0 | R62: =IF(ISBLANK('3. Expenditures'!N56),0,'3. Expenditures'!N56) -> 0 | S62: =IF(ISBLANK('3. Expenditures'!P56),0,'3. Expenditures'!P56) -> 0 | T62: =IF(ISBLANK('3. Expenditures'!R56),0,'3. Expenditures'!R56) -> 0 | U62: =IF(ISBLANK('3. Expenditures'!T56),0,'3. Expenditures'!T56) -> 0
B63: =IF('INT-Pivots'!G58="","",'INT-Pivots'!G58) | C63: =IF('INT-Pivots'!H58="","",'INT-Pivots'!H58) | D63: =IF('INT-Pivots'!I58="","",'INT-Pivots'!I58) | E63: =IF('INT-Pivots'!J58="","",'INT-Pivots'!J58) | F63: =IF('INT-Pivots'!K58="","",'INT-Pivots'!K58) | G63: =IF('INT-Pivots'!L58="","",'INT-Pivots'!L58) | H63: =IF('INT-Pivots'!M58="","",'INT-Pivots'!M58) | I63: =IF(AND(ISNUMBER(SEARCH("Activity",$B63)),COUNTIF($D63:$H63,"Complete")>0),"yes","no") -> no | J63: =IF(AND(ISNUMBER(SEARCH("Output",$B63)),COUNTIF($D63:$H63,"Complete")>0),"yes","no") -> no | K63: =IF(AND(ISNUMBER(SEARCH("Outcome",$B63)),COUNTIF($D63:$H63,"Complete")>0),"yes","no") -> no | M63: =IF('INT-Pivots'!AT57="","",IF('INT-Pivots'!AT57="0","",'INT-Pivots'!AT57)) -> Activity 3.1.2Training programs designed and delivered to private bus operators and their bus drivers and workshop technicians | N63: =IF('INT-Pivots'!AU57="","",IF('INT-Pivots'!AU57="0","",'INT-Pivots'!AU57)) -> Staff and Other Personnel Costs | O63: =IF('INT-Pivots'!BA57="","",IF('INT-Pivots'!BA57="0","",'INT-Pivots'!BA57)) -> 15000 | P63: =SUM(Q63:U63) -> 0 | Q63: =IF(ISBLANK('3. Expenditures'!L57),0,'3. Expenditures'!L57) -> 0 | R63: =IF(ISBLANK('3. Expenditures'!N57),0,'3. Expenditures'!N57) -> 0 | S63: =IF(ISBLANK('3. Expenditures'!P57),0,'3. Expenditures'!P57) -> 0 | T63: =IF(ISBLANK('3. Expenditures'!R57),0,'3. Expenditures'!R57) -> 0 | U63: =IF(ISBLANK('3. Expenditures'!T57),0,'3. Expenditures'!T57) -> 0
B64: =IF('INT-Pivots'!G59="","",'INT-Pivots'!G59) | C64: =IF('INT-Pivots'!H59="","",'INT-Pivots'!H59) | D64: =IF('INT-Pivots'!I59="","",'INT-Pivots'!I59) | E64: =IF('INT-Pivots'!J59="","",'INT-Pivots'!J59) | F64: =IF('INT-Pivots'!K59="","",'INT-Pivots'!K59) | G64: =IF('INT-Pivots'!L59="","",'INT-Pivots'!L59) | H64: =IF('INT-Pivots'!M59="","",'INT-Pivots'!M59) | I64: =IF(AND(ISNUMBER(SEARCH("Activity",$B64)),COUNTIF($D64:$H64,"Complete")>0),"yes","no") -> no | J64: =IF(AND(ISNUMBER(SEARCH("Output",$B64)),COUNTIF($D64:$H64,"Complete")>0),"yes","no") -> no | K64: =IF(AND(ISNUMBER(SEARCH("Outcome",$B64)),COUNTIF($D64:$H64,"Complete")>0),"yes","no") -> no | M64: =IF('INT-Pivots'!AT58="","",IF('INT-Pivots'!AT58="0","",'INT-Pivots'!AT58)) -> Activity 3.1.2Training programs designed and delivered to private bus operators and their bus drivers and workshop technicians | N64: =IF('INT-Pivots'!AU58="","",IF('INT-Pivots'!AU58="0","",'INT-Pivots'!AU58)) -> Staff and Other Personnel Costs | O64: =IF('INT-Pivots'!BA58="","",IF('INT-Pivots'!BA58="0","",'INT-Pivots'!BA58)) -> 8000 | P64: =SUM(Q64:U64) -> 0 | Q64: =IF(ISBLANK('3. Expenditures'!L58),0,'3. Expenditures'!L58) -> 0 | R64: =IF(ISBLANK('3. Expenditures'!N58),0,'3. Expenditures'!N58) -> 0 | S64: =IF(ISBLANK('3. Expenditures'!P58),0,'3. Expenditures'!P58) -> 0 | T64: =IF(ISBLANK('3. Expenditures'!R58),0,'3. Expenditures'!R58) -> 0 | U64: =IF(ISBLANK('3. Expenditures'!T58),0,'3. Expenditures'!T58) -> 0
B65: =IF('INT-Pivots'!G60="","",'INT-Pivots'!G60) | C65: =IF('INT-Pivots'!H60="","",'INT-Pivots'!H60) | D65: =IF('INT-Pivots'!I60="","",'INT-Pivots'!I60) | E65: =IF('INT-Pivots'!J60="","",'INT-Pivots'!J60) | F65: =IF('INT-Pivots'!K60="","",'INT-Pivots'!K60) | G65: =IF('INT-Pivots'!L60="","",'INT-Pivots'!L60) | H65: =IF('INT-Pivots'!M60="","",'INT-Pivots'!M60) | I65: =IF(AND(ISNUMBER(SEARCH("Activity",$B65)),COUNTIF($D65:$H65,"Complete")>0),"yes","no") -> no | J65: =IF(AND(ISNUMBER(SEARCH("Output",$B65)),COUNTIF($D65:$H65,"Complete")>0),"yes","no") -> no | K65: =IF(AND(ISNUMBER(SEARCH("Outcome",$B65)),COUNTIF($D65:$H65,"Complete")>0),"yes","no") -> no | M65: =IF('INT-Pivots'!AT59="","",IF('INT-Pivots'!AT59="0","",'INT-Pivots'!AT59)) -> Activity 3.1.2Training programs designed and delivered to private bus operators and their bus drivers and workshop technicians | N65: =IF('INT-Pivots'!AU59="","",IF('INT-Pivots'!AU59="0","",'INT-Pivots'!AU59)) -> Supplies Commodities and Materials | O65: =IF('INT-Pivots'!BA59="","",IF('INT-Pivots'!BA59="0","",'INT-Pivots'!BA59)) -> 2000 | P65: =SUM(Q65:U65) -> 0 | Q65: =IF(ISBLANK('3. Expenditures'!L59),0,'3. Expenditures'!L59) -> 0 | R65: =IF(ISBLANK('3. Expenditures'!N59),0,'3. Expenditures'!N59) -> 0 | S65: =IF(ISBLANK('3. Expenditures'!P59),0,'3. Expenditures'!P59) -> 0 | T65: =IF(ISBLANK('3. Expenditures'!R59),0,'3. Expenditures'!R59) -> 0 | U65: =IF(ISBLANK('3. Expenditures'!T59),0,'3. Expenditures'!T59) -> 0
B66: =IF('INT-Pivots'!G61="","",'INT-Pivots'!G61) | C66: =IF('INT-Pivots'!H61="","",'INT-Pivots'!H61) | D66: =IF('INT-Pivots'!I61="","",'INT-Pivots'!I61) | E66: =IF('INT-Pivots'!J61="","",'INT-Pivots'!J61) | F66: =IF('INT-Pivots'!K61="","",'INT-Pivots'!K61) | G66: =IF('INT-Pivots'!L61="","",'INT-Pivots'!L61) | H66: =IF('INT-Pivots'!M61="","",'INT-Pivots'!M61) | I66: =IF(AND(ISNUMBER(SEARCH("Activity",$B66)),COUNTIF($D66:$H66,"Complete")>0),"yes","no") -> no | J66: =IF(AND(ISNUMBER(SEARCH("Output",$B66)),COUNTIF($D66:$H66,"Complete")>0),"yes","no") -> no | K66: =IF(AND(ISNUMBER(SEARCH("Outcome",$B66)),COUNTIF($D66:$H66,"Complete")>0),"yes","no") -> no | M66: =IF('INT-Pivots'!AT60="","",IF('INT-Pivots'!AT60="0","",'INT-Pivots'!AT60)) -> Activity 3.1.2Training programs designed and delivered to private bus operators and their bus drivers and workshop technicians | N66: =IF('INT-Pivots'!AU60="","",IF('INT-Pivots'!AU60="0","",'INT-Pivots'!AU60)) -> Travel | O66: =IF('INT-Pivots'!BA60="","",IF('INT-Pivots'!BA60="0","",'INT-Pivots'!BA60)) -> 500 | P66: =SUM(Q66:U66) -> 0 | Q66: =IF(ISBLANK('3. Expenditures'!L60),0,'3. Expenditures'!L60) -> 0 | R66: =IF(ISBLANK('3. Expenditures'!N60),0,'3. Expenditures'!N60) -> 0 | S66: =IF(ISBLANK('3. Expenditures'!P60),0,'3. Expenditures'!P60) -> 0 | T66: =IF(ISBLANK('3. Expenditures'!R60),0,'3. Expenditures'!R60) -> 0 | U66: =IF(ISBLANK('3. Expenditures'!T60),0,'3. Expenditures'!T60) -> 0
... B89: =IF('INT-Pivots'!G84="","",'INT-Pivots'!G84) | C89: =IF('INT-Pivots'!H84="","",'INT-Pivots'!H84) | D89: =IF('INT-Pivots'!I84="","",'INT-Pivots'!I84) | E89: =IF('INT-Pivots'!J84="","",'INT-Pivots'!J84) | F89: =IF('INT-Pivots'!K84="","",'INT-Pivots'!K84) | G89: =IF('INT-Pivots'!L84="","",'INT-Pivots'!L84) | H89: =IF('INT-Pivots'!M84="","",'INT-Pivots'!M84) | I89: =IF(AND(ISNUMBER(SEARCH("Activity",$B89)),COUNTIF($D89:$H89,"Complete")>0),"yes","no") -> no | J89: =IF(AND(ISNUMBER(SEARCH("Output",$B89)),COUNTIF($D89:$H89,"Complete")>0),"yes","no") -> no | K89: =IF(AND(ISNUMBER(SEARCH("Outcome",$B89)),COUNTIF($D89:$H89,"Complete")>0),"yes","no") -> no | M89: =IF('INT-Pivots'!AT83="","",IF('INT-Pivots'!AT83="0","",'INT-Pivots'!AT83)) | N89: =IF('INT-Pivots'!AU83="","",IF('INT-Pivots'!AU83="0","",'INT-Pivots'!AU83)) | O89: =IF('INT-Pivots'!BA83="","",IF('INT-Pivots'!BA83="0","",'INT-Pivots'!BA83)) | P89: =SUM(Q89:U89) -> 0 | Q89: =IF(ISBLANK('3. Expenditures'!L83),0,'3. Expenditures'!L83) -> 0 | R89: =IF(ISBLANK('3. Expenditures'!N83),0,'3. Expenditures'!N83) -> 0 | S89: =IF(ISBLANK('3. Expenditures'!P83),0,'3. Expenditures'!P83) -> 0 | T89: =IF(ISBLANK('3. Expenditures'!R83),0,'3. Expenditures'!R83) -> 0 | U89: =IF(ISBLANK('3. Expenditures'!T83),0,'3. Expenditures'!T83) -> 0
B90: =IF('INT-Pivots'!G85="","",'INT-Pivots'!G85) | C90: =IF('INT-Pivots'!K85="","",IF('INT-Pivots'!K85="(blank)","Project end",VALUE('INT-Pivots'!K85))) | D90: =IF(ISBLANK('2. Narrative'!R58),"",'2. Narrative'!R58) | E90: =IF(ISBLANK('2. Narrative'!X58),"",'2. Narrative'!X58) | F90: =IF(ISBLANK('2. Narrative'!AD58),"",'2. Narrative'!AD58) | G90: =IF(ISBLANK('2. Narrative'!AJ58),"",'2. Narrative'!AJ58) | H90: =IF(ISBLANK('2. Narrative'!AP58),"",'2. Narrative'!AP58) | I90: =IF(AND(ISNUMBER(SEARCH("Activity",$B90)),COUNTIF($D90:$H90,"Complete")>0),"yes","no") -> no | J90: =IF(AND(ISNUMBER(SEARCH("Output",$B90)),COUNTIF($D90:$H90,"Complete")>0),"yes","no") -> no | K90: =IF(AND(ISNUMBER(SEARCH("Outcome",$B90)),COUNTIF($D90:$H90,"Complete")>0),"yes","no") -> no | M90: =IF('INT-Pivots'!AT84="","",IF('INT-Pivots'!AT84="0","",'INT-Pivots'!AT84)) | N90: =IF('INT-Pivots'!AU84="","",IF('INT-Pivots'!AU84="0","",'INT-Pivots'!AU84)) | O90: =IF('INT-Pivots'!BA84="","",IF('INT-Pivots'!BA84="0","",'INT-Pivots'!BA84)) | P90: =SUM(Q90:U90) -> 0 | Q90: =IF(ISBLANK('3. Expenditures'!L84),0,'3. Expenditures'!L84) -> 0 | R90: =IF(ISBLANK('3. Expenditures'!N84),0,'3. Expenditures'!N84) -> 0 | S90: =IF(ISBLANK('3. Expenditures'!P84),0,'3. Expenditures'!P84) -> 0 | T90: =IF(ISBLANK('3. Expenditures'!R84),0,'3. Expenditures'!R84) -> 0 | U90: =IF(ISBLANK('3. Expenditures'!T84),0,'3. Expenditures'!T84) -> 0
B91: =IF('INT-Pivots'!G86="","",'INT-Pivots'!G86) | C91: =IF('INT-Pivots'!K86="","",IF('INT-Pivots'!K86="(blank)","Project end",VALUE('INT-Pivots'!K86))) | D91: =IF(ISBLANK('2. Narrative'!R59),"",'2. Narrative'!R59) | E91: =IF(ISBLANK('2. Narrative'!X59),"",'2. Narrative'!X59) | F91: =IF(ISBLANK('2. Narrative'!AD59),"",'2. Narrative'!AD59) | G91: =IF(ISBLANK('2. Narrative'!AJ59),"",'2. Narrative'!AJ59) | H91: =IF(ISBLANK('2. Narrative'!AP59),"",'2. Narrative'!AP59) | I91: =IF(AND(ISNUMBER(SEARCH("Activity",$B91)),COUNTIF($D91:$H91,"Complete")>0),"yes","no") -> no | J91: =IF(AND(ISNUMBER(SEARCH("Output",$B91)),COUNTIF($D91:$H91,"Complete")>0),"yes","no") -> no | K91: =IF(AND(ISNUMBER(SEARCH("Outcome",$B91)),COUNTIF($D91:$H91,"Complete")>0),"yes","no") -> no | M91: =IF('INT-Pivots'!AT85="","",IF('INT-Pivots'!AT85="0","",'INT-Pivots'!AT85)) | N91: =IF('INT-Pivots'!AU85="","",IF('INT-Pivots'!AU85="0","",'INT-Pivots'!AU85)) | O91: =IF('INT-Pivots'!BA85="","",IF('INT-Pivots'!BA85="0","",'INT-Pivots'!BA85)) | P91: =SUM(Q91:U91) -> 0 | Q91: =IF(ISBLANK('3. Expenditures'!L85),0,'3. Expenditures'!L85) -> 0 | R91: =IF(ISBLANK('3. Expenditures'!N85),0,'3. Expenditures'!N85) -> 0 | S91: =IF(ISBLANK('3. Expenditures'!P85),0,'3. Expenditures'!P85) -> 0 | T91: =IF(ISBLANK('3. Expenditures'!R85),0,'3. Expenditures'!R85) -> 0 | U91: =IF(ISBLANK('3. Expenditures'!T85),0,'3. Expenditures'!T85) -> 0
B92: =IF('INT-Pivots'!G87="","",'INT-Pivots'!G87) | C92: =IF('INT-Pivots'!K87="","",IF('INT-Pivots'!K87="(blank)","Project end",VALUE('INT-Pivots'!K87))) | D92: =IF(ISBLANK('2. Narrative'!R60),"",'2. Narrative'!R60) | E92: =IF(ISBLANK('2. Narrative'!X60),"",'2. Narrative'!X60) | F92: =IF(ISBLANK('2. Narrative'!AD60),"",'2. Narrative'!AD60) | G92: =IF(ISBLANK('2. Narrative'!AJ60),"",'2. Narrative'!AJ60) | H92: =IF(ISBLANK('2. Narrative'!AP60),"",'2. Narrative'!AP60) | I92: =IF(AND(ISNUMBER(SEARCH("Activity",$B92)),COUNTIF($D92:$H92,"Complete")>0),"yes","no") -> no | J92: =IF(AND(ISNUMBER(SEARCH("Output",$B92)),COUNTIF($D92:$H92,"Complete")>0),"yes","no") -> no | K92: =IF(AND(ISNUMBER(SEARCH("Outcome",$B92)),COUNTIF($D92:$H92,"Complete")>0),"yes","no") -> no | M92: =IF('INT-Pivots'!AT86="","",IF('INT-Pivots'!AT86="0","",'INT-Pivots'!AT86)) | N92: =IF('INT-Pivots'!AU86="","",IF('INT-Pivots'!AU86="0","",'INT-Pivots'!AU86)) | O92: =IF('INT-Pivots'!BA86="","",IF('INT-Pivots'!BA86="0","",'INT-Pivots'!BA86)) | P92: =SUM(Q92:U92) -> 0 | Q92: =IF(ISBLANK('3. Expenditures'!L86),0,'3. Expenditures'!L86) -> 0 | R92: =IF(ISBLANK('3. Expenditures'!N86),0,'3. Expenditures'!N86) -> 0 | S92: =IF(ISBLANK('3. Expenditures'!P86),0,'3. Expenditures'!P86) -> 0 | T92: =IF(ISBLANK('3. Expenditures'!R86),0,'3. Expenditures'!R86) -> 0 | U92: =IF(ISBLANK('3. Expenditures'!T86),0,'3. Expenditures'!T86) -> 0
B93: =IF('INT-Pivots'!G88="","",'INT-Pivots'!G88) | C93: =IF('INT-Pivots'!K88="","",IF('INT-Pivots'!K88="(blank)","Project end",VALUE('INT-Pivots'!K88))) | D93: =IF(ISBLANK('2. Narrative'!R61),"",'2. Narrative'!R61) | E93: =IF(ISBLANK('2. Narrative'!X61),"",'2. Narrative'!X61) | F93: =IF(ISBLANK('2. Narrative'!AD61),"",'2. Narrative'!AD61) | G93: =IF(ISBLANK('2. Narrative'!AJ61),"",'2. Narrative'!AJ61) | H93: =IF(ISBLANK('2. Narrative'!AP61),"",'2. Narrative'!AP61) | I93: =IF(AND(ISNUMBER(SEARCH("Activity",$B93)),COUNTIF($D93:$H93,"Complete")>0),"yes","no") -> no | J93: =IF(AND(ISNUMBER(SEARCH("Output",$B93)),COUNTIF($D93:$H93,"Complete")>0),"yes","no") -> no | K93: =IF(AND(ISNUMBER(SEARCH("Outcome",$B93)),COUNTIF($D93:$H93,"Complete")>0),"yes","no") -> no | M93: =IF('INT-Pivots'!AT87="","",IF('INT-Pivots'!AT87="0","",'INT-Pivots'!AT87)) | N93: =IF('INT-Pivots'!AU87="","",IF('INT-Pivots'!AU87="0","",'INT-Pivots'!AU87)) | O93: =IF('INT-Pivots'!BA87="","",IF('INT-Pivots'!BA87="0","",'INT-Pivots'!BA87)) | P93: =SUM(Q93:U93) -> 0 | Q93: =IF(ISBLANK('3. Expenditures'!L87),0,'3. Expenditures'!L87) -> 0 | R93: =IF(ISBLANK('3. Expenditures'!N87),0,'3. Expenditures'!N87) -> 0 | S93: =IF(ISBLANK('3. Expenditures'!P87),0,'3. Expenditures'!P87) -> 0 | T93: =IF(ISBLANK('3. Expenditures'!R87),0,'3. Expenditures'!R87) -> 0 | U93: =IF(ISBLANK('3. Expenditures'!T87),0,'3. Expenditures'!T87) -> 0
B94: =IF('INT-Pivots'!G89="","",'INT-Pivots'!G89) | C94: =IF('INT-Pivots'!K89="","",IF('INT-Pivots'!K89="(blank)","Project end",VALUE('INT-Pivots'!K89))) | D94: =IF(ISBLANK('2. Narrative'!R62),"",'2. Narrative'!R62) | E94: =IF(ISBLANK('2. Narrative'!X62),"",'2. Narrative'!X62) | F94: =IF(ISBLANK('2. Narrative'!AD62),"",'2. Narrative'!AD62) | G94: =IF(ISBLANK('2. Narrative'!AJ62),"",'2. Narrative'!AJ62) | H94: =IF(ISBLANK('2. Narrative'!AP62),"",'2. Narrative'!AP62) | I94: =IF(AND(ISNUMBER(SEARCH("Activity",$B94)),COUNTIF($D94:$H94,"Complete")>0),"yes","no") -> no | J94: =IF(AND(ISNUMBER(SEARCH("Output",$B94)),COUNTIF($D94:$H94,"Complete")>0),"yes","no") -> no | K94: =IF(AND(ISNUMBER(SEARCH("Outcome",$B94)),COUNTIF($D94:$H94,"Complete")>0),"yes","no") -> no | M94: =IF('INT-Pivots'!AT88="","",IF('INT-Pivots'!AT88="0","",'INT-Pivots'!AT88)) | N94: =IF('INT-Pivots'!AU88="","",IF('INT-Pivots'!AU88="0","",'INT-Pivots'!AU88)) | O94: =IF('INT-Pivots'!BA88="","",IF('INT-Pivots'!BA88="0","",'INT-Pivots'!BA88)) | P94: =SUM(Q94:U94) -> 0 | Q94: =IF(ISBLANK('3. Expenditures'!L88),0,'3. Expenditures'!L88) -> 0 | R94: =IF(ISBLANK('3. Expenditures'!N88),0,'3. Expenditures'!N88) -> 0 | S94: =IF(ISBLANK('3. Expenditures'!P88),0,'3. Expenditures'!P88) -> 0 | T94: =IF(ISBLANK('3. Expenditures'!R88),0,'3. Expenditures'!R88) -> 0 | U94: =IF(ISBLANK('3. Expenditures'!T88),0,'3. Expenditures'!T88) -> 0
B95: =IF('INT-Pivots'!G90="","",'INT-Pivots'!G90) | C95: =IF('INT-Pivots'!K90="","",IF('INT-Pivots'!K90="(blank)","Project end",VALUE('INT-Pivots'!K90))) | D95: =IF(ISBLANK('2. Narrative'!R63),"",'2. Narrative'!R63) | E95: =IF(ISBLANK('2. Narrative'!X63),"",'2. Narrative'!X63) | F95: =IF(ISBLANK('2. Narrative'!AD63),"",'2. Narrative'!AD63) | G95: =IF(ISBLANK('2. Narrative'!AJ63),"",'2. Narrative'!AJ63) | H95: =IF(ISBLANK('2. Narrative'!AP63),"",'2. Narrative'!AP63) | I95: =IF(AND(ISNUMBER(SEARCH("Activity",$B95)),COUNTIF($D95:$H95,"Complete")>0),"yes","no") -> no | J95: =IF(AND(ISNUMBER(SEARCH("Output",$B95)),COUNTIF($D95:$H95,"Complete")>0),"yes","no") -> no | K95: =IF(AND(ISNUMBER(SEARCH("Outcome",$B95)),COUNTIF($D95:$H95,"Complete")>0),"yes","no") -> no | M95: =IF('INT-Pivots'!AT89="","",IF('INT-Pivots'!AT89="0","",'INT-Pivots'!AT89)) | N95: =IF('INT-Pivots'!AU89="","",IF('INT-Pivots'!AU89="0","",'INT-Pivots'!AU89)) | O95: =IF('INT-Pivots'!BA89="","",IF('INT-Pivots'!BA89="0","",'INT-Pivots'!BA89)) | P95: =SUM(Q95:U95) -> 0 | Q95: =IF(ISBLANK('3. Expenditures'!L89),0,'3. Expenditures'!L89) -> 0 | R95: =IF(ISBLANK('3. Expenditures'!N89),0,'3. Expenditures'!N89) -> 0 | S95: =IF(ISBLANK('3. Expenditures'!P89),0,'3. Expenditures'!P89) -> 0 | T95: =IF(ISBLANK('3. Expenditures'!R89),0,'3. Expenditures'!R89) -> 0 | U95: =IF(ISBLANK('3. Expenditures'!T89),0,'3. Expenditures'!T89) -> 0
B96: =IF('INT-Pivots'!G91="","",'INT-Pivots'!G91) | C96: =IF('INT-Pivots'!K91="","",IF('INT-Pivots'!K91="(blank)","Project end",VALUE('INT-Pivots'!K91))) | D96: =IF(ISBLANK('2. Narrative'!R64),"",'2. Narrative'!R64) | E96: =IF(ISBLANK('2. Narrative'!X64),"",'2. Narrative'!X64) | F96: =IF(ISBLANK('2. Narrative'!AD64),"",'2. Narrative'!AD64) | G96: =IF(ISBLANK('2. Narrative'!AJ64),"",'2. Narrative'!AJ64) | H96: =IF(ISBLANK('2. Narrative'!AP64),"",'2. Narrative'!AP64) | I96: =IF(AND(ISNUMBER(SEARCH("Activity",$B96)),COUNTIF($D96:$H96,"Complete")>0),"yes","no") -> no | J96: =IF(AND(ISNUMBER(SEARCH("Output",$B96)),COUNTIF($D96:$H96,"Complete")>0),"yes","no") -> no | K96: =IF(AND(ISNUMBER(SEARCH("Outcome",$B96)),COUNTIF($D96:$H96,"Complete")>0),"yes","no") -> no | M96: =IF('INT-Pivots'!AT90="","",IF('INT-Pivots'!AT90="0","",'INT-Pivots'!AT90)) | N96: =IF('INT-Pivots'!AU90="","",IF('INT-Pivots'!AU90="0","",'INT-Pivots'!AU90)) | O96: =IF('INT-Pivots'!BA90="","",IF('INT-Pivots'!BA90="0","",'INT-Pivots'!BA90)) | P96: =SUM(Q96:U96) -> 0 | Q96: =IF(ISBLANK('3. Expenditures'!L90),0,'3. Expenditures'!L90) -> 0 | R96: =IF(ISBLANK('3. Expenditures'!N90),0,'3. Expenditures'!N90) -> 0 | S96: =IF(ISBLANK('3. Expenditures'!P90),0,'3. Expenditures'!P90) -> 0 | T96: =IF(ISBLANK('3. Expenditures'!R90),0,'3. Expenditures'!R90) -> 0 | U96: =IF(ISBLANK('3. Expenditures'!T90),0,'3. Expenditures'!T90) -> 0
B97: =IF('INT-Pivots'!G92="","",'INT-Pivots'!G92) | C97: =IF('INT-Pivots'!K92="","",IF('INT-Pivots'!K92="(blank)","Project end",VALUE('INT-Pivots'!K92))) | D97: =IF(ISBLANK('2. Narrative'!R65),"",'2. Narrative'!R65) | E97: =IF(ISBLANK('2. Narrative'!X65),"",'2. Narrative'!X65) | F97: =IF(ISBLANK('2. Narrative'!AD65),"",'2. Narrative'!AD65) | G97: =IF(ISBLANK('2. Narrative'!AJ65),"",'2. Narrative'!AJ65) | H97: =IF(ISBLANK('2. Narrative'!AP65),"",'2. Narrative'!AP65) | I97: =IF(AND(ISNUMBER(SEARCH("Activity",$B97)),COUNTIF($D97:$H97,"Complete")>0),"yes","no") -> no | J97: =IF(AND(ISNUMBER(SEARCH("Output",$B97)),COUNTIF($D97:$H97,"Complete")>0),"yes","no") -> no | K97: =IF(AND(ISNUMBER(SEARCH("Outcome",$B97)),COUNTIF($D97:$H97,"Complete")>0),"yes","no") -> no | M97: =IF('INT-Pivots'!AT91="","",IF('INT-Pivots'!AT91="0","",'INT-Pivots'!AT91)) | N97: =IF('INT-Pivots'!AU91="","",IF('INT-Pivots'!AU91="0","",'INT-Pivots'!AU91)) | O97: =IF('INT-Pivots'!BA91="","",IF('INT-Pivots'!BA91="0","",'INT-Pivots'!BA91)) | P97: =SUM(Q97:U97) -> 0 | Q97: =IF(ISBLANK('3. Expenditures'!L91),0,'3. Expenditures'!L91) -> 0 | R97: =IF(ISBLANK('3. Expenditures'!N91),0,'3. Expenditures'!N91) -> 0 | S97: =IF(ISBLANK('3. Expenditures'!P91),0,'3. Expenditures'!P91) -> 0 | T97: =IF(ISBLANK('3. Expenditures'!R91),0,'3. Expenditures'!R91) -> 0 | U97: =IF(ISBLANK('3. Expenditures'!T91),0,'3. Expenditures'!T91) -> 0
B98: =IF('INT-Pivots'!G93="","",'INT-Pivots'!G93) | C98: =IF('INT-Pivots'!K93="","",IF('INT-Pivots'!K93="(blank)","Project end",VALUE('INT-Pivots'!K93))) | D98: =IF(ISBLANK('2. Narrative'!R66),"",'2. Narrative'!R66) | E98: =IF(ISBLANK('2. Narrative'!X66),"",'2. Narrative'!X66) | F98: =IF(ISBLANK('2. Narrative'!AD66),"",'2. Narrative'!AD66) | G98: =IF(ISBLANK('2. Narrative'!AJ66),"",'2. Narrative'!AJ66) | H98: =IF(ISBLANK('2. Narrative'!AP66),"",'2. Narrative'!AP66) | I98: =IF(AND(ISNUMBER(SEARCH("Activity",$B98)),COUNTIF($D98:$H98,"Complete")>0),"yes","no") -> no | J98: =IF(AND(ISNUMBER(SEARCH("Output",$B98)),COUNTIF($D98:$H98,"Complete")>0),"yes","no") -> no | K98: =IF(AND(ISNUMBER(SEARCH("Outcome",$B98)),COUNTIF($D98:$H98,"Complete")>0),"yes","no") -> no | M98: =IF('INT-Pivots'!AT92="","",IF('INT-Pivots'!AT92="0","",'INT-Pivots'!AT92)) | N98: =IF('INT-Pivots'!AU92="","",IF('INT-Pivots'!AU92="0","",'INT-Pivots'!AU92)) | O98: =IF('INT-Pivots'!BA92="","",IF('INT-Pivots'!BA92="0","",'INT-Pivots'!BA92)) | P98: =SUM(Q98:U98) -> 0 | Q98: =IF(ISBLANK('3. Expenditures'!L92),0,'3. Expenditures'!L92) -> 0 | R98: =IF(ISBLANK('3. Expenditures'!N92),0,'3. Expenditures'!N92) -> 0 | S98: =IF(ISBLANK('3. Expenditures'!P92),0,'3. Expenditures'!P92) -> 0 | T98: =IF(ISBLANK('3. Expenditures'!R92),0,'3. Expenditures'!R92) -> 0 | U98: =IF(ISBLANK('3. Expenditures'!T92),0,'3. Expenditures'!T92) -> 0
B99: =IF('INT-Pivots'!G94="","",'INT-Pivots'!G94) | C99: =IF('INT-Pivots'!K94="","",IF('INT-Pivots'!K94="(blank)","Project end",VALUE('INT-Pivots'!K94))) | D99: =IF(ISBLANK('2. Narrative'!R67),"",'2. Narrative'!R67) | E99: =IF(ISBLANK('2. Narrative'!X67),"",'2. Narrative'!X67) | F99: =IF(ISBLANK('2. Narrative'!AD67),"",'2. Narrative'!AD67) | G99: =IF(ISBLANK('2. Narrative'!AJ67),"",'2. Narrative'!AJ67) | H99: =IF(ISBLANK('2. Narrative'!AP67),"",'2. Narrative'!AP67) | I99: =IF(AND(ISNUMBER(SEARCH("Activity",$B99)),COUNTIF($D99:$H99,"Complete")>0),"yes","no") -> no | J99: =IF(AND(ISNUMBER(SEARCH("Output",$B99)),COUNTIF($D99:$H99,"Complete")>0),"yes","no") -> no | K99: =IF(AND(ISNUMBER(SEARCH("Outcome",$B99)),COUNTIF($D99:$H99,"Complete")>0),"yes","no") -> no | M99: =IF('INT-Pivots'!AT93="","",IF('INT-Pivots'!AT93="0","",'INT-Pivots'!AT93)) | N99: =IF('INT-Pivots'!AU93="","",IF('INT-Pivots'!AU93="0","",'INT-Pivots'!AU93)) | O99: =IF('INT-Pivots'!BA93="","",IF('INT-Pivots'!BA93="0","",'INT-Pivots'!BA93)) | P99: =SUM(Q99:U99) -> 0 | Q99: =IF(ISBLANK('3. Expenditures'!L93),0,'3. Expenditures'!L93) -> 0 | R99: =IF(ISBLANK('3. Expenditures'!N93),0,'3. Expenditures'!N93) -> 0 | S99: =IF(ISBLANK('3. Expenditures'!P93),0,'3. Expenditures'!P93) -> 0 | T99: =IF(ISBLANK('3. Expenditures'!R93),0,'3. Expenditures'!R93) -> 0 | U99: =IF(ISBLANK('3. Expenditures'!T93),0,'3. Expenditures'!T93) -> 0
B100: =IF('INT-Pivots'!G95="","",'INT-Pivots'!G95) | C100: =IF('INT-Pivots'!K95="","",IF('INT-Pivots'!K95="(blank)","Project end",VALUE('INT-Pivots'!K95))) | D100: =IF(ISBLANK('2. Narrative'!R68),"",'2. Narrative'!R68) | E100: =IF(ISBLANK('2. Narrative'!X68),"",'2. Narrative'!X68) | F100: =IF(ISBLANK('2. Narrative'!AD68),"",'2. Narrative'!AD68) | G100: =IF(ISBLANK('2. Narrative'!AJ68),"",'2. Narrative'!AJ68) | H100: =IF(ISBLANK('2. Narrative'!AP68),"",'2. Narrative'!AP68) | I100: =IF(AND(ISNUMBER(SEARCH("Activity",$B100)),COUNTIF($D100:$H100,"Complete")>0),"yes","no") -> no | J100: =IF(AND(ISNUMBER(SEARCH("Output",$B100)),COUNTIF($D100:$H100,"Complete")>0),"yes","no") -> no | K100: =IF(AND(ISNUMBER(SEARCH("Outcome",$B100)),COUNTIF($D100:$H100,"Complete")>0),"yes","no") -> no | M100: =IF('INT-Pivots'!AT94="","",IF('INT-Pivots'!AT94="0","",'INT-Pivots'!AT94)) | N100: =IF('INT-Pivots'!AU94="","",IF('INT-Pivots'!AU94="0","",'INT-Pivots'!AU94)) | O100: =IF('INT-Pivots'!BA94="","",IF('INT-Pivots'!BA94="0","",'INT-Pivots'!BA94)) | P100: =SUM(Q100:U100) -> 0 | Q100: =IF(ISBLANK('3. Expenditures'!L94),0,'3. Expenditures'!L94) -> 0 | R100: =IF(ISBLANK('3. Expenditures'!N94),0,'3. Expenditures'!N94) -> 0 | S100: =IF(ISBLANK('3. Expenditures'!P94),0,'3. Expenditures'!P94) -> 0 | T100: =IF(ISBLANK('3. Expenditures'!R94),0,'3. Expenditures'!R94) -> 0 | U100: =IF(ISBLANK('3. Expenditures'!T94),0,'3. Expenditures'!T94) -> 0
B101: =IF('INT-Pivots'!G96="","",'INT-Pivots'!G96) | C101: =IF('INT-Pivots'!K96="","",IF('INT-Pivots'!K96="(blank)","Project end",VALUE('INT-Pivots'!K96))) | D101: =IF(ISBLANK('2. Narrative'!R69),"",'2. Narrative'!R69) | E101: =IF(ISBLANK('2. Narrative'!X69),"",'2. Narrative'!X69) | F101: =IF(ISBLANK('2. Narrative'!AD69),"",'2. Narrative'!AD69) | G101: =IF(ISBLANK('2. Narrative'!AJ69),"",'2. Narrative'!AJ69) | H101: =IF(ISBLANK('2. Narrative'!AP69),"",'2. Narrative'!AP69) | I101: =IF(AND(ISNUMBER(SEARCH("Activity",$B101)),COUNTIF($D101:$H101,"Complete")>0),"yes","no") -> no | J101: =IF(AND(ISNUMBER(SEARCH("Output",$B101)),COUNTIF($D101:$H101,"Complete")>0),"yes","no") -> no | K101: =IF(AND(ISNUMBER(SEARCH("Outcome",$B101)),COUNTIF($D101:$H101,"Complete")>0),"yes","no") -> no | M101: =IF('INT-Pivots'!AT95="","",IF('INT-Pivots'!AT95="0","",'INT-Pivots'!AT95)) | N101: =IF('INT-Pivots'!AU95="","",IF('INT-Pivots'!AU95="0","",'INT-Pivots'!AU95)) | O101: =IF('INT-Pivots'!BA95="","",IF('INT-Pivots'!BA95="0","",'INT-Pivots'!BA95)) | P101: =SUM(Q101:U101) -> 0 | Q101: =IF(ISBLANK('3. Expenditures'!L95),0,'3. Expenditures'!L95) -> 0 | R101: =IF(ISBLANK('3. Expenditures'!N95),0,'3. Expenditures'!N95) -> 0 | S101: =IF(ISBLANK('3. Expenditures'!P95),0,'3. Expenditures'!P95) -> 0 | T101: =IF(ISBLANK('3. Expenditures'!R95),0,'3. Expenditures'!R95) -> 0 | U101: =IF(ISBLANK('3. Expenditures'!T95),0,'3. Expenditures'!T95) -> 0
... B208: =IF('INT-Pivots'!G203="","",'INT-Pivots'!G203) | C208: =IF('INT-Pivots'!K203="","",IF('INT-Pivots'!K203="(blank)","Project end",VALUE('INT-Pivots'!K203))) | D208: =IF(ISBLANK('2. Narrative'!R176),"",'2. Narrative'!R176) | E208: =IF(ISBLANK('2. Narrative'!X176),"",'2. Narrative'!X176) | F208: =IF(ISBLANK('2. Narrative'!AD176),"",'2. Narrative'!AD176) | G208: =IF(ISBLANK('2. Narrative'!AJ176),"",'2. Narrative'!AJ176) | H208: =IF(ISBLANK('2. Narrative'!AP176),"",'2. Narrative'!AP176) | I208: =IF(AND(ISNUMBER(SEARCH("Activity",$B208)),COUNTIF($D208:$H208,"Complete")>0),"yes","no") -> no | J208: =IF(AND(ISNUMBER(SEARCH("Output",$B208)),COUNTIF($D208:$H208,"Complete")>0),"yes","no") -> no | K208: =IF(AND(ISNUMBER(SEARCH("Outcome",$B208)),COUNTIF($D208:$H208,"Complete")>0),"yes","no") -> no | M208: =IF('INT-Pivots'!AT202="","",IF('INT-Pivots'!AT202="0","",'INT-Pivots'!AT202)) | N208: =IF('INT-Pivots'!AU202="","",IF('INT-Pivots'!AU202="0","",'INT-Pivots'!AU202)) | O208: =IF('INT-Pivots'!BA202="","",IF('INT-Pivots'!BA202="0","",'INT-Pivots'!BA202)) | P208: =SUM(Q208:U208) -> 0 | Q208: =IF(ISBLANK('3. Expenditures'!L202),0,'3. Expenditures'!L202) -> 0 | R208: =IF(ISBLANK('3. Expenditures'!N202),0,'3. Expenditures'!N202) -> 0 | S208: =IF(ISBLANK('3. Expenditures'!P202),0,'3. Expenditures'!P202) -> 0 | T208: =IF(ISBLANK('3. Expenditures'!R202),0,'3. Expenditures'!R202) -> 0 | U208: =IF(ISBLANK('3. Expenditures'!T202),0,'3. Expenditures'!T202) -> 0
C209: =IF('INT-Pivots'!K204="","",IF('INT-Pivots'!K204="(blank)","Project end",VALUE('INT-Pivots'!K204))) | D209: =IF(ISBLANK('2. Narrative'!R177),"",'2. Narrative'!R177) | E209: =IF(ISBLANK('2. Narrative'!X177),"",'2. Narrative'!X177) | F209: =IF(ISBLANK('2. Narrative'!AD177),"",'2. Narrative'!AD177) | G209: =IF(ISBLANK('2. Narrative'!AJ177),"",'2. Narrative'!AJ177) | H209: =IF(ISBLANK('2. Narrative'!AP177),"",'2. Narrative'!AP177) | M209: =IF('INT-Pivots'!AT203="","",IF('INT-Pivots'!AT203="0","",'INT-Pivots'!AT203)) | N209: =IF('INT-Pivots'!AU203="","",IF('INT-Pivots'!AU203="0","",'INT-Pivots'!AU203)) | O209: =IF('INT-Pivots'!BA203="","",IF('INT-Pivots'!BA203="0","",'INT-Pivots'!BA203)) | P209: =SUM(Q209:U209) -> 0 | Q209: =IF(ISBLANK('3. Expenditures'!L203),0,'3. Expenditures'!L203) -> 0 | R209: =IF(ISBLANK('3. Expenditures'!N203),0,'3. Expenditures'!N203) -> 0 | S209: =IF(ISBLANK('3. Expenditures'!P203),0,'3. Expenditures'!P203) -> 0 | T209: =IF(ISBLANK('3. Expenditures'!R203),0,'3. Expenditures'!R203) -> 0 | U209: =IF(ISBLANK('3. Expenditures'!T203),0,'3. Expenditures'!T203) -> 0
M210: =IF('INT-Pivots'!AT204="","",IF('INT-Pivots'!AT204="0","",'INT-Pivots'!AT204)) | N210: =IF('INT-Pivots'!AU204="","",IF('INT-Pivots'!AU204="0","",'INT-Pivots'!AU204)) | O210: =IF('INT-Pivots'!BA204="","",IF('INT-Pivots'!BA204="0","",'INT-Pivots'!BA204)) | P210: =SUM(Q210:U210) -> 0 | Q210: =IF(ISBLANK('3. Expenditures'!L204),0,'3. Expenditures'!L204) -> 0 | R210: =IF(ISBLANK('3. Expenditures'!N204),0,'3. Expenditures'!N204) -> 0 | S210: =IF(ISBLANK('3. Expenditures'!P204),0,'3. Expenditures'!P204) -> 0 | T210: =IF(ISBLANK('3. Expenditures'!R204),0,'3. Expenditures'!R204) -> 0 | U210: =IF(ISBLANK('3. Expenditures'!T204),0,'3. Expenditures'!T204) -> 0
P211: =SUM(Q211:U211) -> 0 | Q211: =IF(ISBLANK('3. Expenditures'!L205),0,'3. Expenditures'!L205) -> 0 | R211: =IF(ISBLANK('3. Expenditures'!N205),0,'3. Expenditures'!N205) -> 0 | S211: =IF(ISBLANK('3. Expenditures'!P205),0,'3. Expenditures'!P205) -> 0 | T211: =IF(ISBLANK('3. Expenditures'!R205),0,'3. Expenditures'!R205) -> 0 | U211: =IF(ISBLANK('3. Expenditures'!T205),0,'3. Expenditures'!T205) -> 0
P212: =SUM(Q212:U212) -> 0 | Q212: =IF(ISBLANK('3. Expenditures'!L206),0,'3. Expenditures'!L206) -> 0 | R212: =IF(ISBLANK('3. Expenditures'!N206),0,'3. Expenditures'!N206) -> 0 | S212: =IF(ISBLANK('3. Expenditures'!P206),0,'3. Expenditures'!P206) -> 0 | T212: =IF(ISBLANK('3. Expenditures'!R206),0,'3. Expenditures'!R206) -> 0 | U212: =IF(ISBLANK('3. Expenditures'!T206),0,'3. Expenditures'!T206) -> 0
P213: =SUM(Q213:U213) -> 0 | Q213: =IF(ISBLANK('3. Expenditures'!L207),0,'3. Expenditures'!L207) -> 0 | R213: =IF(ISBLANK('3. Expenditures'!N207),0,'3. Expenditures'!N207) -> 0 | S213: =IF(ISBLANK('3. Expenditures'!P207),0,'3. Expenditures'!P207) -> 0 | T213: =IF(ISBLANK('3. Expenditures'!R207),0,'3. Expenditures'!R207) -> 0 | U213: =IF(ISBLANK('3. Expenditures'!T207),0,'3. Expenditures'!T207) -> 0
P214: =SUM(Q214:U214) -> 0 | Q214: =IF(ISBLANK('3. Expenditures'!L208),0,'3. Expenditures'!L208) -> 0 | R214: =IF(ISBLANK('3. Expenditures'!N208),0,'3. Expenditures'!N208) -> 0 | S214: =IF(ISBLANK('3. Expenditures'!P208),0,'3. Expenditures'!P208) -> 0 | T214: =IF(ISBLANK('3. Expenditures'!R208),0,'3. Expenditures'!R208) -> 0 | U214: =IF(ISBLANK('3. Expenditures'!T208),0,'3. Expenditures'!T208) -> 0
P215: =SUM(Q215:U215) -> 0 | Q215: =IF(ISBLANK('3. Expenditures'!L209),0,'3. Expenditures'!L209) -> 0 | R215: =IF(ISBLANK('3. Expenditures'!N209),0,'3. Expenditures'!N209) -> 0 | S215: =IF(ISBLANK('3. Expenditures'!P209),0,'3. Expenditures'!P209) -> 0 | T215: =IF(ISBLANK('3. Expenditures'!R209),0,'3. Expenditures'!R209) -> 0 | U215: =IF(ISBLANK('3. Expenditures'!T209),0,'3. Expenditures'!T209) -> 0
P216: =SUM(Q216:U216) -> 0 | Q216: =IF(ISBLANK('3. Expenditures'!L210),0,'3. Expenditures'!L210) -> 0 | R216: =IF(ISBLANK('3. Expenditures'!N210),0,'3. Expenditures'!N210) -> 0 | S216: =IF(ISBLANK('3. Expenditures'!P210),0,'3. Expenditures'!P210) -> 0 | T216: =IF(ISBLANK('3. Expenditures'!R210),0,'3. Expenditures'!R210) -> 0 | U216: =IF(ISBLANK('3. Expenditures'!T210),0,'3. Expenditures'!T210) -> 0
P217: =SUM(Q217:U217) -> 0 | Q217: =IF(ISBLANK('3. Expenditures'!L211),0,'3. Expenditures'!L211) -> 0 | R217: =IF(ISBLANK('3. Expenditures'!N211),0,'3. Expenditures'!N211) -> 0 | S217: =IF(ISBLANK('3. Expenditures'!P211),0,'3. Expenditures'!P211) -> 0 | T217: =IF(ISBLANK('3. Expenditures'!R211),0,'3. Expenditures'!R211) -> 0 | U217: =IF(ISBLANK('3. Expenditures'!T211),0,'3. Expenditures'!T211) -> 0
P218: =SUM(Q218:U218) -> 0 | Q218: =IF(ISBLANK('3. Expenditures'!L212),0,'3. Expenditures'!L212) -> 0 | R218: =IF(ISBLANK('3. Expenditures'!N212),0,'3. Expenditures'!N212) -> 0 | S218: =IF(ISBLANK('3. Expenditures'!P212),0,'3. Expenditures'!P212) -> 0 | T218: =IF(ISBLANK('3. Expenditures'!R212),0,'3. Expenditures'!R212) -> 0 | U218: =IF(ISBLANK('3. Expenditures'!T212),0,'3. Expenditures'!T212) -> 0
P219: =SUM(Q219:U219) -> 0 | Q219: =IF(ISBLANK('3. Expenditures'!L213),0,'3. Expenditures'!L213) -> 0 | R219: =IF(ISBLANK('3. Expenditures'!N213),0,'3. Expenditures'!N213) -> 0 | S219: =IF(ISBLANK('3. Expenditures'!P213),0,'3. Expenditures'!P213) -> 0 | T219: =IF(ISBLANK('3. Expenditures'!R213),0,'3. Expenditures'!R213) -> 0 | U219: =IF(ISBLANK('3. Expenditures'!T213),0,'3. Expenditures'!T213) -> 0
P220: =SUM(Q220:U220) -> 0 | Q220: =IF(ISBLANK('3. Expenditures'!L214),0,'3. Expenditures'!L214) -> 0 | R220: =IF(ISBLANK('3. Expenditures'!N214),0,'3. Expenditures'!N214) -> 0 | S220: =IF(ISBLANK('3. Expenditures'!P214),0,'3. Expenditures'!P214) -> 0 | T220: =IF(ISBLANK('3. Expenditures'!R214),0,'3. Expenditures'!R214) -> 0 | U220: =IF(ISBLANK('3. Expenditures'!T214),0,'3. Expenditures'!T214) -> 0
P221: =SUM(Q221:U221) -> 0 | Q221: =IF(ISBLANK('3. Expenditures'!L215),0,'3. Expenditures'!L215) -> 0 | R221: =IF(ISBLANK('3. Expenditures'!N215),0,'3. Expenditures'!N215) -> 0 | S221: =IF(ISBLANK('3. Expenditures'!P215),0,'3. Expenditures'!P215) -> 0 | T221: =IF(ISBLANK('3. Expenditures'!R215),0,'3. Expenditures'!R215) -> 0 | U221: =IF(ISBLANK('3. Expenditures'!T215),0,'3. Expenditures'!T215) -> 0
P222: =SUM(Q222:U222) -> 0 | Q222: =IF(ISBLANK('3. Expenditures'!L216),0,'3. Expenditures'!L216) -> 0 | R222: =IF(ISBLANK('3. Expenditures'!N216),0,'3. Expenditures'!N216) -> 0 | S222: =IF(ISBLANK('3. Expenditures'!P216),0,'3. Expenditures'!P216) -> 0 | T222: =IF(ISBLANK('3. Expenditures'!R216),0,'3. Expenditures'!R216) -> 0 | U222: =IF(ISBLANK('3. Expenditures'!T216),0,'3. Expenditures'!T216) -> 0
... P236: =SUM(Q236:U236) -> 0 | Q236: =IF(ISBLANK('3. Expenditures'!L230),0,'3. Expenditures'!L230) -> 0 | R236: =IF(ISBLANK('3. Expenditures'!N230),0,'3. Expenditures'!N230) -> 0 | S236: =IF(ISBLANK('3. Expenditures'!P230),0,'3. Expenditures'!P230) -> 0 | T236: =IF(ISBLANK('3. Expenditures'!R230),0,'3. Expenditures'!R230) -> 0 | U236: =IF(ISBLANK('3. Expenditures'!T230),0,'3. Expenditures'!T230) -> 0

Sheet 1.Signature page
B1: 1. Signature & submission page
B2: ADMINISTRATIVE INFORMATION | F2: INSTRUCTIONS
B3: Project title | C3: ='INT-Pivots'!BJ6 -> Enabling Environment for Electric Buses for Public Transport and their Pilot Deployment in Colombo, Sri Lanka (HDV-23-003) | F3: This page must be completed, signed and sent to the CCAC Secretariat each reporting period along with the completed Progress Report template in Excel. The Cover Page can be saved as a PDF or printed. Insert logo --Click "Insert" in the ribbon / tool bar --Click "Illustrations", then "Pictures" --Select the location of the logo --Select the image file (file such as JPG) and click "Insert" --Move and/or resize logo over top the red text Sign the cover page Option 1 - insert signature as image --Scan and save your signature as an image (JPG or PNG) --In the Progress Report template, select the cell into which you want to add your signature --Click "Insert" in the ribbon / tool bar --Click "Illustrations", then "Pictures" --Select the location of the signature --Select the image file and click "Insert" --Move and/or resize signature as needed Option 2 - sign digital or printed copy --Complete all required fields on the cover page (except signature) --Click "File" in the ribbon / tool bar --Click "Print" --Select your printer OR print to PDF
B4: Implementer | C4: UNDP Sri Lanka
B5: Co-implementers
B6: Agreement ID | C6: 24-035-HDV-23-003
B7: Name of contact person | C7: Buddika Hapuarachchi
C8: Buddika.Hapuarachchi@undp.org
B9: Funding cycle (programme ID) | C9: POW 2024-2025
B10: Budget line (WBSE) | C10: S1-32SLP-000036/ SB-022934.02.01.04.04
B11: Contract amount $US | C11: 697675
B12: Project amount $US | C12: 1357675.7
B13: BP number | C13: 1400000226
B14: Subprogramme | C14: Climate Change
B15: Contract start date (dd/mm/yyyy) | C15: 45576
B16: Contract end date (dd/mm/yyyy) | C16: 46721
B17: Activities end date (dd/mm/yyyy) | C17: 46356
B19: STATUS SUMMARY - FIRST REPORTING PERIOD
B20: First reporting period dates: (dd/mm/yy - dd/mm/yy) | C20: 11/10/2024 - 30/06/2025
C21: Summary/description (max. 500 characters) | D21: Status
B22: Schedule | C22: The project faced delays due to pending approval from the National Planning Department (NPD), required prior to project implementation, and a donor request to temporarily hold project activities. The Local Project Appraisal Committee meeting, co-chaired by the Ministry of Transport and UNDP, was held on 26 June 2025.All key Stakeholders participated and reached consensus on the strategy and next steps, enabling the project to move forward. | D22: On track
B23: Budget | C23: During the reporting period, no expenditures were incurred due to the delay in obtaining the necessary approval from the Government of Sri Lanka. With the Local Project Appraisal Committee meeting is held on 26 June, the Project can now move forward. Key preparatory activities such as developing Terms of References and conducting preliminary stakeholder consultations have been initiated using UNDP resources until the Project Document is signed. | D23: Issues
B24: Scope | C24: During this reporting period, there were no changes to the project scope, including activities, deliverables, or indicators of success. The project remains aligned with the original plan and approved results framework. During the LPAC meeting, Ministry of Transport (MOT) has requested the Project to include national transport policy revision, which will be considered after consulting the Secretary, MOT. | D24: On track
B25: Payments received to date | C25: 348837.5
B27: Sign here before submitting your report:
C28: Signature | D28: Date
B30: Read and approved by CCAC Secretariat/UNEP:
C31: Signature | D31: Date
B34: STATUS SUMMARY - 2ND REPORTING PERIOD
B35: Second reporting period dates: (dd/mm/yy - dd/mm/yy) | C35: 01/07/2025-31/12/2025
C36: Summary/description (max. 500 characters) | D36: Status
B37: Schedule | C37: The Project was able to able to commence only after receiving the required approval from the Government in Nov 2025. The Ministry of Transport appointed a Project Monitoring Committee to oversee project implementatation. The project is now in full implementation and is accelerating activities to recover some of the time lost during the initial phase. A review of activity timelines is planned for Feb 2026 following which a request for a no-cost extension will be submitted if required. | D37: Issues
B38: Budget | C38: Major expenditure during the reporting period include an institutional contract covering regulatory reforms, technical analyses and pilot feasibility design, as well as workshop-related costs. Two additional contracts for commincations and awareness, and for training needs assessment and program delivery are planned for Q1 2026, while the major e-bus pilot procurement is scheduled for Q2 2026. | D38: On track
B39: Scope | C39: The project incurred no changes to its scope—including activities, deliverables or indicators—and remains aligned with the approved RF. Follwing discussions, the Ministry of Transport requested project assistance for developing an E-Mobility Action Plan and Roadmap, which is under consideration. In parellel, the project has secured FCDO/UK support to mobilize complemenatary technical assistance through the GCIEP, with a focus on bus sector reforms aligned with the project objectives. | D39: On track
B40: Payments received to date | C40: 697675
B42: Sign here before submitting your report:
C43: Signature: Buddika Hapuarachchi - Policy Specialist and Team Leader | D43: Date: 01/27/2026
B45: Read and approved by CCAC Secretariat/UNEP:
C46: Signature | D46: Date
B49: STATUS SUMMARY - 3RD REPORTING PERIOD
B50: Third reporting period dates: (dd/mm/yy - dd/mm/yy) | C50: 01/01/2026-30/06/2026
C51: Summary/description (max. 500 characters) | D51: Status
B52: Schedule
B53: Budget
B54: Scope
B55: Payments received to date | C55: 0
B57: Sign here before submitting your report:
C58: Signature | D58: Date
B60: Read and approved by CCAC Secretariat/UNEP:
C61: Signature | D61: Date
B64: STATUS SUMMARY - 4TH REPORTING PERIOD
B65: Fourth reporting period dates: (dd/mm/yy - dd/mm/yy) | C65: 01/07/2026-30/11/2026
C66: Summary/description (max. 500 characters) | D66: Status
B67: Schedule
B68: Budget
B69: Scope
B70: Payments received to date | C70: 0
B72: Sign here before submitting your report:
C73: Signature | D73: Date
B75: Read and approved by CCAC Secretariat/UNEP:
C76: Signature | D76: Date
B79: STATUS SUMMARY - 5TH REPORTING PERIOD
B80: Fifth reporting period dates: (dd/mm/yy - dd/mm/yy)
C81: Summary/description (max. 500 characters) | D81: Status
B82: Schedule
B83: Budget
B84: Scope
B85: Payments received to date | C85: 0
B87: Sign here before submitting your report:
C88: Signature | D88: Date
B90: Read and approved by CCAC Secretariat/UNEP:
C91: Signature | D91: Date

Sheet 2. Narrative
B1: 2. Narrative report | E1: See instructions
B2: ='1.Signature page'!C3 -> Enabling Environment for Electric Buses for Public Transport and their Pilot Deployment in Colombo, Sri Lanka (HDV-23-003)
B3: ='1.Signature page'!C4 -> UNDP Sri Lanka
B4: PLANNED | R4: =CONCATENATE("FIRST REPORTING PERIOD: ",'1.Signature page'!$C$20) -> FIRST REPORTING PERIOD: 11/10/2024 - 30/06/2025 | X4: =CONCATENATE("SECOND REPORTING PERIOD: ",'1.Signature page'!$C$35) -> SECOND REPORTING PERIOD: 01/07/2025-31/12/2025 | AD4: =CONCATENATE("THIRD REPORTING PERIOD: ",'1.Signature page'!$C$50) -> THIRD REPORTING PERIOD: 01/01/2026-30/06/2026 | AJ4: =CONCATENATE("FOURTH REPORTING PERIOD: ",'1.Signature page'!$C$65) -> FOURTH REPORTING PERIOD: 01/07/2026-30/11/2026 | AP4: =CONCATENATE("FIFTH REPORTING PERIOD: ",'1.Signature page'!$C$80) -> FIFTH REPORTING PERIOD:
B5: Deliverable | C5: Indicator | D5: Target | E5: Unit | F5: Delivery date | G5: Proof of delivery | H5: Description2 | I5: Acceptance criteria | J5: Project name | K5: Full code | L5: Implementer | M5: Sector | N5: Beneficiary | O5: Other beneficiary | P5: blank1 | Q5: blank2 | R5: Status at end of 1st period | S5: Progress made during 1st period | T5: Variance during 1st period | U5: Further actions at end of 1st period | V5: Proof of delivery (document URLs or file names) 1st period | W5: Type of document 1st period | X5: Status at end of 2nd period | Y5: Progress made during 2nd period | Z5: Variance during 2nd period | AA5: Further actions at end of 2nd period | AB5: Proof of delivery (document URLs or file names) 2nd period | AC5: Type of document 2nd period | AD5: Status at end of 3rd period | AE5: Progress made during 3rd period | AF5: Variance during 3rd period | AG5: Further actions at end of 3rd period | AH5: Proof of delivery (document URLs or file names) 3rd period | AI5: Type of document 3rd period | AJ5: Status at end of 4th period | AK5: Progress made during 4th period | AL5: Variance during 4th period | AM5: Further actions at end of 4th period | AN5: Proof of delivery (document URLs or file names) 4th period | AO5: Type of document 4th period | AP5: Status at end of 5th period | AQ5: Progress made during 5th period | AR5: Variance during 5th period | AS5: Further actions at end of 5th period | AT5: Proof of delivery (document URLs or file names) 5th period | AU5: Type of document 5th period | AV5: Status | AX5: INSTRUCTIONS â
B6: =IF('INT-Pivots'!G6="","",'INT-Pivots'!G6) -> Output 1.2 Designing and developing a long-term comprehensive 'Sustainable Low-Carbon Transport Planning' document that provides a policy and regulatory framework for electric bus transport | C6: =IF('INT-Pivots'!H6="","",'INT-Pivots'!H6) -> Number of plans, policies, laws, or regulations drafted or updated | D6: =IF('INT-Pivots'!I6="","",IF(VALUE('INT-Pivots'!I6)=0,"",VALUE('INT-Pivots'!I6))) -> 1 | E6: =IF('INT-Pivots'!J6=0,"-",IF('INT-Pivots'!J6="(blank)","-",'INT-Pivots'!J6)) -> Planning document | F6: =IF('INT-Pivots'!K6="","",IF('INT-Pivots'!K6="(blank)","By project end",VALUE('INT-Pivots'!K6))) -> 45657 | G6: =IF('INT-Pivots'!S6="","",IF('INT-Pivots'!S6="(blank)","-",'INT-Pivots'!S6)) -> Policy, regulation or other guideline | H6: =IF('INT-Pivots'!L6=0,"",'INT-Pivots'!L6) -> A long-term comprehensive 'Sustainable Low-Carbon Transport Planning' document would inform the design of policy, regulatory and fiscal/financial incentive schemes/programs for the Government of Sri Lanka to support the implementation of electric public transport to initiate low carbon transport development in Sri Lanka through a participatory and consultative process | I6: =IF('INT-Pivots'!M6=0,"",IF('INT-Pivots'!M6="(blank)","-",'INT-Pivots'!M6)) -> Plan approved and adopted by Government of Sri Lanka | J6: =IF('INT-Pivots'!N6="","",'INT-Pivots'!N6) -> Enabling Environment for Electric Buses for Public Transport and their Pilot Deployment in Colombo, Sri Lanka (HDV-23-003) | K6: =IF('INT-Pivots'!F6=0,"",IF('INT-Pivots'!F6="(blank)","",'INT-Pivots'!F6)) -> HDV-23-003/1.2 Designing and developing a long-term comprehensive 'Sustainable Low-Carbon Transport Planning' document that provides a policy and regulatory framework for electric bus transport | L6: =IF('INT-Pivots'!O6="","",'INT-Pivots'!O6) -> United Nations Development Programme (UNDP) - Sri Lanka Country Office (24-035) | M6: =IF('INT-Pivots'!P6="","",'INT-Pivots'!P6) -> Vehicles & Engines | N6: =IF('INT-Pivots'!Q6="","",'INT-Pivots'!Q6) -> Sri Lanka | O6: =IF('INT-Pivots'!R6="","",'INT-Pivots'!R6) -> Ministry of Transport and Highways, Ministry of Power and Energy, National Transport Commission, Sri Lanka Transport Board, Western Province Road Passenger Transport Authority, Colombo Municipal Council | R6: On track | S6: Preliminary stakeholder consultations with all relevant stakeholders were initiated to inform the structure and scope of the ‘Sustainable Low-Carbon Transport Planning’ document. This marks the first step toward developing a national framework to guide policies, regulations, and incentive schemes supporting electric public transport in Sri Lanka. | T6: During stakeholder consultations, the Ministry of Transport(MoT) informed that an e-mobility policy has already been developed for Sri Lanka. Therefore,MoT requested project support to develop a comprehensive national transport policy that integrates the existing e-mobility policy and prioritizes the proposed policy studies under the project. | U6: As requested by the MoT,the project will prioritize the proposed studies to align with national transport policy development needs and will act as the convener for stakeholder discussions to support the integrated policy development process. | V6: https://drive.google.com/drive/folders/1yw3D1n1KfFFT8QULOoRzAmeTlbESfi5y?usp=sharing https://docs.google.com/document/d/1LnGebV5KI5nxSxPJiN7ZSpqMVmTcE_ah/edit?usp=sharing&ouid=114488615266959522143&rtpof=true&sd=true | X6: Delayed | Y6: Following the change in Government in 2025, several discussions were held with the new administration, resulting in an agreement to reformulate the Planning Document as the Sustainable and Inclusive E‑Mobility Action Plan. This revised approach retains the original scope while expanding it to explicitly incorporate inclusiveness. | Z6: With delays in implementation kick-off and changes to the requirements, the project had closely worked with the Ministry to identify the new scope, and the project working group worked to catch up on delays by handling simultaneous tasks. | AA6: The Project commissioned a major consultancy contract to undertake this task, among several other assessments and target studies. The Project is to complete this action plan in Q2 of 2026. The Project is to complete the initial consultations and review of existing work, such as the e-mobility policy (draft), in Jan-Feb 2026. | AB6: GOSL Approval: https://drive.google.com/file/d/1-XJ9I6T0tm4LSUyA6zvxkmjFeshuJMSS/view?usp=sharing Monitoring Committee Appointment: https://drive.google.com/file/d/1SOhO7KzhWr4dPLI5WpJcNabS7_ZXihjt/view?usp=drive_link Inception (draft): https://drive.google.com/file/d/1R8FWlUHAlo0x9OZUk8sPw5G3JYvHIWtu/view?usp=sharing | AC6: Meeting report | AX6: The first 8 columns in this table contain the planned project items (outcomes, outputs, and activities) for this implementer agreement. These items are listed in ascending order by item number. Scroll up and down the list to ensure you see all project items. Columns to the right of the project item list contain fields that must be completed for each project item at the indicated reporting period. Scroll left and right to find the relevant reporting period under which to enter results. Note that results entered for previous reporting periods will be locked for editing and cannot be changed once they have been approved. Complete all cells for each project item in the relevant reporting period. No cell should be left blank. If there is no progress to report for an item, enter "N/A", "Not started", or "No change". Cells with grey backgrounds are locked from editing. This includes projects items that have been marked as complete in the previous reporting period.
B7: =IF('INT-Pivots'!G7="","",'INT-Pivots'!G7) -> Activity 1.2.1 A long-term, integrated comprehensive, gender-sensitive and inclusive 'Sustainable Low-Carbon Transport Planning' document prepared for Sri Lanka | C7: =IF('INT-Pivots'!H7="","",'INT-Pivots'!H7) -> Policy, project, or tool design | D7: =IF('INT-Pivots'!I7="","",IF(VALUE('INT-Pivots'!I7)=0,"",VALUE('INT-Pivots'!I7))) -> #VALUE! | E7: =IF('INT-Pivots'!J7=0,"-",IF('INT-Pivots'!J7="(blank)","-",'INT-Pivots'!J7)) -> null | F7: =IF('INT-Pivots'!K7="","",IF('INT-Pivots'!K7="(blank)","By project end",VALUE('INT-Pivots'!K7))) -> By project end | G7: =IF('INT-Pivots'!S7="","",IF('INT-Pivots'!S7="(blank)","-",'INT-Pivots'!S7)) -> Policy, regulation or other guideline | H7: =IF('INT-Pivots'!L7=0,"",'INT-Pivots'!L7) -> A long-term, integrated comprehensive, gender-sensitive and inclusive 'Sustainable Low-carbon Transport Masterplan' document prepared for Sri Lanka, that includes a multi-modal transport plan for Sri Lanka detailing the role of different modes of transport - rail, public transport buses, private buses, private passenger vehicles, commercial vehicles, bicycles, pedestrian pathways and others based on the principles of low-carbon, sustainable transport. The Masterplan document would serve as a guidance for all future transport sector programs, activities and investments in Sri Lanka, including the low-carbon electric public bus transport deployment activity proposed under this CCAC project. | I7: =IF('INT-Pivots'!M7=0,"",IF('INT-Pivots'!M7="(blank)","-",'INT-Pivots'!M7)) -> null | J7: =IF('INT-Pivots'!N7="","",'INT-Pivots'!N7) -> Enabling Environment for Electric Buses for Public Transport and their Pilot Deployment in Colombo, Sri Lanka (HDV-23-003) | K7: =IF('INT-Pivots'!F7=0,"",IF('INT-Pivots'!F7="(blank)","",'INT-Pivots'!F7)) -> HDV-23-003/1.2.1 A long-term, integrated comprehensive, gender-sensitive and inclusive 'Sustainable Low-Carbon Transport Planning' document prepared for Sri Lanka | L7: =IF('INT-Pivots'!O7="","",'INT-Pivots'!O7) -> United Nations Development Programme (UNDP) - Sri Lanka Country Office (24-035) | M7: =IF('INT-Pivots'!P7="","",'INT-Pivots'!P7) -> Vehicles & Engines | N7: =IF('INT-Pivots'!Q7="","",'INT-Pivots'!Q7) -> Sri Lanka | O7: =IF('INT-Pivots'!R7="","",'INT-Pivots'!R7) -> Ministry of Transport and Highways, Ministry of Power and Energy, National Transport Commission, Sri Lanka Transport Board, Western Province Road Passenger Transport Authority, Colombo Municipal Council | R7: On track | S7: A draft gender analysis was prepared to support stakeholder discussions.The analysis aimed to identify gender gaps and opportunities in public transport sector. Initial consultations with key stakeholders were conducted to inform the structure and direction of a gender-sensitive and inclusive 'Sustainable Low-Carbon Transport Planning' document for Sri Lanka. | T7: N/A | U7: The Ministry of Transport expressed interest in prioritizing this study to inform national transport policy development and to strengthen gender and inclusivity considerations within the policy framework.As a result, this activity will be prioritized, and the planning document will be drafted and finalized through further stakeholder consultations. | V7: https://drive.google.com/drive/folders/1cTKRr-W2XZukl5k7G3OXM5ZeS0ruBOqP?usp=sharing | X7: On track | Y7: The project has started revising project's gender action plan in light of the latest (land) transport policy and the proposed e-mobility action plan. Gender and inclusive development actions be integrated across above E-Mobility Action Plan and other project activities in Q1 and Q 2, 2026. | Z7: N/A | AB7: GCIEP Technical Assiatnce to be implemented in parellel; https://docs.google.com/document/d/1AfNuiFgDzZvH7-VsXEBAitPkVoc_hslY/edit?usp=sharing&ouid=114728566611712740051&rtpof=true&sd=true
B8: =IF('INT-Pivots'!G8="","",'INT-Pivots'!G8) -> Activity 1.2.2 Training modules developed and training programs delivered on 'Long-term Sustainable Low-carbon Transport Planning' to government and private sector stakeholders | C8: =IF('INT-Pivots'!H8="","",'INT-Pivots'!H8) -> Developing and/or delivering training | D8: =IF('INT-Pivots'!I8="","",IF(VALUE('INT-Pivots'!I8)=0,"",VALUE('INT-Pivots'!I8))) -> #VALUE! | E8: =IF('INT-Pivots'!J8=0,"-",IF('INT-Pivots'!J8="(blank)","-",'INT-Pivots'!J8)) -> null | F8: =IF('INT-Pivots'!K8="","",IF('INT-Pivots'!K8="(blank)","By project end",VALUE('INT-Pivots'!K8))) -> By project end | G8: =IF('INT-Pivots'!S8="","",IF('INT-Pivots'!S8="(blank)","-",'INT-Pivots'!S8)) -> Participant list with gender breakdown | H8: =IF('INT-Pivots'!L8=0,"",'INT-Pivots'!L8) -> Training modules developed and training programs that will build capacity of at least 20 trainees (30% of them being women) delivered on 'Long-term Sustainable Low-carbon Transport Planning' for government stakeholders (MoTH, MoP&E, NTC, WPRPTA, SLTB) and private stakeholders (bus operators, others as necessary); the training modules will include gender-specific, climate change adaptation and accessibility/inclusivity aspects as well. | I8: =IF('INT-Pivots'!M8=0,"",IF('INT-Pivots'!M8="(blank)","-",'INT-Pivots'!M8)) -> null | J8: =IF('INT-Pivots'!N8="","",'INT-Pivots'!N8) -> Enabling Environment for Electric Buses for Public Transport and their Pilot Deployment in Colombo, Sri Lanka (HDV-23-003) | K8: =IF('INT-Pivots'!F8=0,"",IF('INT-Pivots'!F8="(blank)","",'INT-Pivots'!F8)) -> HDV-23-003/1.2.2 Training modules developed and training programs delivered on 'Long-term Sustainable Low-carbon Transport Planning' to government and private sector stakeholders | L8: =IF('INT-Pivots'!O8="","",'INT-Pivots'!O8) -> United Nations Development Programme (UNDP) - Sri Lanka Country Office (24-035) | M8: =IF('INT-Pivots'!P8="","",'INT-Pivots'!P8) -> Vehicles & Engines | N8: =IF('INT-Pivots'!Q8="","",'INT-Pivots'!Q8) -> Sri Lanka | O8: =IF('INT-Pivots'!R8="","",'INT-Pivots'!R8) -> Ministry of Transport and Highways, Ministry of Power and Energy, National Transport Commission, Sri Lanka Transport Board, Western Province Road Passenger Transport Authority, Colombo Municipal Council | R8: On track | S8: Draft Terms of Reference (ToRs) were developed to recruit service providers for the design and delivery of training modules on ‘Long-term Sustainable Low-Carbon Transport Planning. | T8: N/A | U8: Initiate the procurement process to recruit service providers for conducting training needs assessments and developing training modules. | X8: On track | Y8: The project has contracted the initial training module development, and training is to begin in Q1 2026. The training programme series will include targeted training for GoSL entities on policy and regulatory reforms, commercial and financial institutions, and private sector operators. The training module development is being undertaken in parellel to the E-Mobility Action plan (Output 1.2 above). | AB8: TOR (Section on Awareness and Training) : https://drive.google.com/file/d/1nYWEXMnROKqFX5-HqhV3dtxQ7ZnNY0E4/view?usp=sharing
B9: =IF('INT-Pivots'!G9="","",'INT-Pivots'!G9) -> Output 1.3 Developing a comprehensive policy, regulatory and guidelines framework to enable e-bus deployment in Sri Lanka for public transport for the Ministry of Transport and Highways | C9: =IF('INT-Pivots'!H9="","",'INT-Pivots'!H9) -> Number of plans, policies, laws, or regulations drafted or updated | D9: =IF('INT-Pivots'!I9="","",IF(VALUE('INT-Pivots'!I9)=0,"",VALUE('INT-Pivots'!I9))) -> 1 | E9: =IF('INT-Pivots'!J9=0,"-",IF('INT-Pivots'!J9="(blank)","-",'INT-Pivots'!J9)) -> Policy and regulatory framework | F9: =IF('INT-Pivots'!K9="","",IF('INT-Pivots'!K9="(blank)","By project end",VALUE('INT-Pivots'!K9))) -> 45838 | G9: =IF('INT-Pivots'!S9="","",IF('INT-Pivots'!S9="(blank)","-",'INT-Pivots'!S9)) -> Policy, regulation or other guideline, Policy, regulation or other guideline | H9: =IF('INT-Pivots'!L9=0,"",'INT-Pivots'!L9) -> A comprehensive policy on operationalising electric buses for public transport in Sri Lanka developed through necessary assessments will be the first step towards deploying low-carbon transport for use in the country. This includes policy and regulatory framework on defining electric buses, technical and safety features of such buses to be procured, their operation mechanism including charging, end of life use, battery and vehicle disposal etc | I9: =IF('INT-Pivots'!M9=0,"",IF('INT-Pivots'!M9="(blank)","-",'INT-Pivots'!M9)) -> Policy and regulatory framework approved and adopted by Government of Sri Lanka | J9: =IF('INT-Pivots'!N9="","",'INT-Pivots'!N9) -> Enabling Environment for Electric Buses for Public Transport and their Pilot Deployment in Colombo, Sri Lanka (HDV-23-003) | K9: =IF('INT-Pivots'!F9=0,"",IF('INT-Pivots'!F9="(blank)","",'INT-Pivots'!F9)) -> HDV-23-003/1.3 Developing a comprehensive policy, regulatory and guidelines framework to enable e-bus deployment in Sri Lanka for public transport for the Ministry of Transport and Highways | L9: =IF('INT-Pivots'!O9="","",'INT-Pivots'!O9) -> United Nations Development Programme (UNDP) - Sri Lanka Country Office (24-035) | M9: =IF('INT-Pivots'!P9="","",'INT-Pivots'!P9) -> Vehicles & Engines | N9: =IF('INT-Pivots'!Q9="","",'INT-Pivots'!Q9) -> Sri Lanka | O9: =IF('INT-Pivots'!R9="","",'INT-Pivots'!R9) -> Ministry of Transport and Highways, Ministry of Power and Energy, National Transport Commission, Sri Lanka Transport Board, Western Province Road Passenger Transport Authority, Colombo Municipal Council | R9: On track | S9: During the reporting period, UNDP consulted various stakeholders, including regular discussions with the World Bank, which recently completed a study on "Supporting the Modernization of the Bus Transport Sector in Sri Lanka." A key outcome of these discussions, supported by all stakeholders, was the consensus to ensure that ongoing and planned e-mobility initiatives are complementary and avoid duplication. | T9: N/A | U9: UNDP will build upon the World Bank’s study, conducting further analysis and making necessary adjustments to avoid any duplication of efforts. | V9: https://drive.google.com/drive/folders/1yw3D1n1KfFFT8QULOoRzAmeTlbESfi5y?usp=sharing | X9: Delayed | Y9: The policy and regulatory framework assessment has been started after a series of stakeholder consultations in Dec 2025. The analysis is due in Q1 of 2026.
B10: =IF('INT-Pivots'!G10="","",'INT-Pivots'!G10) -> Activity 1.3.1 A comprehensive, gender-sensitive and inclusive 'Electric Bus Mobility Policy and Regulatory Framework' is developed | C10: =IF('INT-Pivots'!H10="","",'INT-Pivots'!H10) -> Policy, project, or tool design | D10: =IF('INT-Pivots'!I10="","",IF(VALUE('INT-Pivots'!I10)=0,"",VALUE('INT-Pivots'!I10))) -> #VALUE! | E10: =IF('INT-Pivots'!J10=0,"-",IF('INT-Pivots'!J10="(blank)","-",'INT-Pivots'!J10)) -> null | F10: =IF('INT-Pivots'!K10="","",IF('INT-Pivots'!K10="(blank)","By project end",VALUE('INT-Pivots'!K10))) -> By project end | G10: =IF('INT-Pivots'!S10="","",IF('INT-Pivots'!S10="(blank)","-",'INT-Pivots'!S10)) -> Policy, regulation or other guideline | H10: =IF('INT-Pivots'!L10=0,"",'INT-Pivots'!L10) -> A comprehensive, gender-sensitive and inclusive 'Electric Bus Mobility Policy and Regulatory Framework' will be developed together with the Ministry of Transport and Highways, NTC and WPRPTA. It will then be submitted for Government and Stakeholder feedback; Framework will be revised/updated based on feedback and final Framework approved and operationalized by the Government of Sri Lanka. | I10: =IF('INT-Pivots'!M10=0,"",IF('INT-Pivots'!M10="(blank)","-",'INT-Pivots'!M10)) -> null | J10: =IF('INT-Pivots'!N10="","",'INT-Pivots'!N10) -> Enabling Environment for Electric Buses for Public Transport and their Pilot Deployment in Colombo, Sri Lanka (HDV-23-003) | K10: =IF('INT-Pivots'!F10=0,"",IF('INT-Pivots'!F10="(blank)","",'INT-Pivots'!F10)) -> HDV-23-003/1.3.1 A comprehensive, gender-sensitive and inclusive 'Electric Bus Mobility Policy and Regulatory Framework' is developed | L10: =IF('INT-Pivots'!O10="","",'INT-Pivots'!O10) -> United Nations Development Programme (UNDP) - Sri Lanka Country Office (24-035) | M10: =IF('INT-Pivots'!P10="","",'INT-Pivots'!P10) -> Vehicles & Engines | N10: =IF('INT-Pivots'!Q10="","",'INT-Pivots'!Q10) -> Sri Lanka | O10: =IF('INT-Pivots'!R10="","",'INT-Pivots'!R10) -> Ministry of Transport and Highways, Ministry of Power and Energy, National Transport Commission, Sri Lanka Transport Board, Western Province Road Passenger Transport Authority, Colombo Municipal Council | R10: On track | S10: An initial draft of the gender and inclusivity gap assessment was developed to support stakeholder discussions. This was aimed to inform the development of a comprehensive, gender-sensitive, and inclusive Electric Bus Mobility Policy and Regulatory Framework with the support of the Ministry of Transport.The Terms of Reference (ToR) to recruit consultants for developing the framework has been drafted. | T10: N/A | U10: Initiate the procurement process to recruit the service providers | V10: https://drive.google.com/drive/folders/1cTKRr-W2XZukl5k7G3OXM5ZeS0ruBOqP?usp=sharing | X10: On track | Y10: The policy and regulatory framework assessment in progress inlcudes gender equity and social inclusion analysis. The work completed includes the consultations of key stakeholders on these focus aspects including the Ministry of Women and Child Affairs. The initial completed gender and inclsive development assessment will be stregthened through further consultations and analysis, and this work is due in Q1 of 2026 with final round of key stakeholder consultations to validate the task outcomes. | Z10: N/A
B11: =IF('INT-Pivots'!G11="","",'INT-Pivots'!G11) -> Output 1.4 Feasibility studies and analysis that lead to scaling up of low-carbon transport in Sri Lanka, and recommendations for disposal of old vehicles for the Ministry of Transport and Highways and Ministry of Environment | C11: =IF('INT-Pivots'!H11="","",'INT-Pivots'!H11) -> Number of SLCP knowledge resources or tools produced | D11: =IF('INT-Pivots'!I11="","",IF(VALUE('INT-Pivots'!I11)=0,"",VALUE('INT-Pivots'!I11))) -> 3 | E11: =IF('INT-Pivots'!J11=0,"-",IF('INT-Pivots'!J11="(blank)","-",'INT-Pivots'!J11)) -> Studies/reports | F11: =IF('INT-Pivots'!K11="","",IF('INT-Pivots'!K11="(blank)","By project end",VALUE('INT-Pivots'!K11))) -> 45626 | G11: =IF('INT-Pivots'!S11="","",IF('INT-Pivots'!S11="(blank)","-",'INT-Pivots'!S11)) -> Research or study | H11: =IF('INT-Pivots'!L11=0,"",'INT-Pivots'!L11) -> Impact studies, analytical reports on identification of gaps to implementing low-carbon transport and electric vehicles in Sri Lanka on various aspects as well as recommendations on future scale-up of such transport and electric vehicle deployment and disposal of ICE vehicles will be conducted under this output. | I11: =IF('INT-Pivots'!M11=0,"",IF('INT-Pivots'!M11="(blank)","-",'INT-Pivots'!M11)) -> Studies/reports are reviewed and approved by CCAC | J11: =IF('INT-Pivots'!N11="","",'INT-Pivots'!N11) -> Enabling Environment for Electric Buses for Public Transport and their Pilot Deployment in Colombo, Sri Lanka (HDV-23-003) | K11: =IF('INT-Pivots'!F11=0,"",IF('INT-Pivots'!F11="(blank)","",'INT-Pivots'!F11)) -> HDV-23-003/1.4 Feasibility studies and analysis that lead to scaling up of low-carbon transport in Sri Lanka, and recommendations for disposal of old vehicles for the Ministry of Transport and Highways and Ministry of Environment | L11: =IF('INT-Pivots'!O11="","",'INT-Pivots'!O11) -> United Nations Development Programme (UNDP) - Sri Lanka Country Office (24-035) | M11: =IF('INT-Pivots'!P11="","",'INT-Pivots'!P11) -> Vehicles & Engines | N11: =IF('INT-Pivots'!Q11="","",'INT-Pivots'!Q11) -> Sri Lanka | O11: =IF('INT-Pivots'!R11="","",'INT-Pivots'!R11) -> Ministry of Transport and Highways, Ministry of Power and Energy, National Transport Commission, Sri Lanka Transport Board, Western Province Road Passenger Transport Authority, Colombo Municipal Council | R11: On track | S11: Based on discussions with MoT and relevant instituitions ,the studies and analytical reports planned under this activity will be considered a priority towards the policy formulation.Draft ToRs were developed and shared with stakeholder review for their review | U11: Finalize the draft ToR in consultation with stakeholders and initiate the procurement process | X11: On track | Y11: The project is to undertake a series of analytical studies in Q1 2026, including Total Cost of Ownership (TCO) analyses to identify financing gaps for promoting e-mobility, supporting the phase-out of older ICE vehicles, and developing battery disposal plans. These are in addition to the route-specific e-bus pilot techno-economic analysis and design. These analyses will be supported by the same lead contractor. (linked with Output 1.2 -1.4)
B12: =IF('INT-Pivots'!G12="","",'INT-Pivots'!G12) -> Activity 1.4.1 An 'Electricity Grid Impact Study due to Electric Vehicle Integration' is completed and approved | C12: =IF('INT-Pivots'!H12="","",'INT-Pivots'!H12) -> Research, data collection, and/or report writing | D12: =IF('INT-Pivots'!I12="","",IF(VALUE('INT-Pivots'!I12)=0,"",VALUE('INT-Pivots'!I12))) -> #VALUE! | E12: =IF('INT-Pivots'!J12=0,"-",IF('INT-Pivots'!J12="(blank)","-",'INT-Pivots'!J12)) -> null | F12: =IF('INT-Pivots'!K12="","",IF('INT-Pivots'!K12="(blank)","By project end",VALUE('INT-Pivots'!K12))) -> By project end | G12: =IF('INT-Pivots'!S12="","",IF('INT-Pivots'!S12="(blank)","-",'INT-Pivots'!S12)) -> Research or study | H12: =IF('INT-Pivots'!L12=0,"",'INT-Pivots'!L12) -> An 'Electricity Grid Impact Study due to Electric Vehicle Integration' is completed and approved together with Public Utilities Commission of Sri Lanka (PUCSL) and Ceylon Electricity Board (CEB), under the guidance of Ministry of Power and Energy(MoP&E). | I12: =IF('INT-Pivots'!M12=0,"",IF('INT-Pivots'!M12="(blank)","-",'INT-Pivots'!M12)) -> null | J12: =IF('INT-Pivots'!N12="","",'INT-Pivots'!N12) -> Enabling Environment for Electric Buses for Public Transport and their Pilot Deployment in Colombo, Sri Lanka (HDV-23-003) | K12: =IF('INT-Pivots'!F12=0,"",IF('INT-Pivots'!F12="(blank)","",'INT-Pivots'!F12)) -> HDV-23-003/1.4.1 An 'Electricity Grid Impact Study due to Electric Vehicle Integration' is completed and approved | L12: =IF('INT-Pivots'!O12="","",'INT-Pivots'!O12) -> United Nations Development Programme (UNDP) - Sri Lanka Country Office (24-035) | M12: =IF('INT-Pivots'!P12="","",'INT-Pivots'!P12) -> Vehicles & Engines | N12: =IF('INT-Pivots'!Q12="","",'INT-Pivots'!Q12) -> Sri Lanka | O12: =IF('INT-Pivots'!R12="","",'INT-Pivots'!R12) -> Ministry of Power and Energy, Public Utilities Commission of Sri Lanka, Ceylon Electricity Board | R12: On track | S12: Discussions were held with the Public Utilities Commission of Sri Lanka (PUCSL), Ceylon Electricity Board (CEB), and other key stakeholders on the impact of electric public bus transport on the national grid. It was recognized that a proper analysis is pending, and all stakeholders welcomed and requested prioritization of the proposed project study. The Terms of Reference (ToR) to recruit a consultant to develop the (study has been drafted. (the strikethrough is the typo from the formula) | T12: N/A | U12: Initiate the procurement process to recruit service providers to conduct the electricity grid impact study and engage relevant stakeholders throughout the assessment. | X12: On track | Y12: The consultant group is onboard, and initial desk analysis and stakeholder consulations have been completed. An initial assessment is to be completed in Q1 of 2026.
B13: =IF('INT-Pivots'!G13="","",'INT-Pivots'!G13) -> Activity 1.4.2 An analytical report on gaps for implementing low-carbon transport in Sri Lanka | C13: =IF('INT-Pivots'!H13="","",'INT-Pivots'!H13) -> Research, data collection, and/or report writing | D13: =IF('INT-Pivots'!I13="","",IF(VALUE('INT-Pivots'!I13)=0,"",VALUE('INT-Pivots'!I13))) -> #VALUE! | E13: =IF('INT-Pivots'!J13=0,"-",IF('INT-Pivots'!J13="(blank)","-",'INT-Pivots'!J13)) -> null | F13: =IF('INT-Pivots'!K13="","",IF('INT-Pivots'!K13="(blank)","By project end",VALUE('INT-Pivots'!K13))) -> By project end | G13: =IF('INT-Pivots'!S13="","",IF('INT-Pivots'!S13="(blank)","-",'INT-Pivots'!S13)) -> Research or study | H13: =IF('INT-Pivots'!L13=0,"",'INT-Pivots'!L13) -> An analytical report on gaps in policies and regulatory framework, institutional, private and financial sector capacity/training needs and financial gap is completed and approved, with a focus on bridging this gap to ensure scaling up of EV integration into the transport sector in Sri Lanka | I13: =IF('INT-Pivots'!M13=0,"",IF('INT-Pivots'!M13="(blank)","-",'INT-Pivots'!M13)) -> null | J13: =IF('INT-Pivots'!N13="","",'INT-Pivots'!N13) -> Enabling Environment for Electric Buses for Public Transport and their Pilot Deployment in Colombo, Sri Lanka (HDV-23-003) | K13: =IF('INT-Pivots'!F13=0,"",IF('INT-Pivots'!F13="(blank)","",'INT-Pivots'!F13)) -> HDV-23-003/1.4.2 An analytical report on gaps for implementing low-carbon transport in Sri Lanka | L13: =IF('INT-Pivots'!O13="","",'INT-Pivots'!O13) -> United Nations Development Programme (UNDP) - Sri Lanka Country Office (24-035) | M13: =IF('INT-Pivots'!P13="","",'INT-Pivots'!P13) -> Vehicles & Engines | N13: =IF('INT-Pivots'!Q13="","",'INT-Pivots'!Q13) -> Sri Lanka | O13: =IF('INT-Pivots'!R13="","",'INT-Pivots'!R13) -> Ministry of Transport and Highways, Ministry of Power and Energy, National Transport Commission, Sri Lanka Transport Board, Western Province Road Passenger Transport Authority, Colombo Municipal Council | R13: On track | S13: The draft Terms of Reference to recruit consultancy services in developing the analytical report has been developed. | T13: N/A | U13: Initiate the procurement process to recruit consultants to develop the analytical report and support subsequent activities. | X13: Not started | Y13: The consultancy group is on board. The task is to begin in Q1 2026.
B14: =IF('INT-Pivots'!G14="","",'INT-Pivots'!G14) -> Activity 1.4.3 A report on planning replacement of ICE buses for public transport in Sri Lanka | C14: =IF('INT-Pivots'!H14="","",'INT-Pivots'!H14) -> Research, data collection, and/or report writing | D14: =IF('INT-Pivots'!I14="","",IF(VALUE('INT-Pivots'!I14)=0,"",VALUE('INT-Pivots'!I14))) -> #VALUE! | E14: =IF('INT-Pivots'!J14=0,"-",IF('INT-Pivots'!J14="(blank)","-",'INT-Pivots'!J14)) -> null | F14: =IF('INT-Pivots'!K14="","",IF('INT-Pivots'!K14="(blank)","By project end",VALUE('INT-Pivots'!K14))) -> By project end | G14: =IF('INT-Pivots'!S14="","",IF('INT-Pivots'!S14="(blank)","-",'INT-Pivots'!S14)) -> Research or study | H14: =IF('INT-Pivots'!L14=0,"",'INT-Pivots'!L14) -> A report on recommendations and planning of disposal of old buses and vehicles if replaced with electric buses (vehicles) during future project scale-up | I14: =IF('INT-Pivots'!M14=0,"",IF('INT-Pivots'!M14="(blank)","-",'INT-Pivots'!M14)) -> null | J14: =IF('INT-Pivots'!N14="","",'INT-Pivots'!N14) -> Enabling Environment for Electric Buses for Public Transport and their Pilot Deployment in Colombo, Sri Lanka (HDV-23-003) | K14: =IF('INT-Pivots'!F14=0,"",IF('INT-Pivots'!F14="(blank)","",'INT-Pivots'!F14)) -> HDV-23-003/1.4.3 A report on planning replacement of ICE buses for public transport in Sri Lanka | L14: =IF('INT-Pivots'!O14="","",'INT-Pivots'!O14) -> United Nations Development Programme (UNDP) - Sri Lanka Country Office (24-035) | M14: =IF('INT-Pivots'!P14="","",'INT-Pivots'!P14) -> Vehicles & Engines | N14: =IF('INT-Pivots'!Q14="","",'INT-Pivots'!Q14) -> Sri Lanka | O14: =IF('INT-Pivots'!R14="","",'INT-Pivots'!R14) -> Ministry of Transport and Highways, Ministry of Power and Energy, National Transport Commission, Sri Lanka Transport Board, Western Province Road Passenger Transport Authority, Colombo Municipal Council | R14: On track | S14: The draft Terms of Reference to recruit consultants for drafting the report on planning the replacement of ICE buses for public transport in Sri Lanka have been developed. | T14: N/A | U14: Initiate the procurement process in coordination with stakeholders to recruit consultants for drafting the ICE bus replacement report. | X14: Not started | Y14: The consultancy group is on board. The task is to begin in Q1 2026.
B15: =IF('INT-Pivots'!G15="","",'INT-Pivots'!G15) -> Output 1.6 Programme Support | C15: =IF('INT-Pivots'!H15="","",'INT-Pivots'!H15) -> 0 | D15: =IF('INT-Pivots'!I15="","",IF(VALUE('INT-Pivots'!I15)=0,"",VALUE('INT-Pivots'!I15))) | E15: =IF('INT-Pivots'!J15=0,"-",IF('INT-Pivots'!J15="(blank)","-",'INT-Pivots'!J15)) -> 0 | F15: =IF('INT-Pivots'!K15="","",IF('INT-Pivots'!K15="(blank)","By project end",VALUE('INT-Pivots'!K15))) -> 45716 | G15: =IF('INT-Pivots'!S15="","",IF('INT-Pivots'!S15="(blank)","-",'INT-Pivots'!S15)) -> Research or study | H15: =IF('INT-Pivots'!L15=0,"",'INT-Pivots'!L15) -> Viability assessments on operability of electric buses on various aspects is conducted; analytical report on improved safety, security and accessibility aspects of electric buses to make it more accommodative for women, children and physically challenged persons is also conducted | I15: =IF('INT-Pivots'!M15=0,"",IF('INT-Pivots'!M15="(blank)","-",'INT-Pivots'!M15)) -> Studies/reports are reviewed and approved by CCAC | J15: =IF('INT-Pivots'!N15="","",'INT-Pivots'!N15) -> Enabling Environment for Electric Buses for Public Transport and their Pilot Deployment in Colombo, Sri Lanka (HDV-23-003) | K15: =IF('INT-Pivots'!F15=0,"",IF('INT-Pivots'!F15="(blank)","",'INT-Pivots'!F15)) -> HDV-23-003/1.6 Programme Support | L15: =IF('INT-Pivots'!O15="","",'INT-Pivots'!O15) -> United Nations Development Programme (UNDP) - Sri Lanka Country Office (24-035) | M15: =IF('INT-Pivots'!P15="","",'INT-Pivots'!P15) -> Vehicles & Engines | N15: =IF('INT-Pivots'!Q15="","",'INT-Pivots'!Q15) -> Sri Lanka | O15: =IF('INT-Pivots'!R15="","",'INT-Pivots'!R15) -> Ministry of Transport and Highways, Ministry of Power and Energy, National Transport Commission, Sri Lanka Transport Board, Western Province Road Passenger Transport Authority, Colombo Municipal Council, Public Utilities Commission of Sri Lanka, Ceylon Electricity Board | R15: Not started | S15: N/A | T15: N/A | U15: Based on the outcomes of the stakeholder discussions, this activity was not initiated during the reporting period and is planned to commence in Q2 of the next year. | X15: Not started | Y15: The work is to commence in Q1 2026. | AV15: =IF(ISTEXT(NarrativeReportTable[[#This Row],[Status at end of 5th period]]),NarrativeReportTable[[#This Row],[Status at end of 5th period]],IF(ISTEXT(NarrativeReportTable[[#This Row],[Status at end of 4th period]]),NarrativeReportTable[[#This Row],[Status at end of 4th period]],IF(ISTEXT(NarrativeReportTable[[#This Row],[Status at end of 3rd period]]),NarrativeReportTable[[#This Row],[Status at end of 3rd period]],IF(ISTEXT(NarrativeReportTable[[#This Row],[Status at end of 2nd period]]),NarrativeReportTable[[#This Row],[Status at end of 2nd period]],IF(ISTEXT(NarrativeReportTable[[#This Row],[Status at end of 1st period]]),NarrativeReportTable[[#This Row],[Status at end of 1st period]],""))))) -> Not started
B16: =IF('INT-Pivots'!G16="","",'INT-Pivots'!G16) -> Activity 1.6.1 Project Support | C16: =IF('INT-Pivots'!H16="","",'INT-Pivots'!H16) -> Other | D16: =IF('INT-Pivots'!I16="","",IF(VALUE('INT-Pivots'!I16)=0,"",VALUE('INT-Pivots'!I16))) -> #VALUE! | E16: =IF('INT-Pivots'!J16=0,"-",IF('INT-Pivots'!J16="(blank)","-",'INT-Pivots'!J16)) -> null | F16: =IF('INT-Pivots'!K16="","",IF('INT-Pivots'!K16="(blank)","By project end",VALUE('INT-Pivots'!K16))) -> By project end | G16: =IF('INT-Pivots'!S16="","",IF('INT-Pivots'!S16="(blank)","-",'INT-Pivots'!S16)) -> Research or study | H16: =IF('INT-Pivots'!L16=0,"",'INT-Pivots'!L16) -> Viability assessment - technical, operational, financial - is completed to identify locations, EV charging technology standards (SAE Combined Charging System (CCS), CHAdeMO, Type 2 charging, Tesla Superchargers etc.) and suitable entities to own and operate these charging stations, together with necessary regulatory feasibility is completed and approved. (Typically bus charging units are sold together with the electric buses by Original Equipment Manufacturers (OEMs). However, for future scale-up, deploying solar powered charging stations are envisaged, and thus this activity becomes essential.) | I16: =IF('INT-Pivots'!M16=0,"",IF('INT-Pivots'!M16="(blank)","-",'INT-Pivots'!M16)) -> null | J16: =IF('INT-Pivots'!N16="","",'INT-Pivots'!N16) -> Enabling Environment for Electric Buses for Public Transport and their Pilot Deployment in Colombo, Sri Lanka (HDV-23-003) | K16: =IF('INT-Pivots'!F16=0,"",IF('INT-Pivots'!F16="(blank)","",'INT-Pivots'!F16)) -> HDV-23-003/1.6.1 Project Support | L16: =IF('INT-Pivots'!O16="","",'INT-Pivots'!O16) -> United Nations Development Programme (UNDP) - Sri Lanka Country Office (24-035) | M16: =IF('INT-Pivots'!P16="","",'INT-Pivots'!P16) -> Vehicles & Engines | N16: =IF('INT-Pivots'!Q16="","",'INT-Pivots'!Q16) -> Sri Lanka | O16: =IF('INT-Pivots'!R16="","",'INT-Pivots'!R16) -> Ministry of Power and Energy, Public Utilities Commission of Sri Lanka, Ceylon Electricity Board | R16: Not started | S16: N/A | X16: Not started | Y16: The consultancy group was onboarded, and they are to begin the required analysis in Q1 & Q2 of 2026. The analysis will inform the appropriate EV charging technology, charger network ownership and business models, and technical, policy, and regulatory recommendations to improve the existing charger network to accommodate commercial transport, as applicable. This analysis will also be informed by the Grid Impact Analysis to be completed under Activity 1.4.1. | AV16: =IF(ISTEXT(NarrativeReportTable[[#This Row],[Status at end of 5th period]]),NarrativeReportTable[[#This Row],[Status at end of 5th period]],IF(ISTEXT(NarrativeReportTable[[#This Row],[Status at end of 4th period]]),NarrativeReportTable[[#This Row],[Status at end of 4th period]],IF(ISTEXT(NarrativeReportTable[[#This Row],[Status at end of 3rd period]]),NarrativeReportTable[[#This Row],[Status at end of 3rd period]],IF(ISTEXT(NarrativeReportTable[[#This Row],[Status at end of 2nd period]]),NarrativeReportTable[[#This Row],[Status at end of 2nd period]],IF(ISTEXT(NarrativeReportTable[[#This Row],[Status at end of 1st period]]),NarrativeReportTable[[#This Row],[Status at end of 1st period]],""))))) -> Not started
B17: =IF('INT-Pivots'!G17="","",'INT-Pivots'!G17) -> Output 2.1 Technical, operational, financial, economic and regulatory analysis of electric bus mobility opportunity in Sri Lanka is completed | C17: =IF('INT-Pivots'!H17="","",'INT-Pivots'!H17) -> Number of SLCP knowledge resources or tools produced | D17: =IF('INT-Pivots'!I17="","",IF(VALUE('INT-Pivots'!I17)=0,"",VALUE('INT-Pivots'!I17))) -> 2 | E17: =IF('INT-Pivots'!J17=0,"-",IF('INT-Pivots'!J17="(blank)","-",'INT-Pivots'!J17)) -> Studies/reports | F17: =IF('INT-Pivots'!K17="","",IF('INT-Pivots'!K17="(blank)","By project end",VALUE('INT-Pivots'!K17))) -> 45899 | G17: =IF('INT-Pivots'!S17="","",IF('INT-Pivots'!S17="(blank)","-",'INT-Pivots'!S17)) -> Training materials, Participant list with gender breakdown, Training materials, Participant list with gender breakdown | H17: =IF('INT-Pivots'!L17=0,"",'INT-Pivots'!L17) -> Design and delivery of training programs for capacity building of government institutional stakeholders on various aspects of operationalising electric buses in Sri Lanka will be conducted under this output. | I17: =IF('INT-Pivots'!M17=0,"",IF('INT-Pivots'!M17="(blank)","-",'INT-Pivots'!M17)) -> Attendance sheet and feedback from trainees shared with CCAC | J17: =IF('INT-Pivots'!N17="","",'INT-Pivots'!N17) -> Enabling Environment for Electric Buses for Public Transport and their Pilot Deployment in Colombo, Sri Lanka (HDV-23-003) | K17: =IF('INT-Pivots'!F17=0,"",IF('INT-Pivots'!F17="(blank)","",'INT-Pivots'!F17)) -> HDV-23-003/2.1 Technical, operational, financial, economic and regulatory analysis of electric bus mobility opportunity in Sri Lanka is completed | L17: =IF('INT-Pivots'!O17="","",'INT-Pivots'!O17) -> United Nations Development Programme (UNDP) - Sri Lanka Country Office (24-035) | M17: =IF('INT-Pivots'!P17="","",'INT-Pivots'!P17) -> Vehicles & Engines | N17: =IF('INT-Pivots'!Q17="","",'INT-Pivots'!Q17) -> Sri Lanka | O17: =IF('INT-Pivots'!R17="","",'INT-Pivots'!R17) -> Private bus operators' association and private bus operators, drivers, workshop technicians, Finance House association, Insurance association, commercial banks, leasing and financing companies | R17: Not started | S17: N/A | T17: N/A | U17: N/A | V17: N/A | W17: N/A | X17: Delayed | Y17: Technical, policy, and regulatory analysis is in progress, and the gaps and improvement requirements are under study. This information will be used to design a suitable training programme for GoSL institutions. | AV17: =IF(ISTEXT(NarrativeReportTable[[#This Row],[Status at end of 5th period]]),NarrativeReportTable[[#This Row],[Status at end of 5th period]],IF(ISTEXT(NarrativeReportTable[[#This Row],[Status at end of 4th period]]),NarrativeReportTable[[#This Row],[Status at end of 4th period]],IF(ISTEXT(NarrativeReportTable[[#This Row],[Status at end of 3rd period]]),NarrativeReportTable[[#This Row],[Status at end of 3rd period]],IF(ISTEXT(NarrativeReportTable[[#This Row],[Status at end of 2nd period]]),NarrativeReportTable[[#This Row],[Status at end of 2nd period]],IF(ISTEXT(NarrativeReportTable[[#This Row],[Status at end of 1st period]]),NarrativeReportTable[[#This Row],[Status at end of 1st period]],""))))) -> Delayed
B18: =IF('INT-Pivots'!G18="","",'INT-Pivots'!G18) -> Activity 2.1.1Viability assessment of EV charging stations is completed and approved | C18: =IF('INT-Pivots'!H18="","",'INT-Pivots'!H18) -> Research, data collection, and/or report writing | D18: =IF('INT-Pivots'!I18="","",IF(VALUE('INT-Pivots'!I18)=0,"",VALUE('INT-Pivots'!I18))) -> #VALUE! | E18: =IF('INT-Pivots'!J18=0,"-",IF('INT-Pivots'!J18="(blank)","-",'INT-Pivots'!J18)) -> null | F18: =IF('INT-Pivots'!K18="","",IF('INT-Pivots'!K18="(blank)","By project end",VALUE('INT-Pivots'!K18))) -> By project end | G18: =IF('INT-Pivots'!S18="","",IF('INT-Pivots'!S18="(blank)","-",'INT-Pivots'!S18)) -> Research or study | H18: =IF('INT-Pivots'!L18=0,"",'INT-Pivots'!L18) -> An Analytical report on safety, security, accessibility aspects of public transport buses in Sri Lanka, particularly from the perspective of women's safety and ease of accessibility of public transport buses for elderly/children/special needs commuters is completed | I18: =IF('INT-Pivots'!M18=0,"",IF('INT-Pivots'!M18="(blank)","-",'INT-Pivots'!M18)) -> null | J18: =IF('INT-Pivots'!N18="","",'INT-Pivots'!N18) -> Enabling Environment for Electric Buses for Public Transport and their Pilot Deployment in Colombo, Sri Lanka (HDV-23-003) | K18: =IF('INT-Pivots'!F18=0,"",IF('INT-Pivots'!F18="(blank)","",'INT-Pivots'!F18)) -> HDV-23-003/2.1.1Viability assessment of EV charging stations is completed and approved | L18: =IF('INT-Pivots'!O18="","",'INT-Pivots'!O18) -> United Nations Development Programme (UNDP) - Sri Lanka Country Office (24-035) | M18: =IF('INT-Pivots'!P18="","",'INT-Pivots'!P18) -> Vehicles & Engines | N18: =IF('INT-Pivots'!Q18="","",'INT-Pivots'!Q18) -> Sri Lanka | O18: =IF('INT-Pivots'!R18="","",'INT-Pivots'!R18) -> Ministry of Transport and Highways, Ministry of Power and Energy, National Transport Commission, Sri Lanka Transport Board, Western Province Road Passenger Transport Authority, Colombo Municipal Council | R18: Not started | S18: N/A | T18: N/A | U18: N/A | V18: N/A | W18: N/A | X18: On track | Y18: Technical and economic analysis on the feasibility and viability of EV charging stations and grid infrastructure as a whole are progressing, and the work will be completed in Q1 of 2026. | AV18: =IF(ISTEXT(NarrativeReportTable[[#This Row],[Status at end of 5th period]]),NarrativeReportTable[[#This Row],[Status at end of 5th period]],IF(ISTEXT(NarrativeReportTable[[#This Row],[Status at end of 4th period]]),NarrativeReportTable[[#This Row],[Status at end of 4th period]],IF(ISTEXT(NarrativeReportTable[[#This Row],[Status at end of 3rd period]]),NarrativeReportTable[[#This Row],[Status at end of 3rd period]],IF(ISTEXT(NarrativeReportTable[[#This Row],[Status at end of 2nd period]]),NarrativeReportTable[[#This Row],[Status at end of 2nd period]],IF(ISTEXT(NarrativeReportTable[[#This Row],[Status at end of 1st period]]),NarrativeReportTable[[#This Row],[Status at end of 1st period]],""))))) -> On track
B19: =IF('INT-Pivots'!G19="","",'INT-Pivots'!G19) -> Activity 2.1.2An Analytical gender (including elderly, children, specific needs commuter) specific report on safety, security, accessibility aspects of public transport buses in Sri Lanka | C19: =IF('INT-Pivots'!H19="","",'INT-Pivots'!H19) -> Research, data collection, and/or report writing | D19: =IF('INT-Pivots'!I19="","",IF(VALUE('INT-Pivots'!I19)=0,"",VALUE('INT-Pivots'!I19))) -> #VALUE! | E19: =IF('INT-Pivots'!J19=0,"-",IF('INT-Pivots'!J19="(blank)","-",'INT-Pivots'!J19)) -> null | F19: =IF('INT-Pivots'!K19="","",IF('INT-Pivots'!K19="(blank)","By project end",VALUE('INT-Pivots'!K19))) -> By project end | G19: =IF('INT-Pivots'!S19="","",IF('INT-Pivots'!S19="(blank)","-",'INT-Pivots'!S19)) -> Participant list with gender breakdown | H19: =IF('INT-Pivots'!L19=0,"",'INT-Pivots'!L19) -> Training programs, training at least 60 trainees (30% being women), designed and delivered for government institutional stakeholders (MoTH, MoPE, NTC, SLTB, WPRPTA, CMC) on techno-commercial (such as procurement, planning, performance evaluation, scheduling and charging infrastructure of electric bus systems), financial/economic and policy/regulatory (best practices etc.) frameworks for enabling electric bus deployment for public transport and associated bus charging stations in Sri Lanka; the training program needs to include gender-specific and accessibility/inclusivity aspects as well. | I19: =IF('INT-Pivots'!M19=0,"",IF('INT-Pivots'!M19="(blank)","-",'INT-Pivots'!M19)) -> null | J19: =IF('INT-Pivots'!N19="","",'INT-Pivots'!N19) -> Enabling Environment for Electric Buses for Public Transport and their Pilot Deployment in Colombo, Sri Lanka (HDV-23-003) | K19: =IF('INT-Pivots'!F19=0,"",IF('INT-Pivots'!F19="(blank)","",'INT-Pivots'!F19)) -> HDV-23-003/2.1.2An Analytical gender (including elderly, children, specific needs commuter) specific report on safety, security, accessibility aspects of public transport buses in Sri Lanka | L19: =IF('INT-Pivots'!O19="","",'INT-Pivots'!O19) -> United Nations Development Programme (UNDP) - Sri Lanka Country Office (24-035) | M19: =IF('INT-Pivots'!P19="","",'INT-Pivots'!P19) -> Vehicles & Engines | N19: =IF('INT-Pivots'!Q19="","",'INT-Pivots'!Q19) -> Sri Lanka | O19: =IF('INT-Pivots'!R19="","",'INT-Pivots'!R19) -> Ministry of Transport and Highways, Ministry of Power and Energy, National Transport Commission, Sri Lanka Transport Board, Western Province Road Passenger Transport Authority, Colombo Municipal Council | R19: Not started | S19: N/A | T19: N/A | U19: N/A | V19: N/A | W19: N/A | X19: On track | Y19: The on-boarded consultancy group has started expanding the initial gender analysis to include the safety, security, and accessibility aspects of public transport application. According to the findings of this analysis, the consultancy firm is to deliver a customized training/awareness event for key stakeholder groups in Q2 of 2026. | AV19: =IF(ISTEXT(NarrativeReportTable[[#This Row],[Status at end of 5th period]]),NarrativeReportTable[[#This Row],[Status at end of 5th period]],IF(ISTEXT(NarrativeReportTable[[#This Row],[Status at end of 4th period]]),NarrativeReportTable[[#This Row],[Status at end of 4th period]],IF(ISTEXT(NarrativeReportTable[[#This Row],[Status at end of 3rd period]]),NarrativeReportTable[[#This Row],[Status at end of 3rd period]],IF(ISTEXT(NarrativeReportTable[[#This Row],[Status at end of 2nd period]]),NarrativeReportTable[[#This Row],[Status at end of 2nd period]],IF(ISTEXT(NarrativeReportTable[[#This Row],[Status at end of 1st period]]),NarrativeReportTable[[#This Row],[Status at end of 1st period]],""))))) -> On track
B20: =IF('INT-Pivots'!G20="","",'INT-Pivots'!G20) -> Output 2.2 Knowledge and capacity improved amongst local stakeholders (MoTH, MoP&E, NTC, WPRPTA, CMC, and public bus operators) on risks, technical standards, and operational issues of deployment of electric buses. All capacity building measures will include a certain minimum percentage of women trainees. | C20: =IF('INT-Pivots'!H20="","",'INT-Pivots'!H20) -> Number of person hours of training provided | D20: =IF('INT-Pivots'!I20="","",IF(VALUE('INT-Pivots'!I20)=0,"",VALUE('INT-Pivots'!I20))) -> 6720 | E20: =IF('INT-Pivots'!J20=0,"-",IF('INT-Pivots'!J20="(blank)","-",'INT-Pivots'!J20)) -> Person hours | F20: =IF('INT-Pivots'!K20="","",IF('INT-Pivots'!K20="(blank)","By project end",VALUE('INT-Pivots'!K20))) -> 45991 | G20: =IF('INT-Pivots'!S20="","",IF('INT-Pivots'!S20="(blank)","-",'INT-Pivots'!S20)) -> Training materials, Training materials, Participant list with gender breakdown, Training materials, Training materials, Participant list with gender breakdown | H20: =IF('INT-Pivots'!L20=0,"",'INT-Pivots'!L20) -> Design and delivery of training programs for capacity building of private sector stakeholders on technical features of electric buses, economic/financial viability of e-buses will be conducted under this output. | I20: =IF('INT-Pivots'!M20=0,"",IF('INT-Pivots'!M20="(blank)","-",'INT-Pivots'!M20)) -> Attendance sheet and feedback from trainees shared with CCAC | J20: =IF('INT-Pivots'!N20="","",'INT-Pivots'!N20) -> Enabling Environment for Electric Buses for Public Transport and their Pilot Deployment in Colombo, Sri Lanka (HDV-23-003) | K20: =IF('INT-Pivots'!F20=0,"",IF('INT-Pivots'!F20="(blank)","",'INT-Pivots'!F20)) -> HDV-23-003/2.2 Knowledge and capacity improved amongst local stakeholders (MoTH, MoP&E, NTC, WPRPTA, CMC, and public bus operators) on risks, technical standards, and operational issues of deployment of electric buses. All capacity building measures will include a certain minimum percentage of women trainees. | L20: =IF('INT-Pivots'!O20="","",'INT-Pivots'!O20) -> United Nations Development Programme (UNDP) - Sri Lanka Country Office (24-035) | M20: =IF('INT-Pivots'!P20="","",'INT-Pivots'!P20) -> Vehicles & Engines | N20: =IF('INT-Pivots'!Q20="","",'INT-Pivots'!Q20) -> Sri Lanka | O20: =IF('INT-Pivots'!R20="","",'INT-Pivots'!R20) -> Ministry of Transport and Highways, Ministry of Power and Energy, National Transport Commission, Sri Lanka Transport Board, Western Province Road Passenger Transport Authority, Colombo Municipal Council | R20: Not started | S20: N/A | T20: N/A | U20: N/A | V20: N/A | W20: N/A | X20: Delayed | Y20: The selected contractual service provider is to design a general training programme series for local stakeholders (MoTH, MoP&E, NTC, DMT, WPRPTA, etc.). These will be delivered in Q1 & Q2 of 2026. | Z20: The overall progress of this output has been delayed due to the late commencement of project implementation. | AV20: =IF(ISTEXT(NarrativeReportTable[[#This Row],[Status at end of 5th period]]),NarrativeReportTable[[#This Row],[Status at end of 5th period]],IF(ISTEXT(NarrativeReportTable[[#This Row],[Status at end of 4th period]]),NarrativeReportTable[[#This Row],[Status at end of 4th period]],IF(ISTEXT(NarrativeReportTable[[#This Row],[Status at end of 3rd period]]),NarrativeReportTable[[#This Row],[Status at end of 3rd period]],IF(ISTEXT(NarrativeReportTable[[#This Row],[Status at end of 2nd period]]),NarrativeReportTable[[#This Row],[Status at end of 2nd period]],IF(ISTEXT(NarrativeReportTable[[#This Row],[Status at end of 1st period]]),NarrativeReportTable[[#This Row],[Status at end of 1st period]],""))))) -> Delayed
B21: =IF('INT-Pivots'!G21="","",'INT-Pivots'!G21) -> Activity 2.2.1Training programs designed and delivered for government institutional stakeholders | C21: =IF('INT-Pivots'!H21="","",'INT-Pivots'!H21) -> Developing and/or delivering training | D21: =IF('INT-Pivots'!I21="","",IF(VALUE('INT-Pivots'!I21)=0,"",VALUE('INT-Pivots'!I21))) -> #VALUE! | E21: =IF('INT-Pivots'!J21=0,"-",IF('INT-Pivots'!J21="(blank)","-",'INT-Pivots'!J21)) -> null | F21: =IF('INT-Pivots'!K21="","",IF('INT-Pivots'!K21="(blank)","By project end",VALUE('INT-Pivots'!K21))) -> By project end | G21: =IF('INT-Pivots'!S21="","",IF('INT-Pivots'!S21="(blank)","-",'INT-Pivots'!S21)) -> Participant list with gender breakdown | H21: =IF('INT-Pivots'!L21=0,"",'INT-Pivots'!L21) -> Training programs, training at least 30 trainees (50% being women), designed and delivered for commercial banks/financial institutions (loan officers and senior executives of banks/leasing and financing companies involved in or interested in lending to electric bus mobility sector) on techno-commercial, financial/economic and policy/regulatory frameworks for enabling electric bus deployment for public transport and associated bus charging stations in Sri Lanka; the training program needs to include gender-specific and accessibility/inclusivity aspects as well. | I21: =IF('INT-Pivots'!M21=0,"",IF('INT-Pivots'!M21="(blank)","-",'INT-Pivots'!M21)) -> null | J21: =IF('INT-Pivots'!N21="","",'INT-Pivots'!N21) -> Enabling Environment for Electric Buses for Public Transport and their Pilot Deployment in Colombo, Sri Lanka (HDV-23-003) | K21: =IF('INT-Pivots'!F21=0,"",IF('INT-Pivots'!F21="(blank)","",'INT-Pivots'!F21)) -> HDV-23-003/2.2.1Training programs designed and delivered for government institutional stakeholders | L21: =IF('INT-Pivots'!O21="","",'INT-Pivots'!O21) -> United Nations Development Programme (UNDP) - Sri Lanka Country Office (24-035) | M21: =IF('INT-Pivots'!P21="","",'INT-Pivots'!P21) -> Vehicles & Engines | N21: =IF('INT-Pivots'!Q21="","",'INT-Pivots'!Q21) -> Sri Lanka | O21: =IF('INT-Pivots'!R21="","",'INT-Pivots'!R21) -> Finance House association, Insurance association, commercial banks, leasing and financing companies | R21: On track | S21: The draft Terms of Reference (ToR) have been prepared to recruit a service provider for designing and delivering training programs for government institutional stakeholders. | T21: N/A | U21: Initiate the procurement process to recruit a service provider for the design and delivery of training programs for government institutional stakeholders. | V21: N/A | W21: N/A | X21: On track | Y21: Planned training programme will be completed in Q1 & Q2 of 2026. | AV21: =IF(ISTEXT(NarrativeReportTable[[#This Row],[Status at end of 5th period]]),NarrativeReportTable[[#This Row],[Status at end of 5th period]],IF(ISTEXT(NarrativeReportTable[[#This Row],[Status at end of 4th period]]),NarrativeReportTable[[#This Row],[Status at end of 4th period]],IF(ISTEXT(NarrativeReportTable[[#This Row],[Status at end of 3rd period]]),NarrativeReportTable[[#This Row],[Status at end of 3rd period]],IF(ISTEXT(NarrativeReportTable[[#This Row],[Status at end of 2nd period]]),NarrativeReportTable[[#This Row],[Status at end of 2nd period]],IF(ISTEXT(NarrativeReportTable[[#This Row],[Status at end of 1st period]]),NarrativeReportTable[[#This Row],[Status at end of 1st period]],""))))) -> On track
B22: =IF('INT-Pivots'!G22="","",'INT-Pivots'!G22) -> Output 3.1 Improved knowledge and capacity among local private stakeholders (private bus operator association, bus drivers’ and workshop technicians’ associations, and commercial banks/financial institutions/finance and insurance associations) on risks, technical standards, and operational issues of deployment of electric buses. All capacity building measures will include a certain minimum percentage of women trainees. | C22: =IF('INT-Pivots'!H22="","",'INT-Pivots'!H22) -> Number of person hours of training provided | D22: =IF('INT-Pivots'!I22="","",IF(VALUE('INT-Pivots'!I22)=0,"",VALUE('INT-Pivots'!I22))) -> 9840 | E22: =IF('INT-Pivots'!J22=0,"-",IF('INT-Pivots'!J22="(blank)","-",'INT-Pivots'!J22)) -> Person hours | F22: =IF('INT-Pivots'!K22="","",IF('INT-Pivots'!K22="(blank)","By project end",VALUE('INT-Pivots'!K22))) -> 45961 | G22: =IF('INT-Pivots'!S22="","",IF('INT-Pivots'!S22="(blank)","-",'INT-Pivots'!S22)) -> Tool, Tool, Photo or video, Tool, Tool, Photo or video | H22: =IF('INT-Pivots'!L22=0,"",'INT-Pivots'!L22) -> Various targeted promotional events and public awareness campaigns on benefits of using low-carbon public transport in Sri Lanka will be held to gain public support for above transition | I22: =IF('INT-Pivots'!M22=0,"",IF('INT-Pivots'!M22="(blank)","-",'INT-Pivots'!M22)) -> Campaign materials and photos shared with CCAC | J22: =IF('INT-Pivots'!N22="","",'INT-Pivots'!N22) -> Enabling Environment for Electric Buses for Public Transport and their Pilot Deployment in Colombo, Sri Lanka (HDV-23-003) | K22: =IF('INT-Pivots'!F22=0,"",IF('INT-Pivots'!F22="(blank)","",'INT-Pivots'!F22)) -> HDV-23-003/3.1 Improved knowledge and capacity among local private stakeholders (private bus operator association, bus drivers’ and workshop technicians’ associations, and commercial banks/financial institutions/finance and insurance associations) on risks, technical standards, and operational issues of deployment of electric buses. All capacity building measures will include a certain minimum percentage of women trainees. | L22: =IF('INT-Pivots'!O22="","",'INT-Pivots'!O22) -> United Nations Development Programme (UNDP) - Sri Lanka Country Office (24-035) | M22: =IF('INT-Pivots'!P22="","",'INT-Pivots'!P22) -> Vehicles & Engines | N22: =IF('INT-Pivots'!Q22="","",'INT-Pivots'!Q22) -> Sri Lanka | O22: =IF('INT-Pivots'!R22="","",'INT-Pivots'!R22) -> Ministry of Transport and Highways, Ministry of Power and Energy, National Transport Commission, Sri Lanka Transport Board, Western Province Road Passenger Transport Authority, Colombo Municipal Council, private bus operators, commuters, public | R22: Not started | S22: N/A | T22: N/A | U22: N/A | V22: N/A | W22: N/A | X22: Delayed | Y22: The project’s selected service provider contractor’s scope includes the initial training and awareness improvement of key targeted stakeholders (both public and private operators, owners, bankers, and commercial lending institutions). Planned programmes to be launched in Q1 and Q2 2026 will include at least 30% women trainees. | Z22: The overall training and awareness programme has been delayed due to the delayed start of the project. | AV22: =IF(ISTEXT(NarrativeReportTable[[#This Row],[Status at end of 5th period]]),NarrativeReportTable[[#This Row],[Status at end of 5th period]],IF(ISTEXT(NarrativeReportTable[[#This Row],[Status at end of 4th period]]),NarrativeReportTable[[#This Row],[Status at end of 4th period]],IF(ISTEXT(NarrativeReportTable[[#This Row],[Status at end of 3rd period]]),NarrativeReportTable[[#This Row],[Status at end of 3rd period]],IF(ISTEXT(NarrativeReportTable[[#This Row],[Status at end of 2nd period]]),NarrativeReportTable[[#This Row],[Status at end of 2nd period]],IF(ISTEXT(NarrativeReportTable[[#This Row],[Status at end of 1st period]]),NarrativeReportTable[[#This Row],[Status at end of 1st period]],""))))) -> Delayed
B23: =IF('INT-Pivots'!G23="","",'INT-Pivots'!G23) -> Activity 3.1.1Training programs designed and delivered for commercial banks/financial institutions | C23: =IF('INT-Pivots'!H23="","",'INT-Pivots'!H23) -> Developing and/or delivering training | D23: =IF('INT-Pivots'!I23="","",IF(VALUE('INT-Pivots'!I23)=0,"",VALUE('INT-Pivots'!I23))) -> #VALUE! | E23: =IF('INT-Pivots'!J23=0,"-",IF('INT-Pivots'!J23="(blank)","-",'INT-Pivots'!J23)) -> null | F23: =IF('INT-Pivots'!K23="","",IF('INT-Pivots'!K23="(blank)","By project end",VALUE('INT-Pivots'!K23))) -> By project end | G23: =IF('INT-Pivots'!S23="","",IF('INT-Pivots'!S23="(blank)","-",'INT-Pivots'!S23)) -> Participant list with gender breakdown | H23: =IF('INT-Pivots'!L23=0,"",'INT-Pivots'!L23) -> Training programs, training at least 60 trainees (10% being women), designed and delivered to private bus operators, their bus drivers and workshop technicians on electric bus operational and financial feasibility (vs ICE buses), e-bus driving techniques, safety (including women's safety) and security aspects and maintenance, management of EV batteries/their scientific disposal. | I23: =IF('INT-Pivots'!M23=0,"",IF('INT-Pivots'!M23="(blank)","-",'INT-Pivots'!M23)) -> null | J23: =IF('INT-Pivots'!N23="","",'INT-Pivots'!N23) -> Enabling Environment for Electric Buses for Public Transport and their Pilot Deployment in Colombo, Sri Lanka (HDV-23-003) | K23: =IF('INT-Pivots'!F23=0,"",IF('INT-Pivots'!F23="(blank)","",'INT-Pivots'!F23)) -> HDV-23-003/3.1.1Training programs designed and delivered for commercial banks/financial institutions | L23: =IF('INT-Pivots'!O23="","",'INT-Pivots'!O23) -> United Nations Development Programme (UNDP) - Sri Lanka Country Office (24-035) | M23: =IF('INT-Pivots'!P23="","",'INT-Pivots'!P23) -> Vehicles & Engines | N23: =IF('INT-Pivots'!Q23="","",'INT-Pivots'!Q23) -> Sri Lanka | O23: =IF('INT-Pivots'!R23="","",'INT-Pivots'!R23) -> Private bus operators' association and private bus operators, drivers, workshop technicians | R23: Not started | S23: N/A | T23: N/A | U23: N/A | V23: N/A | W23: N/A | X23: Not started | Y23: This activity will be completed in Q2 of 2026 | AV23: =IF(ISTEXT(NarrativeReportTable[[#This Row],[Status at end of 5th period]]),NarrativeReportTable[[#This Row],[Status at end of 5th period]],IF(ISTEXT(NarrativeReportTable[[#This Row],[Status at end of 4th period]]),NarrativeReportTable[[#This Row],[Status at end of 4th period]],IF(ISTEXT(NarrativeReportTable[[#This Row],[Status at end of 3rd period]]),NarrativeReportTable[[#This Row],[Status at end of 3rd period]],IF(ISTEXT(NarrativeReportTable[[#This Row],[Status at end of 2nd period]]),NarrativeReportTable[[#This Row],[Status at end of 2nd period]],IF(ISTEXT(NarrativeReportTable[[#This Row],[Status at end of 1st period]]),NarrativeReportTable[[#This Row],[Status at end of 1st period]],""))))) -> Not started
B24: =IF('INT-Pivots'!G24="","",'INT-Pivots'!G24) -> Activity 3.1.2Training programs designed and delivered to private bus operators and their bus drivers and workshop technicians | C24: =IF('INT-Pivots'!H24="","",'INT-Pivots'!H24) -> Developing and/or delivering training | D24: =IF('INT-Pivots'!I24="","",IF(VALUE('INT-Pivots'!I24)=0,"",VALUE('INT-Pivots'!I24))) -> #VALUE! | E24: =IF('INT-Pivots'!J24=0,"-",IF('INT-Pivots'!J24="(blank)","-",'INT-Pivots'!J24)) -> null | F24: =IF('INT-Pivots'!K24="","",IF('INT-Pivots'!K24="(blank)","By project end",VALUE('INT-Pivots'!K24))) -> By project end | G24: =IF('INT-Pivots'!S24="","",IF('INT-Pivots'!S24="(blank)","-",'INT-Pivots'!S24)) -> Photo or video | H24: =IF('INT-Pivots'!L24=0,"",'INT-Pivots'!L24) -> At least 5 multi-channel mass media, social media and PIS promotional/advertising campaign designed and executed about the benefits of public transport, particularly low-carbon options such as electric buses, rail transport, park-and-ride schemes, bicycling, walking etc. This should include ongoing television/radio advertisements, print/newspaper campaigns running for about a month. | I24: =IF('INT-Pivots'!M24=0,"",IF('INT-Pivots'!M24="(blank)","-",'INT-Pivots'!M24)) -> null | J24: =IF('INT-Pivots'!N24="","",'INT-Pivots'!N24) -> Enabling Environment for Electric Buses for Public Transport and their Pilot Deployment in Colombo, Sri Lanka (HDV-23-003) | K24: =IF('INT-Pivots'!F24=0,"",IF('INT-Pivots'!F24="(blank)","",'INT-Pivots'!F24)) -> HDV-23-003/3.1.2Training programs designed and delivered to private bus operators and their bus drivers and workshop technicians | L24: =IF('INT-Pivots'!O24="","",'INT-Pivots'!O24) -> United Nations Development Programme (UNDP) - Sri Lanka Country Office (24-035) | M24: =IF('INT-Pivots'!P24="","",'INT-Pivots'!P24) -> Vehicles & Engines | N24: =IF('INT-Pivots'!Q24="","",'INT-Pivots'!Q24) -> Sri Lanka | O24: =IF('INT-Pivots'!R24="","",'INT-Pivots'!R24) -> Ministry of Transport and Highways, Ministry of Power and Energy, National Transport Commission, Sri Lanka Transport Board, Western Province Road Passenger Transport Authority, Colombo Municipal Council, private bus operators, commuters, public | R24: Not started | S24: N/A | T24: N/A | U24: N/A | V24: N/A | W24: N/A | X24: Not started | Y24: This activity will be completed in Q2 of 2026 | AV24: =IF(ISTEXT(NarrativeReportTable[[#This Row],[Status at end of 5th period]]),NarrativeReportTable[[#This Row],[Status at end of 5th period]],IF(ISTEXT(NarrativeReportTable[[#This Row],[Status at end of 4th period]]),NarrativeReportTable[[#This Row],[Status at end of 4th period]],IF(ISTEXT(NarrativeReportTable[[#This Row],[Status at end of 3rd period]]),NarrativeReportTable[[#This Row],[Status at end of 3rd period]],IF(ISTEXT(NarrativeReportTable[[#This Row],[Status at end of 2nd period]]),NarrativeReportTable[[#This Row],[Status at end of 2nd period]],IF(ISTEXT(NarrativeReportTable[[#This Row],[Status at end of 1st period]]),NarrativeReportTable[[#This Row],[Status at end of 1st period]],""))))) -> Not started
B25: =IF('INT-Pivots'!G25="","",'INT-Pivots'!G25) -> Output 3.2 Increased awareness and sensitization among local residents regarding the benefits of using public transport in general, and low-carbon electric mobility in particular, including safety aspects for women | C25: =IF('INT-Pivots'!H25="","",'INT-Pivots'!H25) -> Number of partnerships, associations, or campaigns launched to drive SLCP action | D25: =IF('INT-Pivots'!I25="","",IF(VALUE('INT-Pivots'!I25)=0,"",VALUE('INT-Pivots'!I25))) -> 35 | E25: =IF('INT-Pivots'!J25=0,"-",IF('INT-Pivots'!J25="(blank)","-",'INT-Pivots'!J25)) -> Campaigns | F25: =IF('INT-Pivots'!K25="","",IF('INT-Pivots'!K25="(blank)","By project end",VALUE('INT-Pivots'!K25))) -> 45991 | G25: =IF('INT-Pivots'!S25="","",IF('INT-Pivots'!S25="(blank)","-",'INT-Pivots'!S25)) -> Inventory, Funding proposal, Photo or video | H25: =IF('INT-Pivots'!L25=0,"",'INT-Pivots'!L25) -> Technical assistance provided to the government of Sri Lanka to setup and operationalise subsidy scheme to enable procurement and deployment of the first electric buses for public transport in Sri Lanka | I25: =IF('INT-Pivots'!M25=0,"",IF('INT-Pivots'!M25="(blank)","-",'INT-Pivots'!M25)) -> Procurement documents reviewed and approved by CCAC | J25: =IF('INT-Pivots'!N25="","",'INT-Pivots'!N25) -> Enabling Environment for Electric Buses for Public Transport and their Pilot Deployment in Colombo, Sri Lanka (HDV-23-003) | K25: =IF('INT-Pivots'!F25=0,"",IF('INT-Pivots'!F25="(blank)","",'INT-Pivots'!F25)) -> HDV-23-003/3.2 Increased awareness and sensitization among local residents regarding the benefits of using public transport in general, and low-carbon electric mobility in particular, including safety aspects for women | L25: =IF('INT-Pivots'!O25="","",'INT-Pivots'!O25) -> United Nations Development Programme (UNDP) - Sri Lanka Country Office (24-035) | M25: =IF('INT-Pivots'!P25="","",'INT-Pivots'!P25) -> Vehicles & Engines | N25: =IF('INT-Pivots'!Q25="","",'INT-Pivots'!Q25) -> Sri Lanka | O25: =IF('INT-Pivots'!R25="","",'INT-Pivots'!R25) -> Ministry of Transport and Highways, Ministry of Power and Energy, National Transport Commission, Sri Lanka Transport Board, Western Province Road Passenger Transport Authority, Colombo Municipal Council | R25: Not started | S25: N/A | T25: N/A | U25: N/A | V25: N/A | W25: N/A | X25: Delayed | Y25: A draft Terms of Reference is available to recruit a professional service provider company to undertake a comprehensive media and public awareness campaign regarding the benefits of using public transport in general. | AV25: =IF(ISTEXT(NarrativeReportTable[[#This Row],[Status at end of 5th period]]),NarrativeReportTable[[#This Row],[Status at end of 5th period]],IF(ISTEXT(NarrativeReportTable[[#This Row],[Status at end of 4th period]]),NarrativeReportTable[[#This Row],[Status at end of 4th period]],IF(ISTEXT(NarrativeReportTable[[#This Row],[Status at end of 3rd period]]),NarrativeReportTable[[#This Row],[Status at end of 3rd period]],IF(ISTEXT(NarrativeReportTable[[#This Row],[Status at end of 2nd period]]),NarrativeReportTable[[#This Row],[Status at end of 2nd period]],IF(ISTEXT(NarrativeReportTable[[#This Row],[Status at end of 1st period]]),NarrativeReportTable[[#This Row],[Status at end of 1st period]],""))))) -> Delayed
B26: =IF('INT-Pivots'!G26="","",'INT-Pivots'!G26) -> Activity 3.2.1Mass media promotional campaigns on benefits of public transport | C26: =IF('INT-Pivots'!H26="","",'INT-Pivots'!H26) -> Producing and distributing communications materials | D26: =IF('INT-Pivots'!I26="","",IF(VALUE('INT-Pivots'!I26)=0,"",VALUE('INT-Pivots'!I26))) -> #VALUE! | E26: =IF('INT-Pivots'!J26=0,"-",IF('INT-Pivots'!J26="(blank)","-",'INT-Pivots'!J26)) -> null | F26: =IF('INT-Pivots'!K26="","",IF('INT-Pivots'!K26="(blank)","By project end",VALUE('INT-Pivots'!K26))) -> By project end | G26: =IF('INT-Pivots'!S26="","",IF('INT-Pivots'!S26="(blank)","-",'INT-Pivots'!S26)) -> Photo or video | H26: =IF('INT-Pivots'!L26=0,"",'INT-Pivots'!L26) -> At least 20 targeted promotional events (town-level/community-level, at SLTB bus stations, schools or corporate offices) designed, planned and executed on the benefits of using public transport | I26: =IF('INT-Pivots'!M26=0,"",IF('INT-Pivots'!M26="(blank)","-",'INT-Pivots'!M26)) -> null | J26: =IF('INT-Pivots'!N26="","",'INT-Pivots'!N26) -> Enabling Environment for Electric Buses for Public Transport and their Pilot Deployment in Colombo, Sri Lanka (HDV-23-003) | K26: =IF('INT-Pivots'!F26=0,"",IF('INT-Pivots'!F26="(blank)","",'INT-Pivots'!F26)) -> HDV-23-003/3.2.1Mass media promotional campaigns on benefits of public transport | L26: =IF('INT-Pivots'!O26="","",'INT-Pivots'!O26) -> United Nations Development Programme (UNDP) - Sri Lanka Country Office (24-035) | M26: =IF('INT-Pivots'!P26="","",'INT-Pivots'!P26) -> Vehicles & Engines | N26: =IF('INT-Pivots'!Q26="","",'INT-Pivots'!Q26) -> Sri Lanka | O26: =IF('INT-Pivots'!R26="","",'INT-Pivots'!R26) -> Ministry of Transport and Highways, Ministry of Power and Energy, National Transport Commission, Sri Lanka Transport Board, Western Province Road Passenger Transport Authority, Colombo Municipal Council, private bus operators, commuters, public | R26: Not started | S26: N/A | T26: N/A | U26: N/A | V26: N/A | W26: N/A | X26: On track | Y26: This scope is also included in above contractual assignment. | AV26: =IF(ISTEXT(NarrativeReportTable[[#This Row],[Status at end of 5th period]]),NarrativeReportTable[[#This Row],[Status at end of 5th period]],IF(ISTEXT(NarrativeReportTable[[#This Row],[Status at end of 4th period]]),NarrativeReportTable[[#This Row],[Status at end of 4th period]],IF(ISTEXT(NarrativeReportTable[[#This Row],[Status at end of 3rd period]]),NarrativeReportTable[[#This Row],[Status at end of 3rd period]],IF(ISTEXT(NarrativeReportTable[[#This Row],[Status at end of 2nd period]]),NarrativeReportTable[[#This Row],[Status at end of 2nd period]],IF(ISTEXT(NarrativeReportTable[[#This Row],[Status at end of 1st period]]),NarrativeReportTable[[#This Row],[Status at end of 1st period]],""))))) -> On track
B27: =IF('INT-Pivots'!G27="","",'INT-Pivots'!G27) -> Activity 3.2.2Targeted promotional events on benefits of public transport | C27: =IF('INT-Pivots'!H27="","",'INT-Pivots'!H27) -> Organising, holding, or participating in a meeting or event | D27: =IF('INT-Pivots'!I27="","",IF(VALUE('INT-Pivots'!I27)=0,"",VALUE('INT-Pivots'!I27))) -> #VALUE! | E27: =IF('INT-Pivots'!J27=0,"-",IF('INT-Pivots'!J27="(blank)","-",'INT-Pivots'!J27)) -> null | F27: =IF('INT-Pivots'!K27="","",IF('INT-Pivots'!K27="(blank)","By project end",VALUE('INT-Pivots'!K27))) -> By project end | G27: =IF('INT-Pivots'!S27="","",IF('INT-Pivots'!S27="(blank)","-",'INT-Pivots'!S27)) -> Photo or video | H27: =IF('INT-Pivots'!L27=0,"",'INT-Pivots'!L27) -> At least 10 targeted campaigns planned and executed on safety and comfort features on public transport buses, such as women's safety due to installation of CCTV cameras and road/driver safety features on electric buses | I27: =IF('INT-Pivots'!M27=0,"",IF('INT-Pivots'!M27="(blank)","-",'INT-Pivots'!M27)) -> null | J27: =IF('INT-Pivots'!N27="","",'INT-Pivots'!N27) -> Enabling Environment for Electric Buses for Public Transport and their Pilot Deployment in Colombo, Sri Lanka (HDV-23-003) | K27: =IF('INT-Pivots'!F27=0,"",IF('INT-Pivots'!F27="(blank)","",'INT-Pivots'!F27)) -> HDV-23-003/3.2.2Targeted promotional events on benefits of public transport | L27: =IF('INT-Pivots'!O27="","",'INT-Pivots'!O27) -> United Nations Development Programme (UNDP) - Sri Lanka Country Office (24-035) | M27: =IF('INT-Pivots'!P27="","",'INT-Pivots'!P27) -> Vehicles & Engines | N27: =IF('INT-Pivots'!Q27="","",'INT-Pivots'!Q27) -> Sri Lanka | O27: =IF('INT-Pivots'!R27="","",'INT-Pivots'!R27) -> Ministry of Transport and Highways, Ministry of Power and Energy, National Transport Commission, Sri Lanka Transport Board, Western Province Road Passenger Transport Authority, Colombo Municipal Council, private bus operators, commuters, public | R27: Not started | S27: N/A | T27: N/A | U27: N/A | V27: N/A | W27: N/A | X27: On track | Y27: This scope is also included in above contractual assignment. | AV27: =IF(ISTEXT(NarrativeReportTable[[#This Row],[Status at end of 5th period]]),NarrativeReportTable[[#This Row],[Status at end of 5th period]],IF(ISTEXT(NarrativeReportTable[[#This Row],[Status at end of 4th period]]),NarrativeReportTable[[#This Row],[Status at end of 4th period]],IF(ISTEXT(NarrativeReportTable[[#This Row],[Status at end of 3rd period]]),NarrativeReportTable[[#This Row],[Status at end of 3rd period]],IF(ISTEXT(NarrativeReportTable[[#This Row],[Status at end of 2nd period]]),NarrativeReportTable[[#This Row],[Status at end of 2nd period]],IF(ISTEXT(NarrativeReportTable[[#This Row],[Status at end of 1st period]]),NarrativeReportTable[[#This Row],[Status at end of 1st period]],""))))) -> On track
B28: =IF('INT-Pivots'!G28="","",'INT-Pivots'!G28) -> Activity 3.2.3Targeted campaigns on safety/accessibility features of low-carbon transport options | C28: =IF('INT-Pivots'!H28="","",'INT-Pivots'!H28) -> Producing and distributing communications materials | D28: =IF('INT-Pivots'!I28="","",IF(VALUE('INT-Pivots'!I28)=0,"",VALUE('INT-Pivots'!I28))) -> #VALUE! | E28: =IF('INT-Pivots'!J28=0,"-",IF('INT-Pivots'!J28="(blank)","-",'INT-Pivots'!J28)) -> null | F28: =IF('INT-Pivots'!K28="","",IF('INT-Pivots'!K28="(blank)","By project end",VALUE('INT-Pivots'!K28))) -> By project end | G28: =IF('INT-Pivots'!S28="","",IF('INT-Pivots'!S28="(blank)","-",'INT-Pivots'!S28)) -> Tool | H28: =IF('INT-Pivots'!L28=0,"",'INT-Pivots'!L28) -> Enhanced capital subsidy scheme (including the procedure for application, evaluation, verification and disbursement of capital subsidies) is instituted under a government programme, offering subsidies up to an indicative level of 30% of capital costs of an electric bus based on current estimates of capital costs. | I28: =IF('INT-Pivots'!M28=0,"",IF('INT-Pivots'!M28="(blank)","-",'INT-Pivots'!M28)) -> null | J28: =IF('INT-Pivots'!N28="","",'INT-Pivots'!N28) -> Enabling Environment for Electric Buses for Public Transport and their Pilot Deployment in Colombo, Sri Lanka (HDV-23-003) | K28: =IF('INT-Pivots'!F28=0,"",IF('INT-Pivots'!F28="(blank)","",'INT-Pivots'!F28)) -> HDV-23-003/3.2.3Targeted campaigns on safety/accessibility features of low-carbon transport options | L28: =IF('INT-Pivots'!O28="","",'INT-Pivots'!O28) -> United Nations Development Programme (UNDP) - Sri Lanka Country Office (24-035) | M28: =IF('INT-Pivots'!P28="","",'INT-Pivots'!P28) -> Vehicles & Engines | N28: =IF('INT-Pivots'!Q28="","",'INT-Pivots'!Q28) -> Sri Lanka | O28: =IF('INT-Pivots'!R28="","",'INT-Pivots'!R28) -> Ministry of Transport and Highways, Ministry of Power and Energy, National Transport Commission, Sri Lanka Transport Board, Western Province Road Passenger Transport Authority, Colombo Municipal Council | R28: Not started | S28: N/A | T28: N/A | U28: N/A | V28: N/A | W28: N/A | X28: On track | Y28: This scope is also included in above contractual assignment. | AV28: =IF(ISTEXT(NarrativeReportTable[[#This Row],[Status at end of 5th period]]),NarrativeReportTable[[#This Row],[Status at end of 5th period]],IF(ISTEXT(NarrativeReportTable[[#This Row],[Status at end of 4th period]]),NarrativeReportTable[[#This Row],[Status at end of 4th period]],IF(ISTEXT(NarrativeReportTable[[#This Row],[Status at end of 3rd period]]),NarrativeReportTable[[#This Row],[Status at end of 3rd period]],IF(ISTEXT(NarrativeReportTable[[#This Row],[Status at end of 2nd period]]),NarrativeReportTable[[#This Row],[Status at end of 2nd period]],IF(ISTEXT(NarrativeReportTable[[#This Row],[Status at end of 1st period]]),NarrativeReportTable[[#This Row],[Status at end of 1st period]],""))))) -> On track
B29: =IF('INT-Pivots'!G29="","",'INT-Pivots'!G29) -> Output 4.1 5 small/medium 9-metre buses deployed through public private partnerships in Colombo Municipal area after selection of vendor/OEM through a competitive tender process as per UN procurement rules | C29: =IF('INT-Pivots'!H29="","",'INT-Pivots'!H29) -> Number of tools, equipment, or technologies installed | D29: =IF('INT-Pivots'!I29="","",IF(VALUE('INT-Pivots'!I29)=0,"",VALUE('INT-Pivots'!I29))) -> 5 | E29: =IF('INT-Pivots'!J29=0,"-",IF('INT-Pivots'!J29="(blank)","-",'INT-Pivots'!J29)) -> Electric buses | F29: =IF('INT-Pivots'!K29="","",IF('INT-Pivots'!K29="(blank)","By project end",VALUE('INT-Pivots'!K29))) -> 46157 | G29: =IF('INT-Pivots'!S29="","",IF('INT-Pivots'!S29="(blank)","-",'INT-Pivots'!S29)) -> Meeting report, Participant list with gender breakdown, Photo or video, Meeting report, Participant list with gender breakdown, Photo or video, Meeting report, Participant list with gender breakdown, Photo or video, Meeting report, Participant list with gender breakdown, Photo or video | H29: =IF('INT-Pivots'!L29=0,"",'INT-Pivots'!L29) -> An informative webinar will be conducted to convey the project's objectives, approach, outcomes achieved and learnings to all relevant participants. | I29: =IF('INT-Pivots'!M29=0,"",IF('INT-Pivots'!M29="(blank)","-",'INT-Pivots'!M29)) -> Webinar material reviewed and approved by CCAC; webinar attended by CCAC | J29: =IF('INT-Pivots'!N29="","",'INT-Pivots'!N29) -> Enabling Environment for Electric Buses for Public Transport and their Pilot Deployment in Colombo, Sri Lanka (HDV-23-003) | K29: =IF('INT-Pivots'!F29=0,"",IF('INT-Pivots'!F29="(blank)","",'INT-Pivots'!F29)) -> HDV-23-003/4.1 5 small/medium 9-metre buses deployed through public private partnerships in Colombo Municipal area after selection of vendor/OEM through a competitive tender process as per UN procurement rules | L29: =IF('INT-Pivots'!O29="","",'INT-Pivots'!O29) -> United Nations Development Programme (UNDP) - Sri Lanka Country Office (24-035) | M29: =IF('INT-Pivots'!P29="","",'INT-Pivots'!P29) -> Vehicles & Engines | N29: =IF('INT-Pivots'!Q29="","",'INT-Pivots'!Q29) -> Sri Lanka | O29: =IF('INT-Pivots'!R29="","",'INT-Pivots'!R29) -> null | R29: Not started | S29: N/A | T29: N/A | U29: N/A | V29: N/A | W29: N/A | X29: Delayed | Y29: Discussions are ongoing with the new administration to identify suitable routes and PPP models. The Ministry’s political and administrative leadership has agreed to provide route suggestions aligned with national priorities by the end of Jan 2026, which will inform UNDP’s planning. The PPP model has been discussed in principle, with further studies underway to finalize the implementation approach. | Z29: The initial approval delay has delayed the kick-off of this major activity. The two consulting partners are fully equipped with the necessary technical experts to guide the development of the pilot and its deployment. | AV29: =IF(ISTEXT(NarrativeReportTable[[#This Row],[Status at end of 5th period]]),NarrativeReportTable[[#This Row],[Status at end of 5th period]],IF(ISTEXT(NarrativeReportTable[[#This Row],[Status at end of 4th period]]),NarrativeReportTable[[#This Row],[Status at end of 4th period]],IF(ISTEXT(NarrativeReportTable[[#This Row],[Status at end of 3rd period]]),NarrativeReportTable[[#This Row],[Status at end of 3rd period]],IF(ISTEXT(NarrativeReportTable[[#This Row],[Status at end of 2nd period]]),NarrativeReportTable[[#This Row],[Status at end of 2nd period]],IF(ISTEXT(NarrativeReportTable[[#This Row],[Status at end of 1st period]]),NarrativeReportTable[[#This Row],[Status at end of 1st period]],""))))) -> Delayed
B30: =IF('INT-Pivots'!G30="","",'INT-Pivots'!G30) -> Activity 4.1.1Technical assistance to setup a mechanism for channelling of enhanced grants as capital subsidy scheme | C30: =IF('INT-Pivots'!H30="","",'INT-Pivots'!H30) -> Policy, project, or tool design | D30: =IF('INT-Pivots'!I30="","",IF(VALUE('INT-Pivots'!I30)=0,"",VALUE('INT-Pivots'!I30))) -> #VALUE! | E30: =IF('INT-Pivots'!J30=0,"-",IF('INT-Pivots'!J30="(blank)","-",'INT-Pivots'!J30)) -> null | F30: =IF('INT-Pivots'!K30="","",IF('INT-Pivots'!K30="(blank)","By project end",VALUE('INT-Pivots'!K30))) -> By project end | G30: =IF('INT-Pivots'!S30="","",IF('INT-Pivots'!S30="(blank)","-",'INT-Pivots'!S30)) -> Inventory | H30: =IF('INT-Pivots'!L30=0,"",'INT-Pivots'!L30) -> Five electric buses on public transport routes within Colombo city are procured and deployed with support from capital subsidy instituted in the previous activity. | I30: =IF('INT-Pivots'!M30=0,"",IF('INT-Pivots'!M30="(blank)","-",'INT-Pivots'!M30)) -> null | J30: =IF('INT-Pivots'!N30="","",'INT-Pivots'!N30) -> Enabling Environment for Electric Buses for Public Transport and their Pilot Deployment in Colombo, Sri Lanka (HDV-23-003) | K30: =IF('INT-Pivots'!F30=0,"",IF('INT-Pivots'!F30="(blank)","",'INT-Pivots'!F30)) -> HDV-23-003/4.1.1Technical assistance to setup a mechanism for channelling of enhanced grants as capital subsidy scheme | L30: =IF('INT-Pivots'!O30="","",'INT-Pivots'!O30) -> United Nations Development Programme (UNDP) - Sri Lanka Country Office (24-035) | M30: =IF('INT-Pivots'!P30="","",'INT-Pivots'!P30) -> Vehicles & Engines | N30: =IF('INT-Pivots'!Q30="","",'INT-Pivots'!Q30) -> Sri Lanka | O30: =IF('INT-Pivots'!R30="","",'INT-Pivots'!R30) -> null | R30: Not started | S30: N/A | T30: N/A | U30: N/A | V30: N/A | W30: N/A | X30: Not started | AV30: =IF(ISTEXT(NarrativeReportTable[[#This Row],[Status at end of 5th period]]),NarrativeReportTable[[#This Row],[Status at end of 5th period]],IF(ISTEXT(NarrativeReportTable[[#This Row],[Status at end of 4th period]]),NarrativeReportTable[[#This Row],[Status at end of 4th period]],IF(ISTEXT(NarrativeReportTable[[#This Row],[Status at end of 3rd period]]),NarrativeReportTable[[#This Row],[Status at end of 3rd period]],IF(ISTEXT(NarrativeReportTable[[#This Row],[Status at end of 2nd period]]),NarrativeReportTable[[#This Row],[Status at end of 2nd period]],IF(ISTEXT(NarrativeReportTable[[#This Row],[Status at end of 1st period]]),NarrativeReportTable[[#This Row],[Status at end of 1st period]],""))))) -> Not started
B31: =IF('INT-Pivots'!G31="","",'INT-Pivots'!G31) -> Activity 4.1.2Five electric buses on public transport routes are procured and deployed with support from enhanced capital subsidy scheme and leased to public/private bus operator | C31: =IF('INT-Pivots'!H31="","",'INT-Pivots'!H31) -> Other | D31: =IF('INT-Pivots'!I31="","",IF(VALUE('INT-Pivots'!I31)=0,"",VALUE('INT-Pivots'!I31))) -> #VALUE! | E31: =IF('INT-Pivots'!J31=0,"-",IF('INT-Pivots'!J31="(blank)","-",'INT-Pivots'!J31)) -> null | F31: =IF('INT-Pivots'!K31="","",IF('INT-Pivots'!K31="(blank)","By project end",VALUE('INT-Pivots'!K31))) -> By project end | G31: =IF('INT-Pivots'!S31="","",IF('INT-Pivots'!S31="(blank)","-",'INT-Pivots'!S31)) -> Meeting report | H31: =IF('INT-Pivots'!L31=0,"",'INT-Pivots'!L31) -> Webinar materials will be developed and delivered to all project stakeholders and CCAC | I31: =IF('INT-Pivots'!M31=0,"",IF('INT-Pivots'!M31="(blank)","-",'INT-Pivots'!M31)) -> null | J31: =IF('INT-Pivots'!N31="","",'INT-Pivots'!N31) -> Enabling Environment for Electric Buses for Public Transport and their Pilot Deployment in Colombo, Sri Lanka (HDV-23-003) | K31: =IF('INT-Pivots'!F31=0,"",IF('INT-Pivots'!F31="(blank)","",'INT-Pivots'!F31)) -> HDV-23-003/4.1.2Five electric buses on public transport routes are procured and deployed with support from enhanced capital subsidy scheme and leased to public/private bus operator | L31: =IF('INT-Pivots'!O31="","",'INT-Pivots'!O31) -> United Nations Development Programme (UNDP) - Sri Lanka Country Office (24-035) | M31: =IF('INT-Pivots'!P31="","",'INT-Pivots'!P31) -> Vehicles & Engines | N31: =IF('INT-Pivots'!Q31="","",'INT-Pivots'!Q31) -> Sri Lanka | O31: =IF('INT-Pivots'!R31="","",'INT-Pivots'!R31) -> null | R31: Not started | S31: N/A | T31: N/A | U31: N/A | V31: N/A | W31: N/A | X31: Not started | AV31: =IF(ISTEXT(NarrativeReportTable[[#This Row],[Status at end of 5th period]]),NarrativeReportTable[[#This Row],[Status at end of 5th period]],IF(ISTEXT(NarrativeReportTable[[#This Row],[Status at end of 4th period]]),NarrativeReportTable[[#This Row],[Status at end of 4th period]],IF(ISTEXT(NarrativeReportTable[[#This Row],[Status at end of 3rd period]]),NarrativeReportTable[[#This Row],[Status at end of 3rd period]],IF(ISTEXT(NarrativeReportTable[[#This Row],[Status at end of 2nd period]]),NarrativeReportTable[[#This Row],[Status at end of 2nd period]],IF(ISTEXT(NarrativeReportTable[[#This Row],[Status at end of 1st period]]),NarrativeReportTable[[#This Row],[Status at end of 1st period]],""))))) -> Not started
B32: =IF('INT-Pivots'!G32="","",'INT-Pivots'!G32) -> Output 5.1 A 45- to 60-minute webinar about the project approach and outcomes delivered to CCAC partners and project stakeholders no later than the project end date | C32: =IF('INT-Pivots'!H32="","",'INT-Pivots'!H32) -> Number of public events, webinars, or side events hosted | D32: =IF('INT-Pivots'!I32="","",IF(VALUE('INT-Pivots'!I32)=0,"",VALUE('INT-Pivots'!I32))) -> 1 | E32: =IF('INT-Pivots'!J32=0,"-",IF('INT-Pivots'!J32="(blank)","-",'INT-Pivots'!J32)) -> Number of webinars held | F32: =IF('INT-Pivots'!K32="","",IF('INT-Pivots'!K32="(blank)","By project end",VALUE('INT-Pivots'!K32))) -> 46157 | G32: =IF('INT-Pivots'!S32="","",IF('INT-Pivots'!S32="(blank)","-",'INT-Pivots'!S32)) -> Research or study, Research or study | H32: =IF('INT-Pivots'!L32=0,"",'INT-Pivots'!L32) -> A case study on the project experience will be produced to help guide future scale-up and active involvement of private sector. | I32: =IF('INT-Pivots'!M32=0,"",IF('INT-Pivots'!M32="(blank)","-",'INT-Pivots'!M32)) -> Case study reviewed and approved by CCAC | J32: =IF('INT-Pivots'!N32="","",'INT-Pivots'!N32) -> Enabling Environment for Electric Buses for Public Transport and their Pilot Deployment in Colombo, Sri Lanka (HDV-23-003) | K32: =IF('INT-Pivots'!F32=0,"",IF('INT-Pivots'!F32="(blank)","",'INT-Pivots'!F32)) -> HDV-23-003/5.1 A 45- to 60-minute webinar about the project approach and outcomes delivered to CCAC partners and project stakeholders no later than the project end date | L32: =IF('INT-Pivots'!O32="","",'INT-Pivots'!O32) -> United Nations Development Programme (UNDP) - Sri Lanka Country Office (24-035) | M32: =IF('INT-Pivots'!P32="","",'INT-Pivots'!P32) -> Vehicles & Engines | N32: =IF('INT-Pivots'!Q32="","",'INT-Pivots'!Q32) -> Sri Lanka | O32: =IF('INT-Pivots'!R32="","",'INT-Pivots'!R32) -> null | R32: Not started | S32: N/A | T32: N/A | U32: N/A | V32: N/A | W32: N/A | X32: On track | Y32: This task is included in the selected lead contractual service provider's scope of work and will begin in Q2 2026. The lead contractor is to organize and conduct one webinar for project partners and national stakeholders to share project outcomes, lessons learned, pilot specific-case studies, and recommendations. | AV32: =IF(ISTEXT(NarrativeReportTable[[#This Row],[Status at end of 5th period]]),NarrativeReportTable[[#This Row],[Status at end of 5th period]],IF(ISTEXT(NarrativeReportTable[[#This Row],[Status at end of 4th period]]),NarrativeReportTable[[#This Row],[Status at end of 4th period]],IF(ISTEXT(NarrativeReportTable[[#This Row],[Status at end of 3rd period]]),NarrativeReportTable[[#This Row],[Status at end of 3rd period]],IF(ISTEXT(NarrativeReportTable[[#This Row],[Status at end of 2nd period]]),NarrativeReportTable[[#This Row],[Status at end of 2nd period]],IF(ISTEXT(NarrativeReportTable[[#This Row],[Status at end of 1st period]]),NarrativeReportTable[[#This Row],[Status at end of 1st period]],""))))) -> On track
B33: =IF('INT-Pivots'!G33="","",'INT-Pivots'!G33) -> Activity 5.1.1 A 45- to 60-minute webinar about the project approach and outcomes developed and delivered to CCAC partners and project stakeholders | C33: =IF('INT-Pivots'!H33="","",'INT-Pivots'!H33) -> Producing and distributing communications materials | D33: =IF('INT-Pivots'!I33="","",IF(VALUE('INT-Pivots'!I33)=0,"",VALUE('INT-Pivots'!I33))) -> #VALUE! | E33: =IF('INT-Pivots'!J33=0,"-",IF('INT-Pivots'!J33="(blank)","-",'INT-Pivots'!J33)) -> null | F33: =IF('INT-Pivots'!K33="","",IF('INT-Pivots'!K33="(blank)","By project end",VALUE('INT-Pivots'!K33))) -> By project end | G33: =IF('INT-Pivots'!S33="","",IF('INT-Pivots'!S33="(blank)","-",'INT-Pivots'!S33)) -> Research or study | H33: =IF('INT-Pivots'!L33=0,"",'INT-Pivots'!L33) -> A case-study will be developed on project objectives, outcomes achieved, learnings and guidance for future scale-up | I33: =IF('INT-Pivots'!M33=0,"",IF('INT-Pivots'!M33="(blank)","-",'INT-Pivots'!M33)) -> null | J33: =IF('INT-Pivots'!N33="","",'INT-Pivots'!N33) -> Enabling Environment for Electric Buses for Public Transport and their Pilot Deployment in Colombo, Sri Lanka (HDV-23-003) | K33: =IF('INT-Pivots'!F33=0,"",IF('INT-Pivots'!F33="(blank)","",'INT-Pivots'!F33)) -> HDV-23-003/5.1.1 A 45- to 60-minute webinar about the project approach and outcomes developed and delivered to CCAC partners and project stakeholders | L33: =IF('INT-Pivots'!O33="","",'INT-Pivots'!O33) -> United Nations Development Programme (UNDP) - Sri Lanka Country Office (24-035) | M33: =IF('INT-Pivots'!P33="","",'INT-Pivots'!P33) -> Vehicles & Engines | N33: =IF('INT-Pivots'!Q33="","",'INT-Pivots'!Q33) -> Sri Lanka | O33: =IF('INT-Pivots'!R33="","",'INT-Pivots'!R33) -> null | R33: Not started | S33: N/A | T33: N/A | U33: N/A | V33: N/A | W33: N/A | X33: Not started | AV33: =IF(ISTEXT(NarrativeReportTable[[#This Row],[Status at end of 5th period]]),NarrativeReportTable[[#This Row],[Status at end of 5th period]],IF(ISTEXT(NarrativeReportTable[[#This Row],[Status at end of 4th period]]),NarrativeReportTable[[#This Row],[Status at end of 4th period]],IF(ISTEXT(NarrativeReportTable[[#This Row],[Status at end of 3rd period]]),NarrativeReportTable[[#This Row],[Status at end of 3rd period]],IF(ISTEXT(NarrativeReportTable[[#This Row],[Status at end of 2nd period]]),NarrativeReportTable[[#This Row],[Status at end of 2nd period]],IF(ISTEXT(NarrativeReportTable[[#This Row],[Status at end of 1st period]]),NarrativeReportTable[[#This Row],[Status at end of 1st period]],""))))) -> Not started
B34: =IF('INT-Pivots'!G34="","",'INT-Pivots'!G34) -> Output 5.2 A 5- to 10-page case study or guidance document to support the replication or scale up of the project activities and/or results for potential public and private sector operators/stakeholders | C34: =IF('INT-Pivots'!H34="","",'INT-Pivots'!H34) -> Number of SLCP knowledge resources or tools produced | D34: =IF('INT-Pivots'!I34="","",IF(VALUE('INT-Pivots'!I34)=0,"",VALUE('INT-Pivots'!I34))) -> 1 | E34: =IF('INT-Pivots'!J34=0,"-",IF('INT-Pivots'!J34="(blank)","-",'INT-Pivots'!J34)) -> Document | F34: =IF('INT-Pivots'!K34="","",IF('INT-Pivots'!K34="(blank)","By project end",VALUE('INT-Pivots'!K34))) -> 46173 | G34: =IF('INT-Pivots'!S34="","",IF('INT-Pivots'!S34="(blank)","-",'INT-Pivots'!S34)) -> Tool, Tool, Inventory, Research or study | H34: =IF('INT-Pivots'!L34=0,"",'INT-Pivots'!L34) -> A GHG emission reduction tracking system introduced by the project will produce a report on GHG emissions reduced , after deployment of five electric buses under this project during project period and after, to compare if mitigation potential is achieved for the reporting purposes of the government of Sri Lanka | I34: =IF('INT-Pivots'!M34=0,"",IF('INT-Pivots'!M34="(blank)","-",'INT-Pivots'!M34)) -> Mitigation report reviewed and approved by CCAC | J34: =IF('INT-Pivots'!N34="","",'INT-Pivots'!N34) -> Enabling Environment for Electric Buses for Public Transport and their Pilot Deployment in Colombo, Sri Lanka (HDV-23-003) | K34: =IF('INT-Pivots'!F34=0,"",IF('INT-Pivots'!F34="(blank)","",'INT-Pivots'!F34)) -> HDV-23-003/5.2 A 5- to 10-page case study or guidance document to support the replication or scale up of the project activities and/or results for potential public and private sector operators/stakeholders | L34: =IF('INT-Pivots'!O34="","",'INT-Pivots'!O34) -> United Nations Development Programme (UNDP) - Sri Lanka Country Office (24-035) | M34: =IF('INT-Pivots'!P34="","",'INT-Pivots'!P34) -> Vehicles & Engines | N34: =IF('INT-Pivots'!Q34="","",'INT-Pivots'!Q34) -> Sri Lanka | O34: =IF('INT-Pivots'!R34="","",'INT-Pivots'!R34) -> Ministry of Environment | R34: Not started | S34: N/A | U34: N/A | V34: N/A | W34: N/A | X34: Not started | AV34: =IF(ISTEXT(NarrativeReportTable[[#This Row],[Status at end of 5th period]]),NarrativeReportTable[[#This Row],[Status at end of 5th period]],IF(ISTEXT(NarrativeReportTable[[#This Row],[Status at end of 4th period]]),NarrativeReportTable[[#This Row],[Status at end of 4th period]],IF(ISTEXT(NarrativeReportTable[[#This Row],[Status at end of 3rd period]]),NarrativeReportTable[[#This Row],[Status at end of 3rd period]],IF(ISTEXT(NarrativeReportTable[[#This Row],[Status at end of 2nd period]]),NarrativeReportTable[[#This Row],[Status at end of 2nd period]],IF(ISTEXT(NarrativeReportTable[[#This Row],[Status at end of 1st period]]),NarrativeReportTable[[#This Row],[Status at end of 1st period]],""))))) -> Not started
B35: =IF('INT-Pivots'!G35="","",'INT-Pivots'!G35) -> Activity 5.2.1 A 5- to 10-page case study to facilitate scale up of project's activities | C35: =IF('INT-Pivots'!H35="","",'INT-Pivots'!H35) -> Producing and distributing communications materials | D35: =IF('INT-Pivots'!I35="","",IF(VALUE('INT-Pivots'!I35)=0,"",VALUE('INT-Pivots'!I35))) -> #VALUE! | E35: =IF('INT-Pivots'!J35=0,"-",IF('INT-Pivots'!J35="(blank)","-",'INT-Pivots'!J35)) -> null | F35: =IF('INT-Pivots'!K35="","",IF('INT-Pivots'!K35="(blank)","By project end",VALUE('INT-Pivots'!K35))) -> By project end | G35: =IF('INT-Pivots'!S35="","",IF('INT-Pivots'!S35="(blank)","-",'INT-Pivots'!S35)) -> Tool | H35: =IF('INT-Pivots'!L35=0,"",'INT-Pivots'!L35) -> A report tracking GHG emissions reductions will be instituted that will also help Sri Lankan government track its emissions reductions against its NDC targets. | I35: =IF('INT-Pivots'!M35=0,"",IF('INT-Pivots'!M35="(blank)","-",'INT-Pivots'!M35)) -> null | J35: =IF('INT-Pivots'!N35="","",'INT-Pivots'!N35) -> Enabling Environment for Electric Buses for Public Transport and their Pilot Deployment in Colombo, Sri Lanka (HDV-23-003) | K35: =IF('INT-Pivots'!F35=0,"",IF('INT-Pivots'!F35="(blank)","",'INT-Pivots'!F35)) -> HDV-23-003/5.2.1 A 5- to 10-page case study to facilitate scale up of project's activities | L35: =IF('INT-Pivots'!O35="","",'INT-Pivots'!O35) -> United Nations Development Programme (UNDP) - Sri Lanka Country Office (24-035) | M35: =IF('INT-Pivots'!P35="","",'INT-Pivots'!P35) -> Vehicles & Engines | N35: =IF('INT-Pivots'!Q35="","",'INT-Pivots'!Q35) -> Sri Lanka | O35: =IF('INT-Pivots'!R35="","",'INT-Pivots'!R35) -> Ministry of Environment | R35: Not started | S35: N/A | U35: N/A | V35: N/A | W35: N/A | X35: Not started | AV35: =IF(ISTEXT(NarrativeReportTable[[#This Row],[Status at end of 5th period]]),NarrativeReportTable[[#This Row],[Status at end of 5th period]],IF(ISTEXT(NarrativeReportTable[[#This Row],[Status at end of 4th period]]),NarrativeReportTable[[#This Row],[Status at end of 4th period]],IF(ISTEXT(NarrativeReportTable[[#This Row],[Status at end of 3rd period]]),NarrativeReportTable[[#This Row],[Status at end of 3rd period]],IF(ISTEXT(NarrativeReportTable[[#This Row],[Status at end of 2nd period]]),NarrativeReportTable[[#This Row],[Status at end of 2nd period]],IF(ISTEXT(NarrativeReportTable[[#This Row],[Status at end of 1st period]]),NarrativeReportTable[[#This Row],[Status at end of 1st period]],""))))) -> Not started
B36: =IF('INT-Pivots'!G36="","",'INT-Pivots'!G36) -> Output 5.3 A report tracking mitigation potential and actual emission reduction during and immediately after project period by the deployment of 5 electric buses, for Ministry of Transport and Highways /Ministry of Environment for NDC reporting | C36: =IF('INT-Pivots'!H36="","",'INT-Pivots'!H36) -> Number of SLCP assessments, emissions inventories, and other emissions datasets produced | D36: =IF('INT-Pivots'!I36="","",IF(VALUE('INT-Pivots'!I36)=0,"",VALUE('INT-Pivots'!I36))) -> 1 | E36: =IF('INT-Pivots'!J36=0,"-",IF('INT-Pivots'!J36="(blank)","-",'INT-Pivots'!J36)) -> Report | F36: =IF('INT-Pivots'!K36="","",IF('INT-Pivots'!K36="(blank)","By project end",VALUE('INT-Pivots'!K36))) -> 46173 | G36: =IF('INT-Pivots'!S36="","",IF('INT-Pivots'!S36="(blank)","-",'INT-Pivots'!S36)) -> Tool, Tool, Research or study | H36: =IF('INT-Pivots'!L36=0,"",'INT-Pivots'!L36) -> A project monitoring, reporting and verification system will be developed to track project progress against objectives and update the Project Board on the same during board meetings. | I36: =IF('INT-Pivots'!M36=0,"",IF('INT-Pivots'!M36="(blank)","-",'INT-Pivots'!M36)) -> Monitoring report reviewed and approved by CCAC | J36: =IF('INT-Pivots'!N36="","",'INT-Pivots'!N36) -> Enabling Environment for Electric Buses for Public Transport and their Pilot Deployment in Colombo, Sri Lanka (HDV-23-003) | K36: =IF('INT-Pivots'!F36=0,"",IF('INT-Pivots'!F36="(blank)","",'INT-Pivots'!F36)) -> HDV-23-003/5.3 A report tracking mitigation potential and actual emission reduction during and immediately after project period by the deployment of 5 electric buses, for Ministry of Transport and Highways /Ministry of Environment for NDC reporting | L36: =IF('INT-Pivots'!O36="","",'INT-Pivots'!O36) -> United Nations Development Programme (UNDP) - Sri Lanka Country Office (24-035) | M36: =IF('INT-Pivots'!P36="","",'INT-Pivots'!P36) -> Vehicles & Engines | N36: =IF('INT-Pivots'!Q36="","",'INT-Pivots'!Q36) -> Sri Lanka | O36: =IF('INT-Pivots'!R36="","",'INT-Pivots'!R36) -> null | R36: Not started | S36: N/A | U36: N/A | V36: N/A | W36: N/A | X36: On track | Y36: This task is included in the selected contractual service provider's scope of work and will begin in Q1 2026. The project is to design MRVing methodology in Q1 and be implemented for e-Bus pilot programme in Q2 & Q3 of 2026. | AV36: =IF(ISTEXT(NarrativeReportTable[[#This Row],[Status at end of 5th period]]),NarrativeReportTable[[#This Row],[Status at end of 5th period]],IF(ISTEXT(NarrativeReportTable[[#This Row],[Status at end of 4th period]]),NarrativeReportTable[[#This Row],[Status at end of 4th period]],IF(ISTEXT(NarrativeReportTable[[#This Row],[Status at end of 3rd period]]),NarrativeReportTable[[#This Row],[Status at end of 3rd period]],IF(ISTEXT(NarrativeReportTable[[#This Row],[Status at end of 2nd period]]),NarrativeReportTable[[#This Row],[Status at end of 2nd period]],IF(ISTEXT(NarrativeReportTable[[#This Row],[Status at end of 1st period]]),NarrativeReportTable[[#This Row],[Status at end of 1st period]],""))))) -> On track
B37: =IF('INT-Pivots'!G37="","",'INT-Pivots'!G37) -> Activity 5.3.1 A report/system tracking actual emission reduction from deployment of 5 e-buses against mitigation potential | C37: =IF('INT-Pivots'!H37="","",'INT-Pivots'!H37) -> Research, data collection, and/or report writing | D37: =IF('INT-Pivots'!I37="","",IF(VALUE('INT-Pivots'!I37)=0,"",VALUE('INT-Pivots'!I37))) -> #VALUE! | E37: =IF('INT-Pivots'!J37=0,"-",IF('INT-Pivots'!J37="(blank)","-",'INT-Pivots'!J37)) -> null | F37: =IF('INT-Pivots'!K37="","",IF('INT-Pivots'!K37="(blank)","By project end",VALUE('INT-Pivots'!K37))) -> By project end | G37: =IF('INT-Pivots'!S37="","",IF('INT-Pivots'!S37="(blank)","-",'INT-Pivots'!S37)) -> Tool | H37: =IF('INT-Pivots'!L37=0,"",'INT-Pivots'!L37) -> A monitoring, reporting and verification system is setup to track progress of project' activities and outcomes achieved are in line with its objectives | I37: =IF('INT-Pivots'!M37=0,"",IF('INT-Pivots'!M37="(blank)","-",'INT-Pivots'!M37)) -> null | J37: =IF('INT-Pivots'!N37="","",'INT-Pivots'!N37) -> Enabling Environment for Electric Buses for Public Transport and their Pilot Deployment in Colombo, Sri Lanka (HDV-23-003) | K37: =IF('INT-Pivots'!F37=0,"",IF('INT-Pivots'!F37="(blank)","",'INT-Pivots'!F37)) -> HDV-23-003/5.3.1 A report/system tracking actual emission reduction from deployment of 5 e-buses against mitigation potential | L37: =IF('INT-Pivots'!O37="","",'INT-Pivots'!O37) -> United Nations Development Programme (UNDP) - Sri Lanka Country Office (24-035) | M37: =IF('INT-Pivots'!P37="","",'INT-Pivots'!P37) -> Vehicles & Engines | N37: =IF('INT-Pivots'!Q37="","",'INT-Pivots'!Q37) -> Sri Lanka | O37: =IF('INT-Pivots'!R37="","",'INT-Pivots'!R37) -> null | R37: Not started | S37: N/A | U37: N/A | V37: N/A | W37: N/A | X37: Not started | AV37: =IF(ISTEXT(NarrativeReportTable[[#This Row],[Status at end of 5th period]]),NarrativeReportTable[[#This Row],[Status at end of 5th period]],IF(ISTEXT(NarrativeReportTable[[#This Row],[Status at end of 4th period]]),NarrativeReportTable[[#This Row],[Status at end of 4th period]],IF(ISTEXT(NarrativeReportTable[[#This Row],[Status at end of 3rd period]]),NarrativeReportTable[[#This Row],[Status at end of 3rd period]],IF(ISTEXT(NarrativeReportTable[[#This Row],[Status at end of 2nd period]]),NarrativeReportTable[[#This Row],[Status at end of 2nd period]],IF(ISTEXT(NarrativeReportTable[[#This Row],[Status at end of 1st period]]),NarrativeReportTable[[#This Row],[Status at end of 1st period]],""))))) -> Not started
B38: =IF('INT-Pivots'!G38="","",'INT-Pivots'!G38) | C38: =IF('INT-Pivots'!H38="","",'INT-Pivots'!H38) | D38: =IF('INT-Pivots'!I38="","",IF(VALUE('INT-Pivots'!I38)=0,"",VALUE('INT-Pivots'!I38))) | E38: =IF('INT-Pivots'!J38=0,"-",IF('INT-Pivots'!J38="(blank)","-",'INT-Pivots'!J38)) -> - | F38: =IF('INT-Pivots'!K38="","",IF('INT-Pivots'!K38="(blank)","By project end",VALUE('INT-Pivots'!K38))) | G38: =IF('INT-Pivots'!S38="","",IF('INT-Pivots'!S38="(blank)","-",'INT-Pivots'!S38)) | H38: =IF('INT-Pivots'!L38=0,"",'INT-Pivots'!L38) | I38: =IF('INT-Pivots'!M38=0,"",IF('INT-Pivots'!M38="(blank)","-",'INT-Pivots'!M38)) | J38: =IF('INT-Pivots'!N38="","",'INT-Pivots'!N38) | K38: =IF('INT-Pivots'!F38=0,"",IF('INT-Pivots'!F38="(blank)","",'INT-Pivots'!F38)) | L38: =IF('INT-Pivots'!O38="","",'INT-Pivots'!O38) | M38: =IF('INT-Pivots'!P38="","",'INT-Pivots'!P38) | N38: =IF('INT-Pivots'!Q38="","",'INT-Pivots'!Q38) | O38: =IF('INT-Pivots'!R38="","",'INT-Pivots'!R38) | AV38: =IF(ISTEXT(NarrativeReportTable[[#This Row],[Status at end of 5th period]]),NarrativeReportTable[[#This Row],[Status at end of 5th period]],IF(ISTEXT(NarrativeReportTable[[#This Row],[Status at end of 4th period]]),NarrativeReportTable[[#This Row],[Status at end of 4th period]],IF(ISTEXT(NarrativeReportTable[[#This Row],[Status at end of 3rd period]]),NarrativeReportTable[[#This Row],[Status at end of 3rd period]],IF(ISTEXT(NarrativeReportTable[[#This Row],[Status at end of 2nd period]]),NarrativeReportTable[[#This Row],[Status at end of 2nd period]],IF(ISTEXT(NarrativeReportTable[[#This Row],[Status at end of 1st period]]),NarrativeReportTable[[#This Row],[Status at end of 1st period]],"")))))
B39: =IF('INT-Pivots'!G39="","",'INT-Pivots'!G39) | C39: =IF('INT-Pivots'!H39="","",'INT-Pivots'!H39) | D39: =IF('INT-Pivots'!I39="","",IF(VALUE('INT-Pivots'!I39)=0,"",VALUE('INT-Pivots'!I39))) | E39: =IF('INT-Pivots'!J39=0,"-",IF('INT-Pivots'!J39="(blank)","-",'INT-Pivots'!J39)) -> - | F39: =IF('INT-Pivots'!K39="","",IF('INT-Pivots'!K39="(blank)","By project end",VALUE('INT-Pivots'!K39))) | G39: =IF('INT-Pivots'!S39="","",IF('INT-Pivots'!S39="(blank)","-",'INT-Pivots'!S39)) | H39: =IF('INT-Pivots'!L39=0,"",'INT-Pivots'!L39) | I39: =IF('INT-Pivots'!M39=0,"",IF('INT-Pivots'!M39="(blank)","-",'INT-Pivots'!M39)) | J39: =IF('INT-Pivots'!N39="","",'INT-Pivots'!N39) | K39: =IF('INT-Pivots'!F39=0,"",IF('INT-Pivots'!F39="(blank)","",'INT-Pivots'!F39)) | L39: =IF('INT-Pivots'!O39="","",'INT-Pivots'!O39) | M39: =IF('INT-Pivots'!P39="","",'INT-Pivots'!P39) | N39: =IF('INT-Pivots'!Q39="","",'INT-Pivots'!Q39) | O39: =IF('INT-Pivots'!R39="","",'INT-Pivots'!R39) | AV39: =IF(ISTEXT(NarrativeReportTable[[#This Row],[Status at end of 5th period]]),NarrativeReportTable[[#This Row],[Status at end of 5th period]],IF(ISTEXT(NarrativeReportTable[[#This Row],[Status at end of 4th period]]),NarrativeReportTable[[#This Row],[Status at end of 4th period]],IF(ISTEXT(NarrativeReportTable[[#This Row],[Status at end of 3rd period]]),NarrativeReportTable[[#This Row],[Status at end of 3rd period]],IF(ISTEXT(NarrativeReportTable[[#This Row],[Status at end of 2nd period]]),NarrativeReportTable[[#This Row],[Status at end of 2nd period]],IF(ISTEXT(NarrativeReportTable[[#This Row],[Status at end of 1st period]]),NarrativeReportTable[[#This Row],[Status at end of 1st period]],"")))))
B40: =IF('INT-Pivots'!G40="","",'INT-Pivots'!G40) | C40: =IF('INT-Pivots'!H40="","",'INT-Pivots'!H40) | D40: =IF('INT-Pivots'!I40="","",IF(VALUE('INT-Pivots'!I40)=0,"",VALUE('INT-Pivots'!I40))) | E40: =IF('INT-Pivots'!J40=0,"-",IF('INT-Pivots'!J40="(blank)","-",'INT-Pivots'!J40)) -> - | F40: =IF('INT-Pivots'!K40="","",IF('INT-Pivots'!K40="(blank)","By project end",VALUE('INT-Pivots'!K40))) | G40: =IF('INT-Pivots'!S40="","",IF('INT-Pivots'!S40="(blank)","-",'INT-Pivots'!S40)) | H40: =IF('INT-Pivots'!L40=0,"",'INT-Pivots'!L40) | I40: =IF('INT-Pivots'!M40=0,"",IF('INT-Pivots'!M40="(blank)","-",'INT-Pivots'!M40)) | J40: =IF('INT-Pivots'!N40="","",'INT-Pivots'!N40) | K40: =IF('INT-Pivots'!F40=0,"",IF('INT-Pivots'!F40="(blank)","",'INT-Pivots'!F40)) | L40: =IF('INT-Pivots'!O40="","",'INT-Pivots'!O40) | M40: =IF('INT-Pivots'!P40="","",'INT-Pivots'!P40) | N40: =IF('INT-Pivots'!Q40="","",'INT-Pivots'!Q40) | O40: =IF('INT-Pivots'!R40="","",'INT-Pivots'!R40) | AV40: =IF(ISTEXT(NarrativeReportTable[[#This Row],[Status at end of 5th period]]),NarrativeReportTable[[#This Row],[Status at end of 5th period]],IF(ISTEXT(NarrativeReportTable[[#This Row],[Status at end of 4th period]]),NarrativeReportTable[[#This Row],[Status at end of 4th period]],IF(ISTEXT(NarrativeReportTable[[#This Row],[Status at end of 3rd period]]),NarrativeReportTable[[#This Row],[Status at end of 3rd period]],IF(ISTEXT(NarrativeReportTable[[#This Row],[Status at end of 2nd period]]),NarrativeReportTable[[#This Row],[Status at end of 2nd period]],IF(ISTEXT(NarrativeReportTable[[#This Row],[Status at end of 1st period]]),NarrativeReportTable[[#This Row],[Status at end of 1st period]],"")))))
